Workbook
Name _MO2: #REF!
Name adjitemsbyregion: 'Adjusting items by region'!$A$1
Name Adjitemsbysegment: 'Adjusting items by segment'!$A$1
Name bp_s_net_production_by_country: #REF!
Name CandP: 'Customers & Products'!$A$1
Name Condensed_group_statement_of_comprehensive_income: SOCI!$B$5
Name Exploration_and_development_wells: #REF!
Name explorationanddevelopmentwells: DCF!$A$1
Name explorationanddevelopmentwells: 'Movements in reserves'!$A$1
Name explorationanddevelopmentwells: 'Oil and gas e&p activites'!$A$1
Name explorationanddevelopmentwells: #REF!
Name explorationinterests: #REF!
Name FinancialSummary: Summary!$1:$1048576
Name FinSumm: Summary!$A$1
Name FX1Q: #REF!:#REF!
Name GLCE: 'Gas & Low Carbon Energy'!$A$1
Name LNG: 'LNG projects'!$A$1
Name LNGprojects: 'LNG projects'!$A$1
Name MO0: #REF!
Name Net_debt_and_net_debt_including_leases: 'Net debt & net debt incl leases'!$B$5
Name OG: 'Oil and gas e&p activites'!$A$2
Name opcapemployed: #REF!
Name OPO: 'Oil Production & Operations'!$A$1
Name PPE: 'PP&E'!$A$1
Name QQ: #REF!
Name reservesmove: 'Movements in reserves'!$A$2
Name reservesmove: #REF!
Name SAPBEXhrIndnt: 1
Name SAPBEXrevision: 1
Name SAPBEXsysID: "DP2"
Name SAPBEXwbID: "2PQ3FIKNNFNPZ70XJ0L661080"
Name SOCI: SOCI!$B$4
Name Standardized_measure_of_discounted_future_net_cash_flows_and_changes_therein_relating_to_proved_oil_and_gas_reserves: #REF!
Name Summary: Footnotes!$A$2:$C$3
Name upstream: 'oil & gas group metrics'!$A$1
Name Year1: #REF!

Sheet Data input
A1: Select quarter | B1: Q2
A3: Q1
A4: Q2
A5: Q3
A6: Q4

Sheet Contents
B1: Financial and Operating Information 2022-2026
B5: Contents
B7: Basis of preparation
B8: Group information
B9: Summary
B10: Group income statement
B11: Statement of comprehensive income
B12: Summarized reported results
B13: Replacement cost (RC) profit
B14: Underlying RC profit
B15: Adjusting items by segment
B16: Adjusting items by geographical area
... B47: Glossary

Sheet Basis of Prep
A1: =Contents!$B$1 -> Financial and Operating Information 2022-2026
A4: Basis of preparation
A6: bp prepares its consolidated financial statements included within bp Annual Report and Form 20-F on the basis of United Kingdom adopted international accounting standards and IFRS Accounting Standards® (IFRS) as issued by the International Accounting Standards Board (IASB), IFRS as adopted by the UK and as adopted by the European Union (EU), and in accordance with the provisions of the UK Companies Act 2006 as applicable to companies reporting under international accounting standards. IFRS as adopted by the UK do not differ from IFRS as adopted by the EU. IFRS as adopted by the EU and UK differ in certain respects from IFRS as issued by the IASB. The differences have no impact on the group’s consolidated financial statements for the periods presented.
A7: The financial information presented herein has been prepared in accordance with the accounting policies expected to be used in preparing bp Annual Report and Form 20-F 2026, which are the same as those used in preparing bp Annual Report and Form 20-F 2025. There are no new or amended standards or interpretations adopted from 1 January 2026 onwards that have a material impact on the interim financial information.
A8: Investment in Rosneft Since the first quarter 2022, bp accounts for its interest in Rosneft and its other businesses with Rosneft within Russia, as financial assets measured at fair value within ‘Other investments’. It is considered by management that any measure of fair value, other than nil, would be subject to such high measurement uncertainty that no estimate would provide useful information even if it were accompanied by a description of the estimate made in producing it and an explanation of the uncertainties that affect the estimate. Accordingly, it is not currently possible to estimate any carrying value other than zero when determining the measurement of the interest in Rosneft and the other businesses with Rosneft within Russia. The total pre-tax charge for the full year to 31 December 2022 relating to bp’s investment in Rosneft and other businesses with Rosneft in Russia was $25,520 million. As a result of bp's decision to exit its shareholding in Rosneft in the first quarter 2022, the group ceased to report Rosneft as a separate segment in its financial reporting from 2022 onwards. Rosneft results from 1 January 2022 to 27 February 2022 are included within other businesses & corporate (OB&C).
A9: Change in segmentation - Archaea During the first quarter of 2025, our Archaea business has moved from the customers & products segment to the gas & low carbon energy segment. The change in segmentation is consistent with a change in the way that resources are allocated, and performance is assessed by the chief operating decision maker, who for bp is the group chief executive. Comparative information for 2024 has been restated where material to reflect the changes in reportable segments.

Sheet Summary
B1: Financial and Operating Information 2022 - 2026
B2: Group information
Z3: Contents
B5: Summary
AD7: $ million
D8: Footnotes | F8: Q1 | G8: Q2 | H8: Q3 | I8: Q4 | J8: 2022 | K8: Q1 | L8: Q2 | M8: Q3 | N8: Q4 | O8: 2023 | P8: Q1 | Q8: Q2 | R8: Q3 | S8: Q4 | T8: 2024 | U8: Q1 | V8: Q2 | W8: Q3 | X8: Q4 | Y8: 2025 | Z8: Q1 | AA8: Q2 | AB8: Q3 | AC8: Q4 | AD8: 2026
B9: Profit (loss) attributable to bp shareholders | F9: -20384 | G9: 9257 | H9: -2163 | I9: 10803 | J9: -2487 | K9: 8218 | L9: 1792 | M9: 4858 | N9: 371 | O9: 15239 | P9: 2263 | Q9: -129 | R9: 206 | S9: -1959 | T9: 381 | U9: 687 | V9: 1629 | W9: 1161 | X9: -3422 | Y9: 55 | Z9: 3842 | AA9: 3911 | AD9: 7753
B10: Inventory holding (gains) losses, net of tax | F10: -2664 | G10: -1607 | H10: 2186 | I10: 1066 | J10: -1019 | K10: 452 | L10: 549 | M10: -1212 | N10: 1155 | O10: 944 | P10: -657 | Q10: 113 | R10: 906 | S10: 7 | T10: 369 | U10: -118 | V10: 407 | W10: 62 | X10: 666 | Y10: 1017 | Z10: -3180 | AA10: 717 | AD10: -2463
B11: Replacement cost profit (loss) attributable to bp shareholders | F11: -23048 | G11: 7650 | H11: 23 | I11: 11869 | J11: -3506 | K11: 8670 | L11: 2341 | M11: 3646 | N11: 1526 | O11: 16183 | P11: 1606 | Q11: -16 | R11: 1112 | S11: -1952 | T11: 750 | U11: 569 | V11: 2036 | W11: 1223 | X11: -2756 | Y11: 1072 | Z11: 662 | AA11: 4628 | AD11: 5290
B12: Net (favourable) adverse impact of adjusting items, net of tax | F12: 29293 | G12: 801 | H12: 8127 | I12: -7062 | J12: 31159 | K12: -3707 | L12: 248 | M12: -353 | N12: 1465 | O12: -2347 | P12: 1117 | Q12: 2772 | R12: 1155 | S12: 3121 | T12: 8165 | U12: 812 | V12: 317 | W12: 987 | X12: 4297 | Y12: 6413 | Z12: 2536 | AA12: 1104 | AD12: 3640
B13: Underlying replacement cost profit (loss) attributable to bp shareholders | F13: 6245 | G13: 8451 | H13: 8150 | I13: 4807 | J13: 27653 | K13: 4963 | L13: 2589 | M13: 3293 | N13: 2991 | O13: 13836 | P13: 2723 | Q13: 2756 | R13: 2267 | S13: 1169 | T13: 8915 | U13: 1381 | V13: 2353 | W13: 2210 | X13: 1541 | Y13: 7485 | Z13: 3198 | AA13: 5732 | AD13: 8930
B15: Operating cash flow | F15: 8210 | G15: 10863 | H15: 8288 | I15: 13571 | J15: 40932 | K15: 7622 | L15: 6293 | M15: 8747 | N15: 9377 | O15: 32039 | P15: 5009 | Q15: 8100 | R15: 6761 | S15: 7427 | T15: 27297 | U15: 2834 | V15: 6271 | W15: 7786 | X15: 7602 | Y15: 24493 | Z15: 2860 | AA15: 10858 | AD15: 13718
B16: Capital expenditure | F16: 2929 | G16: 2838 | H16: 3194 | I16: 7369 | J16: 16330 | K16: 3625 | L16: 4314 | M16: 3603 | N16: 4711 | O16: 16253 | P16: 4278 | Q16: 3691 | R16: 4542 | S16: 3726 | T16: 16237 | U16: 3623 | V16: 3361 | W16: 3381 | X16: 4168 | Y16: 14533 | Z16: 3290 | AA16: 3086 | AD16: 6376
B17: Divestment and other proceeds | F17: 1181 | G17: 722 | H17: 606 | I17: 614 | J17: 3123 | K17: 800 | L17: 88 | M17: 655 | N17: 300 | O17: 1843 | P17: 413 | Q17: 760 | R17: 290 | S17: 2761 | T17: 4224 | U17: 328 | V17: 1356 | W17: 28 | X17: 3602 | Y17: 5314 | Z17: 248 | AA17: 609 | AD17: 857
B18: Net issue (repurchase) of shares | F18: -1592 | G18: -2288 | H18: -2876 | I18: -3240 | J18: -9996 | K18: -2448 | L18: -2073 | M18: -2047 | N18: -1350 | O18: -7918 | P18: -1750 | Q18: -1751 | R18: -2001 | S18: -1625 | T18: -7127 | U18: -1847 | V18: -1063 | W18: -750 | X18: -826 | Y18: -4486 | Z18: -562 | AA18: 0 | AD18: -562
B19: Net debt | F19: 27457 | G19: 22816 | H19: 22002 | I19: 21422 | J19: 21422 | K19: 21232 | L19: 23660 | M19: 22324 | N19: 20912 | O19: 20912 | P19: 24015 | Q19: 22614 | R19: 24268 | S19: 22997 | T19: 22997 | U19: 26968 | V19: 26043 | W19: 26054 | X19: 22182 | Y19: 22182 | Z19: 25309 | AA19: 22251 | AD19: 22251
B20: ROACE% | J20: 0.30524606 | O20: 0.181 | T20: 0.142 | Y20: 0.139
B21: Adjusted EBITDA | J21: 60747 | O21: 43710 | T21: 38012 | Y21: 37615
B22: Underlying operating expenditure | O22: 22633 | P22: 5511 | Q22: 5441 | R22: 5590 | S22: 5784 | T22: 22326 | U22: 5304 | V22: 5457 | W22: 5487 | X22: 5639 | Y22: 21887 | Z22: 5369 | AA22: 5333 | AD22: =SUM(Z22:AC22) -> 10702
B23: Announced dividend per ordinary share (cents per share) | F23: 5.46 | G23: 6.006 | H23: 6.006 | I23: 6.61 | J23: 24.082 | K23: 6.61 | L23: 7.27 | M23: 7.27 | N23: 7.27 | O23: 28.42 | P23: 7.27 | Q23: 8 | R23: 8 | S23: 8 | T23: 31.27 | U23: 8 | V23: 8.32 | W23: 8.32 | X23: 8.32 | Y23: 32.96 | Z23: 8.32 | AA23: 8.66 | AD23: 16.98
B24: RC profit (loss) per ordinary share (cents) | F24: -118.11 | G24: 39.45 | H24: 0.12 | I24: 65.29 | J24: -18.47 | K24: 48.46 | L24: 13.35 | M24: 21.19 | N24: 9.06 | O24: 93.21 | P24: 9.65 | Q24: -0.1 | R24: 6.81 | S24: -12.29 | T24: 4.63 | U24: 3.61 | V24: 13.01 | W24: 7.88 | X24: -17.88 | Y24: 6.87 | Z24: 4.28 | AA24: 29.39 | AD24: 33.71
B25: RC profit (loss) per ADS (dollars) | F25: -7.09 | G25: 2.37 | H25: 0.01 | I25: 3.92 | J25: -1.11 | K25: 2.91 | L25: 0.8 | M25: 1.27 | N25: 0.54 | O25: 5.59 | P25: 0.58 | Q25: -0.01 | R25: 0.41 | S25: -0.74 | T25: 0.28 | U25: 0.22 | V25: 0.78 | W25: 0.47 | X25: -1.07 | Y25: 0.41 | Z25: 0.26 | AA25: 1.76 | AD25: 2.02
B26: Underlying RC profit (loss) per ordinary share (cents) | F26: 32 | G26: 43.58 | H26: 43.15 | I26: 26.44 | J26: 145.63 | K26: 27.74 | L26: 14.77 | M26: 19.14 | N26: 17.77 | O26: 79.69 | P26: 16.24 | Q26: 16.61 | R26: 13.89 | S26: 7.36 | T26: 54.4 | U26: 8.75 | V26: 15.03 | W26: 14.24 | X26: 10 | Y26: 48.02 | Z26: 20.67 | AA26: 36.92 | AD26: 57.62
B27: Underlying RC profit (loss) per ADS (dollars) | F27: 1.92 | G27: 2.61 | H27: 2.59 | I27: 1.59 | J27: 8.74 | K27: 1.66 | L27: 0.89 | M27: 1.15 | N27: 1.07 | O27: 4.78 | P27: 0.97 | Q27: 1 | R27: 0.83 | S27: 0.44 | T27: 3.26 | U27: 0.53 | V27: 0.9 | W27: 0.85 | X27: 0.6 | Y27: 2.88 | Z27: 1.24 | AA27: 2.22 | AD27: 3.46
B30: Operating metrics
B31: Total production - total hydrocarbons (mboe/d) | F31: 3002 | G31: 2198 | H31: 2298 | I31: 2265 | J31: 3004 | K31: 2329 | L31: 2272 | M31: 2328 | N31: 2320 | O31: 2313 | P31: 2378 | Q31: 2379.4507 | R31: 2378.242 | S31: 2298.686 | T31: 2358.391 | U31: 2238.737 | V31: 2300.014 | W31: 2362.025 | X31: 2343.758 | Y31: 2311.56 | Z31: =Z32 -> 2338.826 | AA31: =IFERROR('Gas & Low Carbon Energy'!AB67+'Oil Production & Operations'!AB61," ") -> 2200.8145 | AB31: =IFERROR('Gas & Low Carbon Energy'!AC67+'Oil Production & Operations'!AC61," ") | AC31: =IFERROR('Gas & Low Carbon Energy'!AD67+'Oil Production & Operations'!AD61," ") | AD31: =AD32 -> 2269.4392
B32: upstream Production (mboe/d) | F32: 2252 | G32: 2198 | H32: 2298 | I32: 2265 | J32: 2254 | K32: 2329 | L32: 2272 | M32: 2328 | N32: 2320 | O32: 2313 | P32: 2378 | Q32: 2379.4507 | R32: 2378.242 | S32: 2298.686 | T32: 2358.391 | U32: 2238.737 | V32: 2300.014 | W32: 2362.025 | X32: 2343.758 | Y32: 2311.56 | Z32: =IF(AND('Data input'!$B$1<>"Q2",'Gas & Low Carbon Energy'!AA67="",'Oil Production & Operations'!AA61=""),"",SUM('Gas & Low Carbon Energy'!AA67,'Oil Production & Operations'!AA61)) -> 2338.826 | AA32: =IF(AND('Data input'!$B$1<>"Q2",'Gas & Low Carbon Energy'!AB67="",'Oil Production & Operations'!AB61=""),"",SUM('Gas & Low Carbon Energy'!AB67,'Oil Production & Operations'!AB61)) -> 2200.8145 | AB32: =IF(AND('Data input'!$B$1<>"Q3",'Gas & Low Carbon Energy'!AC67="",'Oil Production & Operations'!AC61=""),"",SUM('Gas & Low Carbon Energy'!AC67,'Oil Production & Operations'!AC61)) | AC32: =IF(AND('Data input'!$B$1<>"Q4",'Gas & Low Carbon Energy'!AD67="",'Oil Production & Operations'!AD61=""),"",SUM('Gas & Low Carbon Energy'!AD67,'Oil Production & Operations'!AD61)) | AD32: =IF(AND('Data input'!$B$1<>"Q2",'Gas & Low Carbon Energy'!AE67="",'Oil Production & Operations'!AE61=""),"",SUM('Gas & Low Carbon Energy'!AE67,'Oil Production & Operations'!AE61)) -> 2269.4392
B33: bp-operated upstream plant reliability* % (YTD) | F33: 96.1 | G33: 95.3 | H33: 95.8 | I33: 96 | J33: 96 | K33: 95.5 | L33: 95 | M33: 95.7 | N33: 95 | O33: 95 | P33: 94.9 | Q33: 95.5 | R33: 95.3 | S33: 95.2 | T33: 95.2 | U33: 95.4 | V33: 96.1 | W33: 96.3 | X33: 96.1 | Y33: 96.1 | Z33: 95.7 | AA33: 94.1 | AB33: =IF('oil & gas group metrics'!AB16="","",'oil & gas group metrics'!AB16) | AC33: =IF('oil & gas group metrics'!AC16="","",'oil & gas group metrics'!AC16) | AD33: =IF('oil & gas group metrics'!AD16="","",'oil & gas group metrics'!AD16) -> 94.1
B34: bp-operated upstream plant reliability* % (Discrete) | P34: 94.9 | Q34: 96.1 | R34: 95 | S34: 94.7 | U34: 95.4 | V34: 96.8 | W34: 96.8 | X34: 95.4 | Z34: 95.7 | AA34: 92.4
B35: upstream unit production costs* ($/boe) (YTD) | F35: 6.52 | G35: 6.53 | H35: 6.25 | I35: 6.07 | J35: 6.07 | K35: 5.73 | L35: 5.94 | M35: 5.88 | N35: 5.78 | O35: 5.78 | P35: 6 | Q35: 6.17 | R35: 6.25 | S35: 6.17 | T35: 6.17 | U35: 6.34 | V35: 6.58 | W35: 6.44 | X35: 6.28 | Y35: 6.28 | Z35: 6.39 | AA35: 6.5 | AD35: =IF('oil & gas group metrics'!AD15="","",'oil & gas group metrics'!AD15) -> 6.5
B36: upstream unit production costs* ($/boe) (Discrete) | P36: 6 | Q36: 6.34 | R36: 6.4 | S36: 5.93 | U36: 6.34 | V36: 6.81 | W36: 6.19 | X36: 5.82 | Z36: 6.39 | AA36: =IF('oil & gas group metrics'!AA15="","",'oil & gas group metrics'!AA15) -> 6.62 | AB36: =IF('oil & gas group metrics'!AB15="","",'oil & gas group metrics'!AB15) | AC36: =IF('oil & gas group metrics'!AC15="","",'oil & gas group metrics'!AC15)
B37: bp-operated refining availability (%) | F37: 95 | G37: 93.9 | H37: 94.3 | I37: 95 | J37: 94.5 | K37: 96.1 | L37: 95.7 | M37: 96.3 | N37: 96.1 | O37: 96.1 | P37: 90.4 | Q37: 96.4 | R37: 95.6 | S37: 94.8 | T37: 94.3 | U37: 96.2 | V37: 96.4 | W37: 96.6 | X37: 96 | Y37: 96.3 | Z37: 96.3 | AA37: 94.7 | AD37: 95.5
B38: LNG Portfolio, Mtpa | J38: 19 | O38: 23 | T38: 23 | Y38: 27

Sheet Group income statement
B1: =Summary!$B$1 -> Financial and Operating Information 2022 - 2026
B2: Group information
Z3: Contents
B5: Group income statement by quarter
AD7: $ million
D8: Footnotes | F8: Q1 | G8: Q2 | H8: Q3 | I8: Q4 | J8: 2022 | K8: Q1 | L8: Q2 | M8: Q3 | N8: Q4 | O8: 2023 | P8: Q1 | Q8: Q2 | R8: Q3 | S8: Q4 | T8: 2024 | U8: Q1 | V8: Q2 | W8: Q3 | X8: Q4 | Y8: 2025 | Z8: Q1 | AA8: Q2 | AB8: Q3 | AC8: Q4 | AD8: 2026
B9: Sales and other operating revenues | F9: 49258 | G9: 67866 | H9: 55011 | I9: 69257 | J9: 241392 | K9: 56182 | L9: 48538 | M9: 53269 | N9: 52141 | O9: 210130 | P9: 48880 | Q9: 47299 | R9: 47254 | S9: 45752 | T9: 189185 | U9: 46905 | V9: 46627 | W9: 48420 | X9: 47383 | Y9: 189335 | Z9: 52255 | AA9: 69105 | AD9: 121360
B10: Earnings from joint ventures - after interest and tax | F10: 379 | G10: 62 | H10: 498 | I10: 189 | J10: 1128 | K10: 195 | L10: 360 | M10: -198 | N10: -290 | O10: 67 | P10: 178 | Q10: 250 | R10: 406 | S10: 75 | T10: 909 | U10: 327 | V10: 241 | W10: 176 | X10: -1044 | Y10: -300 | Z10: 323 | AA10: 438 | AD10: 761
B11: Earnings from associates - after interest and tax | F11: 871 | G11: 127 | H11: 275 | I11: 129 | J11: 1402 | K11: 173 | L11: 231 | M11: 271 | N11: 156 | O11: 831 | P11: 298 | Q11: 266 | R11: 280 | S11: 240 | T11: 1084 | U11: 249 | V11: 155 | W11: 275 | X11: 239 | Y11: 918 | Z11: 353 | AA11: 145 | AD11: 498
B12: Interest and other income | F12: 194 | G12: 142 | H12: 159 | I12: 608 | J12: 1103 | K12: 248 | L12: 378 | M12: 410 | N12: 599 | O12: 1635 | P12: 381 | Q12: 414 | R12: 438 | S12: 1540 | T12: 2773 | U12: 385 | V12: 375 | W12: 397 | X12: 452 | Y12: 1609 | Z12: 338 | AA12: 411 | AD12: 749
B13: Gains on sale of businesses and fixed assets | F13: 518 | G13: 1309 | H13: 1866 | I13: 173 | J13: 3866 | K13: 153 | L13: -28 | M13: 264 | N13: -20 | O13: 369 | P13: 224 | Q13: 21 | R13: -48 | S13: 481 | T13: 678 | U13: 14 | V13: 279 | W13: -18 | X13: 712 | Y13: 987 | Z13: 102 | AA13: 15 | AD13: 117
B14: Total revenues and other income | F14: 51220 | G14: 69506 | H14: 57809 | I14: 70356 | J14: 248891 | K14: 56951 | L14: 49479 | M14: 54016 | N14: 52586 | O14: 213032 | P14: 49961 | Q14: 48250 | R14: 48330 | S14: 48088 | T14: 194629 | U14: 47880 | V14: 47677 | W14: 49250 | X14: 47742 | Y14: 192549 | Z14: 53371 | AA14: 70114 | AD14: 123485
B15: Purchases | F15: 27808 | G15: 39141 | H15: 39993 | I15: 34101 | J15: 141043 | K15: 29122 | L15: 29172 | M15: 29951 | N15: 31062 | O15: 119307 | P15: 27647 | Q15: 28891 | R15: 30139 | S15: 27264 | T15: 113941 | U15: 27720 | V15: 26875 | W15: 28031 | X15: 28014 | Y15: 110640 | Z15: 26250 | AA15: 41149 | AD15: 67399
B16: Production and manufacturing expenses | F16: 6975 | G16: 7601 | H16: 7193 | I16: 6841 | J16: 28610 | K16: 6982 | L16: 6231 | M16: 6080 | N16: 5751 | O16: 25044 | P16: 6847 | Q16: 6692 | R16: 5004 | S16: 8041 | T16: 26584 | U16: 6114 | V16: 6153 | W16: 6620 | X16: 6759 | Y16: 25646 | Z16: 8537 | AA16: 8954 | AD16: 17491
B17: Production and similar taxes | F17: 505 | G17: 624 | H17: 639 | I17: 557 | J17: 2325 | K17: 474 | L17: 404 | M17: 456 | N17: 445 | O17: 1779 | P17: 444 | Q17: 484 | R17: 469 | S17: 402 | T17: 1799 | U17: 447 | V17: 414 | W17: 431 | X17: 406 | Y17: 1698 | Z17: 429 | AA17: 629 | AD17: 1058
B18: Depreciation, depletion and amortization | F18: 3625 | G18: 3512 | H18: 3467 | I18: 3714 | J18: 14318 | K18: 3800 | L18: 3923 | M18: 4145 | N18: 4060 | O18: 15928 | P18: 4150 | Q18: 4098 | R18: 4117 | S18: 4257 | T18: 16622 | U18: 4183 | V18: 4641 | W18: 4472 | X18: 4526 | Y18: 17822 | Z18: 4410 | AA18: 4149 | AD18: 8559
B19: Impairment and losses on sale of businesses and fixed assets | F19: 26031 | G19: 445 | H19: 417 | I19: 3629 | J19: 30522 | K19: 88 | L19: 1269 | M19: 542 | N19: 3958 | O19: 5857 | P19: 737 | Q19: 1309 | R19: 1842 | S19: 3107 | T19: 6995 | U19: 503 | V19: 1157 | W19: 753 | X19: 3624 | Y19: 6037 | Z19: 589 | AA19: 1100 | AD19: 1689
B20: Exploration expense | F20: 92 | G20: 128 | H20: 225 | I20: 140 | J20: 585 | K20: 106 | L20: 293 | M20: 97 | N20: 501 | O20: 997 | P20: 247 | Q20: 179 | R20: 372 | S20: 176 | T20: 974 | U20: 103 | V20: 139 | W20: 224 | X20: 104 | Y20: 570 | Z20: 44 | AA20: 582 | AD20: 626
... B23: Finance costs | F23: -664 | G23: -556 | H23: -649 | I23: -834 | J23: -2703 | K23: -843 | L23: -920 | M23: -1039 | N23: -1038 | O23: -3840 | P23: -1075 | Q23: -1216 | R23: -1101 | S23: -1291 | T23: -4683 | U23: -1321 | V23: -1229 | W23: -1267 | X23: -1289 | Y23: -5106 | Z23: -1175 | AA23: -1175 | AD23: -2350
B24: Net finance expense relating to pensions and other
C25: post-employment benefits | F25: 20 | G25: 17 | H25: 16 | I25: 16 | J25: 69 | K25: 58 | L25: 61 | M25: 61 | N25: 61 | O25: 241 | P25: 41 | Q25: 40 | R25: 42 | S25: 45 | T25: 168 | U25: 52 | V25: 56 | W25: 55 | X25: 47 | Y25: 210 | Z25: 54 | AA25: 55 | AD25: 109
B26: Profit (loss) before taxation | F26: -17540 | G26: 14063 | H26: 1980 | I26: 16902 | J26: 15405 | K26: 11847 | L26: 3494 | M26: 7309 | N26: 1099 | O26: 23749 | P26: 4633 | Q26: 1254 | R26: 1398 | S26: -503 | T26: 6782 | U26: 3130 | V26: 2883 | W26: 3236 | X26: -1503 | Y26: 7746 | Z26: 7365 | AA26: 7821 | AD26: 15186
B27: Taxation | F27: -2530 | G27: -4527 | H27: -3964 | I27: -5741 | J27: -16762 | K27: -3425 | L27: -1541 | M27: -2240 | N27: -663 | O27: -7869 | P27: -2224 | Q27: -1184 | R27: -1028 | S27: -1117 | T27: -5553 | U27: -2148 | V27: -954 | W27: -1727 | X27: -1622 | Y27: -6451 | Z27: -3153 | AA27: -3491 | AD27: -6644
B28: Profit (loss) for the period | F28: -20070 | G28: 9536 | H28: -1984 | I28: 11161 | J28: -1357 | K28: 8422 | L28: 1953 | M28: 5069 | N28: 436 | O28: 15880 | P28: 2409 | Q28: 70 | R28: 370 | S28: -1620 | T28: 1229 | U28: 982 | V28: 1929 | W28: 1509 | X28: -3125 | Y28: 1295 | Z28: 4212 | AA28: 4330 | AD28: 8542
B30: Attributable to
C31: bp shareholders | F31: -20384 | G31: 9257 | H31: -2163 | I31: 10803 | J31: -2487 | K31: 8218 | L31: 1792 | M31: 4858 | N31: 371 | O31: 15239 | P31: 2263 | Q31: -129 | R31: 206 | S31: -1959 | T31: 381 | U31: 687 | V31: 1629 | W31: 1161 | X31: -3422 | Y31: 55 | Z31: 3842 | AA31: 3911 | AD31: 7753
C32: Non-controlling interests | F32: 314 | G32: 279 | H32: 179 | I32: 358 | J32: 1130 | K32: 204 | L32: 161 | M32: 211 | N32: 65 | O32: 641 | P32: 146 | Q32: 199 | R32: 164 | S32: 339 | T32: 848 | U32: 295 | V32: 300 | W32: 348 | X32: 297 | Y32: 1240 | Z32: 370 | AA32: 419 | AD32: 789
F33: -20070 | G33: 9536 | H33: -1984 | I33: 11161 | J33: -1357 | K33: 8422 | L33: 1953 | M33: 5069 | N33: 436 | O33: 15880 | P33: 2409 | Q33: 70 | R33: 370 | S33: -1620 | T33: 1229 | U33: 982 | V33: 1929 | W33: 1509 | X33: -3125 | Y33: 1295 | Z33: 4212 | AA33: 4330 | AD33: 8542
B35: Earnings per share
B36: Profit (loss) for the period attributable to bp shareholders
B37: Per ordinary share (cents)
C38: Basic | F38: -104.46 | G38: 47.74 | H38: -11.45 | I38: 59.43 | J38: -13.1 | K38: 45.93 | L38: 10.22 | M38: 28.24 | N38: 2.2 | O38: 87.78 | P38: 13.57 | Q38: -0.78 | R38: 1.26 | S38: -12.33 | T38: 2.38 | U38: 4.35 | V38: 10.41 | W38: 7.48 | X38: -22.21 | Y38: 0.35 | Z38: 24.83 | AA38: 24.77 | AD38: 49.6
C39: Diluted | F39: -104.46 | G39: 47.18 | H39: -11.45 | I39: 58.36 | J39: -13.1 | K39: 45.06 | L39: 10.01 | M39: 27.59 | N39: 2.15 | O39: 85.85 | P39: 13.25 | Q39: -0.78 | R39: 1.23 | S39: -12.33 | T39: 2.32 | U39: 4.27 | V39: 10.27 | W39: 7.38 | X39: -22.21 | Y39: 0.34 | Z39: 24.53 | AA39: 24.54 | AD39: 48.99
B40: Per ADS (dollars)
C41: Basic | F41: -6.27 | G41: 2.86 | H41: -0.69 | I41: 3.57 | J41: -0.79 | K41: 2.76 | L41: 0.61 | M41: 1.69 | N41: 0.13 | O41: 5.27 | P41: 0.81 | Q41: -0.05 | R41: 0.08 | S41: -0.74 | T41: 0.14 | U41: 0.26 | V41: 0.62 | W41: 0.45 | X41: -1.33 | Y41: 0.02 | Z41: 1.49 | AA41: 1.49 | AD41: 2.98
C42: Diluted | F42: -6.27 | G42: 2.83 | H42: -0.69 | I42: 3.5 | J42: -0.79 | K42: 2.7 | L42: 0.6 | M42: 1.66 | N42: 0.13 | O42: 5.15 | P42: 0.8 | Q42: -0.05 | R42: 0.07 | S42: -0.74 | T42: 0.14 | U42: 0.26 | V42: 0.62 | W42: 0.44 | X42: -1.33 | Y42: 0.02 | Z42: 1.47 | AA42: 1.47 | AD42: 2.94

Sheet SOCI
B1: =Summary!$B$1 -> Financial and Operating Information 2022 - 2026
B2: Group information
Z3: Contents
B5: Condensed group statement of comprehensive income
AD7: $ million
D8: Footnotes | F8: Q1 | G8: Q2 | H8: Q3 | I8: Q4 | J8: 2022 | K8: Q1 | L8: Q2 | M8: Q3 | N8: Q4 | O8: 2023 | P8: Q1 | Q8: Q2 | R8: Q3 | S8: Q4 | T8: 2024 | U8: Q1 | V8: Q2 | W8: Q3 | X8: Q4 | Y8: 2025 | Z8: Q1 | AA8: Q2 | AB8: Q3 | AC8: Q4 | AD8: 2026
B11: Profit (loss) for the period | F11: -20070 | G11: 9536 | H11: -1984 | I11: 11161 | J11: -1357 | K11: 8422 | L11: 1953 | M11: 5069 | N11: 436 | O11: 15880 | P11: 2409 | Q11: 70 | R11: 370 | S11: -1620 | T11: 1229 | U11: 982 | V11: 1929 | W11: 1509 | X11: -3125 | Y11: 1295 | Z11: 4212 | AA11: 4330 | AD11: 8542
B12: Other comprehensive income
B13: Items that may be reclassified subsequently to profit or loss
C14: Currency translation differences | D14: =Footnotes!B6 -> a | F14: -1749 | G14: -2454 | H14: -1725 | I14: 2142 | J14: -3786 | K14: 453 | L14: 11 | M14: -590 | N14: 711 | O14: 585 | P14: -448 | Q14: -142 | R14: 838 | S14: -1540 | T14: -1292 | U14: 819 | V14: 1323 | W14: -276 | X14: -3 | Y14: 1863 | Z14: -191 | AA14: 65 | AD14: -126
C15: Exchange (gains) losses on translation of foreign operations reclassified | D15: =Footnotes!B7 -> b
C16: to gain or loss on sale of businesses and fixed assets | F16: 10791 | G16: 0 | H16: 0 | I16: -32 | J16: 10759 | K16: 0 | L16: 0 | M16: -2 | N16: 0 | O16: -2 | P16: 0 | Q16: 0 | R16: 0 | S16: 1004 | T16: 1004 | U16: 0 | V16: 0 | W16: 22 | X16: 19 | Y16: 41 | Z16: 0 | AA16: 2 | AD16: 2
C17: Cash flow hedges and costs of hedging | F17: 222 | G17: 99 | H17: -142 | I17: 584 | J17: 763 | K17: 546 | L17: -56 | M17: -56 | N17: 125 | O17: 559 | P17: -115 | Q17: -100 | R17: -111 | S17: -209 | T17: -535 | U17: -185 | V17: 235 | W17: 134 | X17: 37 | Y17: 221 | Z17: 159 | AA17: -8 | AD17: 151
C18: Share of items relating to equity-accounted entities, net of tax | F18: 85 | G18: 59 | H18: -134 | I18: 392 | J18: 402 | K18: -203 | L18: -27 | M18: 25 | N18: 13 | O18: -192 | P18: -8 | Q18: 10 | R18: -41 | S18: 27 | T18: -12 | U18: 1 | V18: 3 | W18: -5 | X18: -3 | Y18: -4 | Z18: 7 | AA18: -1 | AD18: 6
C19: Income tax relating to items that may be reclassified | F19: -102 | G19: -70 | H19: -54 | I19: -108 | J19: -334 | K19: -76 | L19: 71 | M19: -69 | N19: 64 | O19: -10 | P19: -4 | Q19: 40 | R19: 91 | S19: -79 | T19: 48 | U19: 42 | V19: -57 | W19: -3 | X19: -4 | Y19: -22 | Z19: -14 | AA19: -15 | AD19: -29
F20: 9247 | G20: -2366 | H20: -2055 | I20: 2978 | J20: 7804 | K20: 720 | L20: -1 | M20: -692 | N20: 913 | O20: 940 | P20: -575 | Q20: -192 | R20: 777 | S20: -797 | T20: -787 | U20: 677 | V20: 1504 | W20: -128 | X20: 46 | Y20: 2099 | Z20: -39 | AA20: 43 | AD20: 4
B21: Items that will not be reclassified to profit or loss
C22: Remeasurements of the net pension and other post-employment benefit liability or asset | F22: 2128 | G22: -392 | H22: 112 | I22: -1508 | J22: 340 | K22: -87 | L22: -855 | M22: -111 | N22: -1209 | O22: -2262 | P22: -66 | Q22: -240 | R22: -51 | S22: -3 | T22: -360 | U22: 331 | V22: -214 | W22: -447 | X22: 109 | Y22: -221 | Z22: 119 | AA22: -364 | AD22: -245
C23: Remeasurements of equity investments | F23: 0 | G23: 0 | H23: 0 | I23: 0 | J23: 0 | K23: 0 | L23: 0 | M23: 0 | N23: 51 | O23: 51 | P23: -13 | Q23: -17 | R23: -8 | S23: -9 | T23: -47 | U23: -1 | V23: 2 | W23: 0 | X23: -7 | Y23: -6 | Z23: -1 | AA23: 3 | AD23: 2
C24: Share of items relating to equity-accounted entities, net of tax | F24: 0 | G24: 0 | H24: 0 | I24: 0 | J24: 0 | K24: 0 | L24: 0 | M24: 0 | N24: 0 | O24: 0 | P24: 0 | Q24: 0 | R24: 0 | S24: 0 | T24: 0 | U24: 0 | V24: 0 | W24: 0 | X24: 0 | Y24: 0 | Z24: 0 | AA24: 0 | AD24: 0
C25: Cash flow hedges that will subsequently be transferred to the balance sheet | F25: -1 | G25: -3 | H25: -1 | I25: 1 | J25: -4 | K25: 0 | L25: 0 | M25: -1 | N25: 16 | O25: 15 | P25: -3 | Q25: 0 | R25: 10 | S25: -8 | T25: -1 | U25: 2 | V25: 2 | W25: -1 | X25: 2 | Y25: 5 | Z25: 3 | AA25: 0 | AD25: 3
C26: Income tax relating to items that will not be reclassified | D26: =Footnotes!B8 -> c | F26: -668 | G26: 179 | H26: 19 | I26: 538 | J26: 68 | K26: 23 | L26: 308 | M26: 57 | N26: 357 | O26: 745 | P26: 674 | Q26: 59 | R26: 12 | S26: -11 | T26: 734 | U26: -95 | V26: 52 | W26: 126 | X26: -28 | Y26: 55 | Z26: -37 | AA26: 91 | AD26: 54
F27: 1459 | G27: -216 | H27: 130 | I27: -969 | J27: 404 | K27: -64 | L27: -547 | M27: -55 | N27: -785 | O27: -1451 | P27: 592 | Q27: -198 | R27: -37 | S27: -31 | T27: 326 | U27: 237 | V27: -158 | W27: -322 | X27: 76 | Y27: -167 | Z27: 84 | AA27: -270 | AD27: -186
B28: Other comprehensive income | F28: 10706 | G28: -2582 | H28: -1925 | I28: 2009 | J28: 8208 | K28: 656 | L28: -548 | M28: -747 | N28: 128 | O28: -511 | P28: 17 | Q28: -390 | R28: 740 | S28: -828 | T28: -461 | U28: 914 | V28: 1346 | W28: -450 | X28: 122 | Y28: 1932 | Z28: 45 | AA28: -227 | AD28: -182
B29: Total comprehensive income | F29: -9364 | G29: 6954 | H29: -3909 | I29: 13170 | J29: 6851 | K29: 9078 | L29: 1405 | M29: 4322 | N29: 564 | O29: 15369 | P29: 2426 | Q29: -320 | R29: 1110 | S29: -2448 | T29: 768 | U29: 1896 | V29: 3275 | W29: 1059 | X29: -3003 | Y29: 3227 | Z29: 4257 | AA29: 4103 | AD29: 8360
B30: Attributable to
C31: bp shareholders | F31: -9678 | G31: 6742 | H31: -4042 | I31: 12760 | J31: 5782 | K31: 8861 | L31: 1240 | M31: 4140 | N31: 461 | O31: 14702 | P31: 2303 | Q31: -520 | R31: 922 | S31: -2698 | T31: 7 | U31: 1556 | V31: 2883 | W31: 726 | X31: -3293 | Y31: 1872 | Z31: 3916 | AA31: 3700 | AD31: 7616
C32: Non-controlling interests | F32: 314 | G32: 212 | H32: 133 | I32: 410 | J32: 1069 | K32: 217 | L32: 165 | M32: 182 | N32: 103 | O32: 667 | P32: 123 | Q32: 200 | R32: 188 | S32: 250 | T32: 761 | U32: 340 | V32: 392 | W32: 333 | X32: 290 | Y32: 1355 | Z32: 341 | AA32: 403 | AD32: 744
F33: -9364 | G33: 6954 | H33: -3909 | I33: 13170 | J33: 6851 | K33: 9078 | L33: 1405 | M33: 4322 | N33: 564 | O33: 15369 | P33: 2426 | Q33: -320 | R33: 1110 | S33: -2448 | T33: 768 | U33: 1896 | V33: 3275 | W33: 1059 | X33: -3003 | Y33: 3227 | Z33: 4257 | AA33: 4103 | AD33: 8360

Sheet Summarized reported results
B1: =Summary!$B$1 -> Financial and Operating Information 2022 - 2026
B2: Group information
P3: Contents
B5: Analysis of RC profit (loss) before interest and tax
AE7: $ million
E8: Footnotes | G8: Q1 | H8: Q2 | I8: Q3 | J8: Q4 | K8: 2022 | L8: Q1 | M8: Q2 | N8: Q3 | O8: Q4 | P8: 2023 | Q8: Q1 | R8: Q2 | S8: Q3 | T8: Q4 | U8: 2024 | V8: Q1 | W8: Q2 | X8: Q3 | Y8: Q4 | Z8: 2025 | AA8: Q1 | AB8: Q2 | AC8: Q3 | AD8: Q4 | AE8: 2026
B10: RC profit (loss) before interest and tax
D11: gas & low carbon energy | E11: =Footnotes!B9 -> a | G11: -1524 | H11: 2737 | I11: -2956 | J11: 16439 | K11: 14696 | L11: 7347 | M11: 2289 | N11: 2275 | O11: 2169 | P11: 14080 | Q11: 1036 | R11: -315 | S11: 1007 | T11: 1324 | U11: 3052 | V11: 1358 | W11: 1047 | X11: 1097 | Y11: -2172 | Z11: 1330 | AA11: 1054 | AB11: 1564 | AE11: 2618
D12: oil production & operations | G12: 3831 | H12: 7237 | I12: 6965 | J12: 1688 | K12: 19721 | L12: 3317 | M12: 2568 | N12: 3427 | O12: 1879 | P12: 11191 | Q12: 3060 | R12: 3267 | S12: 1891 | T12: 2571 | U12: 10789 | V12: 2788 | W12: 1916 | X12: 2119 | Y12: 1735 | Z12: 8558 | AA12: 1655 | AB12: 3397 | AE12: 5052
D13: customers & products | E13: =Footnotes!B9 -> a | G13: 1981 | H13: 3531 | I13: 2586 | J13: 771 | K13: 8869 | L13: 2680 | M13: 555 | N13: 1549 | O13: -554 | P13: 4230 | Q13: 988 | R13: -133 | S13: 23 | T13: -1921 | U13: -1043 | V13: 103 | W13: 972 | X13: 1610 | Y13: 1415 | Z13: 4100 | AA13: 2452 | AB13: 5100 | AE13: 7552
D14: other businesses & corporate | G14: -24719 | H14: -1028 | I14: -1093 | J14: 103 | K14: -26737 | L14: -90 | M14: -297 | N14: -500 | O14: -16 | P14: -903 | Q14: -300 | R14: -180 | S14: 653 | T14: -1161 | U14: -988 | V14: -22 | W14: 645 | X14: -277 | Y14: -386 | Z14: -40 | AA14: -855 | AB14: -250 | AE14: -1105
D15: Consolidation adjustment - UPII | G15: 34 | H15: -21 | I15: -21 | J15: 147 | K15: 139 | L15: -22 | M15: -30 | N15: -57 | O15: 95 | P15: -14 | Q15: 32 | R15: -73 | S15: 65 | T15: -49 | U15: -25 | V15: 13 | W15: 30 | X15: -19 | Y15: 21 | Z15: 45 | AA15: 21 | AB15: 0 | AE15: 21
B16: RC profit (loss) before interest and tax | G16: -20397 | H16: 12456 | I16: 5481 | J16: 19148 | K16: 16688 | L16: 13232 | M16: 5085 | N16: 6694 | O16: 3573 | P16: 28584 | Q16: 4816 | R16: 2566 | S16: 3639 | T16: 764 | U16: 11785 | V16: 4240 | W16: 4610 | X16: 4530 | Y16: 613 | Z16: 13993 | AA16: 4327 | AB16: 9811 | AE16: 14138
B17: Finance costs and net finance expense relating to
D18: pensions and other post-employment benefits | G18: -644 | H18: -539 | I18: -633 | J18: -818 | K18: -2634 | L18: -785 | M18: -859 | N18: -978 | O18: -977 | P18: -3599 | Q18: -1034 | R18: -1176 | S18: -1059 | T18: -1246 | U18: -4515 | V18: -1269 | W18: -1173 | X18: -1212 | Y18: -1242 | Z18: -4896 | AA18: -1121 | AB18: -1120 | AE18: -2241
B19: RC profit (loss) before taxation | G19: -21041 | H19: 11917 | I19: 4848 | J19: 18330 | K19: 14054 | L19: 12447 | M19: 4226 | N19: 5716 | O19: 2596 | P19: 24985 | Q19: 3782 | R19: 1390 | S19: 2580 | T19: -482 | U19: 7270 | V19: 2971 | W19: 3437 | X19: 3318 | Y19: -629 | Z19: 9097 | AA19: =IF(AND(AA16="",AA18=""),"",AA16+AA18) -> 3206 | AB19: =IF(AND(AB16="",AB18=""),"",AB16+AB18) -> 8691 | AC19: =IF(AND(AC16="",AC18=""),"",AC16+AC18) | AD19: =IF(AND(AD16="",AD18=""),"",AD16+AD18) | AE19: =IF(AND(AE16="",AE18=""),"",AE16+AE18) -> 11897
B20: Taxation on a RC basis | G20: -1693 | H20: -3988 | I20: -4646 | J20: -6103 | K20: -16430 | L20: -3573 | M20: -1724 | N20: -1859 | O20: -1005 | P20: -8161 | Q20: -2030 | R20: -1207 | S20: -1304 | T20: -1131 | U20: -5672 | V20: -2107 | W20: -1101 | X20: -1747 | Y20: -1830 | Z20: -6785 | AA20: -2174 | AB20: -3644 | AE20: -5818
B21: RC profit (loss) for the period | G21: -22734 | H21: 7929 | I21: 202 | J21: 12227 | K21: -2376 | L21: 8874 | M21: 2502 | N21: 3857 | O21: 1591 | P21: 16824 | Q21: 1752 | R21: 183 | S21: 1276 | T21: -1613 | U21: 1598 | V21: 864 | W21: 2336 | X21: 1571 | Y21: -2459 | Z21: 2312 | AA21: =IF(AND(AA19="",AA20=""),"",AA19+AA20) -> 1032 | AB21: =IF(AND(AB19="",AB20=""),"",AB19+AB20) -> 5047 | AC21: =IF(AND(AC19="",AC20=""),"",AC19+AC20) | AD21: =IF(AND(AD19="",AD20=""),"",AD19+AD20) | AE21: =IF(AND(AE19="",AE20=""),"",AE19+AE20) -> 6079
B22: Attributable to
D23: bp shareholders | G23: -23048 | H23: 7650 | I23: 23 | J23: 11869 | K23: -3506 | L23: 8670 | M23: 2341 | N23: 3646 | O23: 1526 | P23: 16183 | Q23: 1606 | R23: -16 | S23: 1112 | T23: -1952 | U23: 750 | V23: 569 | W23: 2036 | X23: 1223 | Y23: -2756 | Z23: 1072 | AA23: 662 | AB23: 4628 | AE23: 5290
D24: Non-controlling interests | G24: 314 | H24: 279 | I24: 179 | J24: 358 | K24: 1130 | L24: 204 | M24: 161 | N24: 211 | O24: 65 | P24: 641 | Q24: 146 | R24: 199 | S24: 164 | T24: 339 | U24: 848 | V24: 295 | W24: 300 | X24: 348 | Y24: 297 | Z24: 1240 | AA24: 370 | AB24: 419 | AE24: 789
B25: RC profit (loss) for the period | G25: -22734 | H25: 7929 | I25: 202 | J25: 12227 | K25: -2376 | L25: 8874 | M25: 2502 | N25: 3857 | O25: 1591 | P25: 16824 | Q25: 1752 | R25: 183 | S25: 1276 | T25: -1613 | U25: 1598 | V25: 864 | W25: 2336 | X25: 1571 | Y25: -2459 | Z25: 2312 | AA25: =IF(AND(AA23="",AA24=""),"",AA23+AA24) -> 1032 | AB25: =IF(AND(AB23="",AB24=""),"",AB23+AB24) -> 5047 | AC25: =IF(AND(AC23="",AC24=""),"",AC23+AC24) | AD25: =IF(AND(AD23="",AD24=""),"",AD23+AD24) | AE25: =IF(AND(AE23="",AE24=""),"",AE23+AE24) -> 6079
B26: Earnings on RC profit (loss)
D27: per ordinary share – cents | G27: -118.11 | H27: 39.45 | I27: 0.12 | J27: 65.29 | K27: -18.47 | L27: 48.46 | M27: 13.35 | N27: 21.19 | O27: 9.06 | P27: 93.21 | Q27: 9.65 | R27: -0.1 | S27: 6.81 | T27: -12.29 | U27: 4.63 | V27: 3.61 | W27: 13.01 | X27: 7.88 | Y27: -17.88 | Z27: 6.87 | AA27: 4.28 | AB27: 29.39 | AE27: 33.71
D28: per ADS – dollars | G28: -7.09 | H28: 2.37 | I28: 0.01 | J28: 3.92 | K28: -1.11 | L28: 2.91 | M28: 0.8 | N28: 1.27 | O28: 0.54 | P28: 5.59 | Q28: 0.58 | R28: -0.01 | S28: 0.41 | T28: -0.74 | U28: 0.28 | V28: 0.22 | W28: 0.78 | X28: 0.47 | Y28: -1.07 | Z28: 0.41 | AA28: 0.26 | AB28: 1.76 | AE28: 2.02
B29: RC profit (loss) for the period | G29: -22734 | H29: 7929 | I29: 202 | J29: 12227 | K29: -2376 | L29: 8874 | M29: 2502 | N29: 3857 | O29: 1591 | P29: 16824 | Q29: 1752 | R29: 183 | S29: 1276 | T29: -1613 | U29: 1598 | V29: 864 | W29: 2336 | X29: 1571 | Y29: -2459 | Z29: 2312 | AA29: =AA25 -> 1032 | AB29: =AB25 -> 5047 | AC29: =AC25 | AD29: =AD25 | AE29: =AE25 -> 6079
B30: Inventory holding gains (losses) | G30: 3501 | H30: 2146 | I30: -2868 | J30: -1428 | K30: 1351 | L30: -600 | M30: -732 | N30: 1593 | O30: -1497 | P30: -1236 | Q30: 851 | R30: -136 | S30: -1182 | T30: -21 | U30: -488 | V30: 159 | W30: -554 | X30: -82 | Y30: -874 | Z30: -1351 | AA30: 4159 | AB30: -870 | AE30: 3289
B31: Taxation (charge) credit on inventory holding gains and losses | G31: -837 | H31: -539 | I31: 682 | J31: 362 | K31: -332 | L31: 148 | M31: 183 | N31: -381 | O31: 342 | P31: 292 | Q31: -194 | R31: 23 | S31: 276 | T31: 14 | U31: 119 | V31: -41 | W31: 147 | X31: 20 | Y31: 208 | Z31: 334 | AA31: -979 | AB31: 153 | AE31: -826
B32: Profit (loss) for the period | G32: -20070 | H32: 9536 | I32: -1984 | J32: 11161 | K32: -1357 | L32: 8422 | M32: 1953 | N32: 5069 | O32: 436 | P32: 15880 | Q32: 2409 | R32: 70 | S32: 370 | T32: -1620 | U32: 1229 | V32: 982 | W32: 1929 | X32: 1509 | Y32: -3125 | Z32: 1295 | AA32: 4212 | AB32: 4330 | AE32: 8542
B33: Earnings on profit (loss)
C34: per ordinary share – cents
D35: Basic | G35: -104.46 | H35: 47.74 | I35: -11.45 | J35: 59.43 | K35: -13.1 | L35: 45.93 | M35: 10.22 | N35: 28.24 | O35: 2.2 | P35: 87.78 | Q35: 13.57 | R35: -0.78 | S35: 1.26 | T35: -12.33 | U35: 2.38 | V35: 4.35 | W35: 10.41 | X35: 7.48 | Y35: -22.21 | Z35: 0.35 | AA35: 24.83 | AB35: 24.77 | AE35: 49.6
D36: Diluted | G36: -104.46 | H36: 47.18 | I36: -11.45 | J36: 58.36 | K36: -13.1 | L36: 45.06 | M36: 10.01 | N36: 27.59 | O36: 2.15 | P36: 85.85 | Q36: 13.25 | R36: -0.78 | S36: 1.23 | T36: -12.33 | U36: 2.32 | V36: 4.27 | W36: 10.27 | X36: 7.38 | Y36: -22.21 | Z36: 0.34 | AA36: 24.53 | AB36: 24.54 | AE36: 48.99
C37: per ADS – dollars
D38: Basic | G38: -6.27 | H38: 2.86 | I38: -0.69 | J38: 3.57 | K38: -0.79 | L38: 2.76 | M38: 0.61 | N38: 1.69 | O38: 0.13 | P38: 5.27 | Q38: 0.81 | R38: -0.05 | S38: 0.08 | T38: -0.74 | U38: 0.14 | V38: 0.26 | W38: 0.62 | X38: 0.45 | Y38: -1.33 | Z38: 0.02 | AA38: 1.49 | AB38: 1.49 | AE38: 2.98
D39: Diluted | G39: -6.27 | H39: 2.83 | I39: -0.69 | J39: 3.5 | K39: -0.79 | L39: 2.7 | M39: 0.6 | N39: 1.66 | O39: 0.13 | P39: 5.15 | Q39: 0.8 | R39: -0.05 | S39: 0.07 | T39: -0.74 | U39: 0.14 | V39: 0.26 | W39: 0.62 | X39: 0.44 | Y39: -1.33 | Z39: 0.02 | AA39: 1.47 | AB39: 1.47 | AE39: 2.94
B41: ETR on replacement cost profit or loss | G41: -0.080461955 | H41: 0.33464798 | I41: 0.95833333 | J41: 0.33295145 | K41: 1.1690622 | L41: 0.28705712 | M41: 0.40795078 | N41: 0.32522743 | O41: 0.38713405 | P41: 0.32663598 | Q41: 0.53675304 | R41: 0.86834532 | S41: 0.50542636 | T41: -2.346473 | U41: 0.78019257 | V41: 0.70918883 | W41: 0.3203375 | X41: 0.526522 | Y41: -2.90938 | Z41: 0.74585028 | AA41: =IF(AND(AA19="",AA20=""),"",-AA20/AA19) -> 0.67810356 | AB41: =IF(AND(AB19="",AB20=""),"",-AB20/AB19) -> 0.41928432 | AC41: =IF(AND(AC19="",AC20=""),"",-AC20/AC19) | AD41: =IF(AND(AD19="",AD20=""),"",-AD20/AD19) | AE41: =IF(AND(AE19="",AE20=""),"",-AE20/AE19) -> 0.48903085
B44: Analysis of underlying RC profit before interest and tax
AE46: $ million
E47: Footnote | G47: Q1 | H47: Q2 | I47: Q3 | J47: Q4 | K47: 2022 | L47: Q1 | M47: Q2 | N47: Q3 | O47: Q4 | P47: 2023 | Q47: Q1 | R47: Q2 | S47: Q3 | T47: Q4 | U47: 2024 | V47: Q1 | W47: Q2 | X47: Q3 | Y47: Q4 | Z47: 2025 | AA47: Q1 | AB47: Q2 | AC47: Q3 | AD47: Q4 | AE47: 2026
B49: Underlying RC profit (loss) before interest and tax
D50: gas & low carbon energy | G50: 3595 | H50: 3080 | I50: 6240 | J50: 3148 | K50: 16063 | L50: 3456 | M50: 2233 | N50: 1256 | O50: 1777 | P50: 8722 | Q50: 1658 | R50: 1402 | S50: 1756 | T50: 1987 | U50: 6803 | V50: 997 | W50: 1462 | X50: 1519 | Y50: 1389 | Z50: 5367 | AA50: 1336 | AB50: 2122 | AE50: 3458
D51: oil production & operations | G51: 4683 | H51: 5902 | I51: 5211 | J51: 4428 | K51: 20224 | L51: 3319 | M51: 2777 | N51: 3136 | O51: 3549 | P51: 12781 | Q51: 3125 | R51: 3094 | S51: 2794 | T51: 2924 | U51: 11937 | V51: 2895 | W51: 2262 | X51: 2299 | Y51: 1958 | Z51: 9414 | AA51: 1981 | AB51: 3581 | AE51: 5562
D52: customers & products | G52: 2156 | H52: 4006 | I52: 2725 | J52: 1902 | K52: 10789 | L52: 2759 | M52: 796 | N52: 2055 | O52: 803 | P52: 6413 | Q52: 1289 | R52: 1149 | S52: 381 | T52: -302 | U52: 2517 | V52: 677 | W52: 1533 | X52: 1716 | Y52: 1346 | Z52: 5272 | AA52: 3203 | AB52: 4954 | AE52: 8157
D53: other businesses & corporate | G53: -259 | H53: -201 | I53: -405 | J53: -306 | K53: -1171 | L53: -296 | M53: -170 | N53: -303 | O53: -97 | P53: -866 | Q53: -154 | R53: -158 | S53: 231 | T53: -527 | U53: -608 | V53: -117 | W53: -38 | X53: -189 | Y53: -304 | Z53: -648 | AA53: -272 | AB53: -345 | AE53: -617
D54: Consolidation adjustment - UPII | G54: 34 | H54: -21 | I54: -21 | J54: 147 | K54: 139 | L54: -22 | M54: -30 | N54: -57 | O54: 95 | P54: -14 | Q54: 32 | R54: -73 | S54: 65 | T54: -49 | U54: -25 | V54: 13 | W54: 30 | X54: -19 | Y54: 21 | Z54: 45 | AA54: 21 | AB54: 0 | AE54: 21
B55: Underlying RC profit before interest and tax | G55: 10209 | H55: 12766 | I55: 13750 | J55: 9319 | K55: 46044 | L55: 9216 | M55: 5606 | N55: 6087 | O55: 6127 | P55: 27036 | Q55: 5950 | R55: 5414 | S55: 5227 | T55: 4033 | U55: 20624 | V55: 4465 | W55: 5249 | X55: 5326 | Y55: 4410 | Z55: 19450 | AA55: 6269 | AB55: 10312 | AE55: 16581
B56: Finance costs and net finance expense relating to
D57: pensions and other post-employment benefits | G57: -486 | H57: -509 | I57: -565 | J57: -649 | K57: -2209 | L57: -681 | M57: -740 | N57: -882 | O57: -891 | P57: -3194 | Q57: -942 | R57: -971 | S57: -1001 | T57: -1096 | U57: -4010 | V57: -1082 | W57: -1095 | X57: -1129 | Y57: -1162 | Z57: -4468 | AA57: -1047 | AB57: -1053 | AE57: -2100
B58: Underlying RC profit before taxation | G58: 9723 | H58: 12257 | I58: 13185 | J58: 8670 | K58: 43835 | L58: 8535 | M58: 4866 | N58: 5205 | O58: 5236 | P58: 23842 | Q58: 5008 | R58: 4443 | S58: 4226 | T58: 2937 | U58: 16614 | V58: 3383 | W58: 4154 | X58: 4197 | Y58: 3248 | Z58: 14982 | AA58: =IF(AND(AA55="",AA57=""),"",AA55+AA57) -> 5222 | AB58: =IF(AND(AB55="",AB57=""),"",AB55+AB57) -> 9259 | AC58: =IF(AND(AC55="",AC57=""),"",AC55+AC57) | AD58: =IF(AND(AD55="",AD57=""),"",AD55+AD57) | AE58: =IF(AND(AE55="",AE57=""),"",AE55+AE57) -> 14481
B59: Taxation on an underlying RC basis | G59: -3164 | H59: -3527 | I59: -4856 | J59: -3505 | K59: -15052 | L59: -3368 | M59: -2116 | N59: -1701 | O59: -2180 | P59: -9365 | Q59: -2139 | R59: -1488 | S59: -1795 | T59: -1429 | U59: -6851 | V59: -1707 | W59: -1501 | X59: -1639 | Y59: -1410 | Z59: -6257 | AA59: -1654 | AB59: -3108 | AE59: -4762
B60: Underlying RC profit for the period | G60: 6559 | H60: 8730 | I60: 8329 | J60: 5165 | K60: 28783 | L60: 5167 | M60: 2750 | N60: 3504 | O60: 3056 | P60: 14477 | Q60: 2869 | R60: 2955 | S60: 2431 | T60: 1508 | U60: 9763 | V60: 1676 | W60: 2653 | X60: 2558 | Y60: 1838 | Z60: 8725 | AA60: =IF(AND(AA58="",AA59=""),"",AA58+AA59) -> 3568 | AB60: =IF(AND(AB58="",AB59=""),"",AB58+AB59) -> 6151 | AC60: =IF(AND(AC58="",AC59=""),"",AC58+AC59) | AD60: =IF(AND(AD58="",AD59=""),"",AD58+AD59) | AE60: =IF(AND(AE58="",AE59=""),"",AE58+AE59) -> 9719
B61: Attributable to
D62: bp shareholders | G62: 6245 | H62: 8451 | I62: 8150 | J62: 4807 | K62: 27653 | L62: 4963 | M62: 2589 | N62: 3293 | O62: 2991 | P62: 13836 | Q62: 2723 | R62: 2756 | S62: 2267 | T62: 1169 | U62: 8915 | V62: 1381 | W62: 2353 | X62: 2210 | Y62: 1541 | Z62: 7485 | AA62: =IF(AND(AA60="",AA63=""),"",AA60-AA63) -> 3198 | AB62: =IF(AND(AB60="",AB63=""),"",AB60-AB63) -> 5732 | AC62: =IF(AND(AC60="",AC63=""),"",AC60-AC63) | AD62: =IF(AND(AD60="",AD63=""),"",AD60-AD63) | AE62: =IF(AND(AE60="",AE63=""),"",AE60-AE63) -> 8930
D63: Non-controlling interests | G63: 314 | H63: 279 | I63: 179 | J63: 358 | K63: 1130 | L63: 204 | M63: 161 | N63: 211 | O63: 65 | P63: 641 | Q63: 146 | R63: 199 | S63: 164 | T63: 339 | U63: 848 | V63: 295 | W63: 300 | X63: 348 | Y63: 297 | Z63: 1240 | AA63: 370 | AB63: 419 | AE63: 789
B64: Underlying RC profit for the period | G64: 6559 | H64: 8730 | I64: 8329 | J64: 5165 | K64: 28783 | L64: 5167 | M64: 2750 | N64: 3504 | O64: 3056 | P64: 14477 | Q64: 2869 | R64: 2955 | S64: 2431 | T64: 1508 | U64: 9763 | V64: 1676 | W64: 2653 | X64: 2558 | Y64: 1838 | Z64: 8725 | AA64: =IF(AND(AA62="",AA63=""),"",AA62+AA63) -> 3568 | AB64: =IF(AND(AB62="",AB63=""),"",AB62+AB63) -> 6151 | AC64: =IF(AND(AC62="",AC63=""),"",AC62+AC63) | AD64: =IF(AND(AD62="",AD63=""),"",AD62+AD63) | AE64: =IF(AND(AE62="",AE63=""),"",AE62+AE63) -> 9719
B65: Earnings on underlying RC profit
D66: per ordinary share – cents | G66: 32 | H66: 43.58 | I66: 43.15 | J66: 26.44 | K66: 145.63 | L66: 27.74 | M66: 14.77 | N66: 19.14 | O66: 17.77 | P66: 79.69 | Q66: 16.24 | R66: 16.61 | S66: 13.89 | T66: 7.36 | U66: 54.4 | V66: 8.75 | W66: 15.03 | X66: 14.24 | Y66: 10 | Z66: 48.02 | AA66: 20.67 | AB66: 36.92 | AE66: 57.62
D67: per ADS – dollars | G67: 1.92 | H67: 2.61 | I67: 2.59 | J67: 1.59 | K67: 8.74 | L67: 1.66 | M67: 0.89 | N67: 1.15 | O67: 1.07 | P67: 4.78 | Q67: 0.97 | R67: 1 | S67: 0.83 | T67: 0.44 | U67: 3.26 | V67: 0.53 | W67: 0.9 | X67: 0.85 | Y67: 0.6 | Z67: 2.88 | AA67: 1.24 | AB67: 2.22 | AE67: 3.46
K68: 0 | P68: 0 | U68: 0 | Z68: 0 | AE68: =AA68 -> 0
B69: ETR on underlying replacement cost profit or loss | G69: 0.32541397 | H69: 0.28775394 | I69: 0.36829731 | J69: 0.40426759 | K69: 0.34337858 | L69: 0.39461043 | M69: 0.43485409 | N69: 0.32680115 | O69: 0.41634836 | P69: 0.39279423 | Q69: 0.42711661 | R69: 0.33490885 | S69: 0.42475154 | T69: 0.4865509 | U69: 0.41236307 | V69: 0.50458173 | W69: 0.36133847 | X69: 0.39051704 | Y69: 0.4341133 | Z69: 0.41763449 | AA69: =IF(AND(AA58="",AA59=""),"",-AA59/AA58) -> 0.31673688 | AB69: =IF(AND(AB58="",AB59=""),"",-AB59/AB58) -> 0.3356734 | AC69: =IF(AND(AC58="",AC59=""),"",-AC59/AC58) | AD69: =IF(AND(AD58="",AD59=""),"",-AD59/AD58) | AE69: =IF(AND(AE58="",AE59=""),"",-AE59/AE58) -> 0.32884469

Sheet Replacement cost profit
B1: =Summary!$B$1 -> Financial and Operating Information 2022 - 2026
B2: Group information
Z3: Contents
B5: Replacement cost profit (loss) before interest and tax by segment and geographical area
AD7: $ million
D8: Footnotes | F8: Q1 | G8: Q2 | H8: Q3 | I8: Q4 | J8: 2022 | K8: Q1 | L8: Q2 | M8: Q3 | N8: Q4 | O8: 2023 | P8: Q1 | Q8: Q2 | R8: Q3 | S8: Q4 | T8: 2024 | U8: Q1 | V8: Q2 | W8: Q3 | X8: Q4 | Y8: 2025 | Z8: Q1 | AA8: Q2 | AB8: Q3 | AC8: Q4 | AD8: 2026
B10: gas & low carbon energy
C11: US | D11: =Footnotes!B10 -> a | F11: 715 | G11: 175 | H11: 464 | I11: -1225 | J11: 129 | K11: 846 | L11: 782 | M11: -838 | N11: -114 | O11: 676 | P11: 66 | Q11: -262 | R11: 117 | S11: -980 | T11: -1059 | U11: 336 | V11: 205 | W11: -305 | X11: -1606 | Y11: -1370 | Z11: -54 | AA11: 150 | AD11: 96
C12: Non-US | F12: -2239 | G12: 2562 | H12: -3420 | I12: 17664 | J12: 14567 | K12: 6501 | L12: 1507 | M12: 3113 | N12: 2283 | O12: 13404 | P12: 970 | Q12: -53 | R12: 890 | S12: 2304 | T12: 4111 | U12: 1022 | V12: 842 | W12: 1402 | X12: -566 | Y12: 2700 | Z12: 1108 | AA12: 1414 | AD12: 2522
D13: =Footnotes!B10 -> a | F13: -1524 | G13: 2737 | H13: -2956 | I13: 16439 | J13: 14696 | K13: 7347 | L13: 2289 | M13: 2275 | N13: 2169 | O13: 14080 | P13: 1036 | Q13: -315 | R13: 1007 | S13: 1324 | T13: 3052 | U13: 1358 | V13: 1047 | W13: 1097 | X13: -2172 | Y13: 1330 | Z13: 1054 | AA13: 1564 | AD13: 2618
B14: oil production & operations
C15: US | F15: 1256 | G15: 1671 | H15: 2052 | I15: 1689 | J15: 6668 | K15: 994 | L15: 908 | M15: 1492 | N15: 870 | O15: 4264 | P15: 1252 | Q15: 1484 | R15: 990 | S15: 1539 | T15: 5265 | U15: 1236 | V15: 984 | W15: 833 | X15: 772 | Y15: 3825 | Z15: 634 | AA15: 1820 | AD15: 2454
C16: Non-US | F16: 2575 | G16: 5566 | H16: 4913 | I16: -1 | J16: 13053 | K16: 2323 | L16: 1660 | M16: 1935 | N16: 1009 | O16: 6927 | P16: 1808 | Q16: 1783 | R16: 901 | S16: 1032 | T16: 5524 | U16: 1552 | V16: 932 | W16: 1286 | X16: 963 | Y16: 4733 | Z16: 1021 | AA16: 1577 | AD16: 2598
F17: 3831 | G17: 7237 | H17: 6965 | I17: 1688 | J17: 19721 | K17: 3317 | L17: 2568 | M17: 3427 | N17: 1879 | O17: 11191 | P17: 3060 | Q17: 3267 | R17: 1891 | S17: 2571 | T17: 10789 | U17: 2788 | V17: 1916 | W17: 2119 | X17: 1735 | Y17: 8558 | Z17: 1655 | AA17: 3397 | AD17: 5052
B18: customers & products
C19: US | D19: =Footnotes!B10 -> a | F19: 515 | G19: 1805 | H19: 1541 | I19: 1194 | J19: 5055 | K19: 1378 | L19: 755 | M19: 937 | N19: 1124 | O19: 4194 | P19: 458 | Q19: 465 | R19: 182 | S19: -406 | T19: 699 | U19: 211 | V19: 531 | W19: 382 | X19: 495 | Y19: 1619 | Z19: 1104 | AA19: 2040 | AD19: 3144
C20: Non-US | F20: 1466 | G20: 1726 | H20: 1045 | I20: -423 | J20: 3814 | K20: 1302 | L20: -200 | M20: 612 | N20: -1678 | O20: 36 | P20: 530 | Q20: -598 | R20: -159 | S20: -1515 | T20: -1742 | U20: -108 | V20: 441 | W20: 1228 | X20: 920 | Y20: 2481 | Z20: 1348 | AA20: 3060 | AD20: 4408
D21: =Footnotes!B10 -> a | F21: 1981 | G21: 3531 | H21: 2586 | I21: 771 | J21: 8869 | K21: 2680 | L21: 555 | M21: 1549 | N21: -554 | O21: 4230 | P21: 988 | Q21: -133 | R21: 23 | S21: -1921 | T21: -1043 | U21: 103 | V21: 972 | W21: 1610 | X21: 1415 | Y21: 4100 | Z21: 2452 | AA21: 5100 | AD21: 7552
B22: other businesses & corporate
C23: US | F23: -171 | G23: -353 | H23: -105 | I23: -250 | J23: -879 | K23: -152 | L23: -196 | M23: -106 | N23: -750 | O23: -1204 | P23: -179 | Q23: -138 | R23: -162 | S23: -256 | T23: -735 | U23: -251 | V23: -323 | W23: -247 | X23: -581 | Y23: -1402 | Z23: -177 | AA23: -284 | AD23: -461
C24: Non-US | F24: -24548 | G24: -675 | H24: -988 | I24: 353 | J24: -25858 | K24: 62 | L24: -101 | M24: -394 | N24: 734 | O24: 301 | P24: -121 | Q24: -42 | R24: 815 | S24: -905 | T24: -253 | U24: 229 | V24: 968 | W24: -30 | X24: 195 | Y24: 1362 | Z24: -678 | AA24: 34 | AD24: -644
F25: -24719 | G25: -1028 | H25: -1093 | I25: 103 | J25: -26737 | K25: -90 | L25: -297 | M25: -500 | N25: -16 | O25: -903 | P25: -300 | Q25: -180 | R25: 653 | S25: -1161 | T25: -988 | U25: -22 | V25: 645 | W25: -277 | X25: -386 | Y25: -40 | Z25: -855 | AA25: -250 | AD25: -1105
F26: -20431 | G26: 12477 | H26: 5502 | I26: 19001 | J26: 16549 | K26: 13254 | L26: 5115 | M26: 6751 | N26: 3478 | O26: 28598 | P26: 4784 | Q26: 2639 | R26: 3574 | S26: 813 | T26: 11810 | U26: 4227 | V26: 4580 | W26: 4549 | X26: 592 | Y26: 13948 | Z26: =IF(AND(Z25="",Z21="",Z17="",Z13=""),"",Z25+Z21+Z17+Z13) -> 4306 | AA26: =IF(AND(AA25="",AA21="",AA17="",AA13=""),"",AA25+AA21+AA17+AA13) -> 9811 | AB26: =IF(AND(AB25="",AB21="",AB17="",AB13=""),"",AB25+AB21+AB17+AB13) | AC26: =IF(AND(AC25="",AC21="",AC17="",AC13=""),"",AC25+AC21+AC17+AC13) | AD26: =IF(AND(AD25="",AD21="",AD17="",AD13=""),"",AD25+AD21+AD17+AD13) -> 14117
B27: Consolidation adjustment - UPII | F27: 34 | G27: -21 | H27: -21 | I27: 147 | J27: 139 | K27: -22 | L27: -30 | M27: -57 | N27: 95 | O27: -14 | P27: 32 | Q27: -73 | R27: 65 | S27: -49 | T27: -25 | U27: 13 | V27: 30 | W27: -19 | X27: 21 | Y27: 45 | Z27: 21 | AA27: 0 | AD27: 21
B28: Replacement cost profit (loss) before interest and tax | F28: -20397 | G28: 12456 | H28: 5481 | I28: 19148 | J28: 16688 | K28: 13232 | L28: 5085 | M28: 6694 | N28: 3573 | O28: 28584 | P28: 4816 | Q28: 2566 | R28: 3639 | S28: 764 | T28: 11785 | U28: 4240 | V28: 4610 | W28: 4530 | X28: 613 | Y28: 13993 | Z28: 4327 | AA28: 9811 | AD28: 14138
J29: 0 | O29: 0 | T29: 0 | Y29: 0 | AD29: =Z29 -> 0
B30: By geographical area | J30: 0 | O30: 0 | T30: 0 | Y30: 0 | AD30: =Z30 -> 0
C31: US | F31: 2277 | G31: 3322 | H31: 3954 | I31: 1404 | J31: 10957 | K31: 3075 | L31: 2244 | M31: 1467 | N31: 1154 | O31: 7940 | P31: 1610 | Q31: 1545 | R31: 1122 | S31: -117 | T31: 4160 | U31: 1533 | V31: 1417 | W31: 632 | X31: -895 | Y31: 2687 | Z31: 1521 | AA31: 3727 | AD31: 5248
C32: Non-US | F32: -22674 | G32: 9134 | H32: 1527 | I32: 17744 | J32: 5731 | K32: 10157 | L32: 2841 | M32: 5227 | N32: 2419 | O32: 20644 | P32: 3206 | Q32: 1021 | R32: 2517 | S32: 881 | T32: 7625 | U32: 2707 | V32: 3193 | W32: 3898 | X32: 1508 | Y32: 11306 | Z32: 2806 | AA32: 6084 | AD32: 8890
B33: Replacement cost profit (loss) before interest and tax | F33: -20397 | G33: 12456 | H33: 5481 | I33: 19148 | J33: 16688 | K33: 13232 | L33: 5085 | M33: 6694 | N33: 3573 | O33: 28584 | P33: 4816 | Q33: 2566 | R33: 3639 | S33: 764 | T33: 11785 | U33: 4240 | V33: 4610 | W33: 4530 | X33: 613 | Y33: 13993 | Z33: 4327 | AA33: 9811 | AD33: 14138

Sheet Underlying RC profit
B1: =Summary!$B$1 -> Financial and Operating Information 2022 - 2026
B2: Group information
P3: Contents
B5: Underlying replacement cost profit (loss) by segment and geographical area
AE7: $ million
E8: Footnotes | G8: Q1 | H8: Q2 | I8: Q3 | J8: Q4 | K8: 2022 | L8: Q1 | M8: Q2 | N8: Q3 | O8: Q4 | P8: 2023 | Q8: Q1 | R8: Q2 | S8: Q3 | T8: Q4 | U8: 2024 | V8: Q1 | W8: Q2 | X8: Q3 | Y8: Q4 | Z8: 2025 | AA8: Q1 | AB8: Q2 | AC8: Q3 | AD8: Q4 | AE8: 2026
B9: By segment
B10: gas & low carbon energy
C11: US | G11: 652 | H11: 490 | I11: 574 | J11: -139 | K11: 1577 | L11: 466 | M11: 351 | N11: -63 | O11: 314 | P11: 1068 | Q11: 220 | R11: 78 | S11: 78 | T11: -123 | U11: 253 | V11: 232 | W11: 160 | X11: -105 | Y11: 10 | Z11: 297 | AA11: 160 | AB11: 65 | AE11: 225
C12: Non-US | G12: 2943 | H12: 2590 | I12: 5666 | J12: 3287 | K12: 14486 | L12: 2990 | M12: 1882 | N12: 1319 | O12: 1463 | P12: 7654 | Q12: 1438 | R12: 1324 | S12: 1678 | T12: 2110 | U12: 6550 | V12: 765 | W12: 1302 | X12: 1624 | Y12: 1379 | Z12: 5070 | AA12: 1176 | AB12: 2057 | AE12: 3233
B13: gas & low carbon energy URCP before taxation | G13: 3595 | H13: 3080 | I13: 6240 | J13: 3148 | K13: 16063 | L13: 3456 | M13: 2233 | N13: 1256 | O13: 1777 | P13: 8722 | Q13: 1658 | R13: 1402 | S13: 1756 | T13: 1987 | U13: 6803 | V13: 997 | W13: 1462 | X13: 1519 | Y13: 1389 | Z13: 5367 | AA13: 1336 | AB13: 2122 | AE13: 3458
C14: Taxation | G14: 1009 | H14: 717 | I14: 1478 | J14: 1163 | K14: 4367 | L14: 961 | M14: 575 | N14: 448 | O14: 746 | P14: 2730 | Q14: 518 | R14: 369 | S14: 545 | T14: 705 | U14: 2137 | V14: 471 | W14: 509 | X14: 529 | Y14: 463 | Z14: 1972 | AA14: 473 | AB14: 706 | AE14: 1179
B15: gas & low carbon energy URCP post taxation | G15: 2586 | H15: 2363 | I15: 4762 | J15: 1985 | K15: 11696 | L15: 2495 | M15: 1658 | N15: 808 | O15: 1031 | P15: 5992 | Q15: 1140 | R15: 1033 | S15: 1211 | T15: 1282 | U15: 4666 | V15: 526 | W15: 953 | X15: 990 | Y15: 926 | Z15: 3395 | AA15: 863 | AB15: 1416 | AE15: 2279
B17: oil production & operations
C18: US | G18: 1090 | H18: 1945 | I18: 1967 | J18: 1531 | K18: 6533 | L18: 995 | M18: 947 | N18: 1367 | O18: 1501 | P18: 4810 | Q18: 1262 | R18: 1319 | S18: 1072 | T18: 1201 | U18: 4854 | V18: 1254 | W18: 858 | X18: 936 | Y18: 816 | Z18: 3864 | AA18: 727 | AB18: 1818 | AE18: 2545
C19: Non-US | G19: 3593 | H19: 3957 | I19: 3244 | J19: 2897 | K19: 13691 | L19: 2324 | M19: 1830 | N19: 1769 | O19: 2048 | P19: 7971 | Q19: 1863 | R19: 1775 | S19: 1722 | T19: 1723 | U19: 7083 | V19: 1641 | W19: 1404 | X19: 1363 | Y19: 1142 | Z19: 5550 | AA19: 1254 | AB19: 1763 | AE19: 3017
B20: oil production & operations URCP before taxation | G20: 4683 | H20: 5902 | I20: 5211 | J20: 4428 | K20: 20224 | L20: 3319 | M20: 2777 | N20: 3136 | O20: 3549 | P20: 12781 | Q20: 3125 | R20: 3094 | S20: 2794 | T20: 2924 | U20: 11937 | V20: 2895 | W20: 2262 | X20: 2299 | Y20: 1958 | Z20: 9414 | AA20: 1981 | AB20: 3581 | AE20: 5562
C21: Taxation | G21: 1912 | H21: 2295 | I21: 2921 | J21: 2015 | K21: 9143 | L21: 1766 | M21: 1413 | N21: 1386 | O21: 1433 | P21: 5998 | Q21: 1509 | R21: 1171 | S21: 1259 | T21: 1226 | U21: 5165 | V21: 1375 | W21: 1062 | X21: 1054 | Y21: 918 | Z21: 4409 | AA21: 854 | AB21: 1659 | AE21: 2513
B22: oil production & operations URCP post taxation | G22: 2771 | H22: 3607 | I22: 2290 | J22: 2413 | K22: 11081 | L22: 1553 | M22: 1364 | N22: 1750 | O22: 2116 | P22: 6783 | Q22: 1616 | R22: 1923 | S22: 1535 | T22: 1698 | U22: 6772 | V22: 1520 | W22: 1200 | X22: 1245 | Y22: 1040 | Z22: 5005 | AA22: 1127 | AB22: 1922 | AE22: 3049
B24: customers & products
C25: US | G25: 589 | H25: 1873 | I25: 1448 | J25: 994 | K25: 4904 | L25: 1546 | M25: 869 | N25: 1020 | O25: 1119 | P25: 4554 | Q25: 613 | R25: 438 | S25: 276 | T25: -258 | U25: 1069 | V25: 269 | W25: 539 | X25: 457 | Y25: 452 | Z25: 1717 | AA25: 1410 | AB25: 1731 | AE25: 3141
C26: Non-US | G26: 1567 | H26: 2133 | I26: 1277 | J26: 908 | K26: 5885 | L26: 1213 | M26: -73 | N26: 1035 | O26: -316 | P26: 1859 | Q26: 676 | R26: 711 | S26: 105 | T26: -44 | U26: 1448 | V26: 408 | W26: 994 | X26: 1259 | Y26: 894 | Z26: 3555 | AA26: 1793 | AB26: 3223 | AE26: 5016
B27: customers & products URCP before taxation | G27: 2156 | H27: 4006 | I27: 2725 | J27: 1902 | K27: 10789 | L27: 2759 | M27: 796 | N27: 2055 | O27: 803 | P27: 6413 | Q27: 1289 | R27: 1149 | S27: 381 | T27: -302 | U27: 2517 | V27: 677 | W27: 1533 | X27: 1716 | Y27: 1346 | Z27: 5272 | AA27: 3203 | AB27: 4954 | AE27: 8157
C28: Taxation | G28: 400 | H28: 783 | I28: 725 | J28: 400 | K28: 2308 | L28: 777 | M28: 271 | N28: 167 | O28: 239 | P28: 1454 | Q28: 333 | R28: 125 | S28: 67 | T28: -73 | U28: 452 | V28: 76 | W28: 251 | X28: 360 | Y28: 379 | Z28: 1066 | AA28: 646 | AB28: 1034 | AE28: 1680
B29: customers & products URCP post taxation | G29: 1756 | H29: 3223 | I29: 2000 | J29: 1502 | K29: 8481 | L29: 1982 | M29: 525 | N29: 1888 | O29: 564 | P29: 4959 | Q29: 956 | R29: 1024 | S29: 314 | T29: -229 | U29: 2065 | V29: 601 | W29: 1282 | X29: 1356 | Y29: 967 | Z29: 4206 | AA29: 2557 | AB29: 3920 | AE29: 6477
B31: other businesses & corporate
C32: US | G32: -149 | H32: -242 | I32: -152 | J32: -155 | K32: -698 | L32: -128 | M32: -147 | N32: -66 | O32: -228 | P32: -569 | Q32: -160 | R32: -147 | S32: -136 | T32: -144 | U32: -587 | V32: -153 | W32: -239 | X32: -190 | Y32: -395 | Z32: -977 | AA32: -171 | AB32: -263 | AE32: -434
C33: Non-US | G33: -110 | H33: 41 | I33: -253 | J33: -151 | K33: -473 | L33: -168 | M33: -23 | N33: -237 | O33: 131 | P33: -297 | Q33: 6 | R33: -11 | S33: 367 | T33: -383 | U33: -21 | V33: 36 | W33: 201 | X33: 1 | Y33: 91 | Z33: 329 | AA33: -101 | AB33: -82 | AE33: -183
B34: other businesses & corporate URCP before taxation | G34: -259 | H34: -201 | I34: -405 | J34: -306 | K34: -1171 | L34: -296 | M34: -170 | N34: -303 | O34: -97 | P34: -866 | Q34: -154 | R34: -158 | S34: 231 | T34: -527 | U34: -608 | V34: -117 | W34: -38 | X34: -189 | Y34: -304 | Z34: -648 | AA34: -272 | AB34: -345 | AE34: -617
C35: Taxation | G35: -23 | H35: -167 | I35: -206 | J35: -43 | K35: -439 | L35: -29 | M35: -10 | N35: -162 | O35: -121 | P35: -322 | Q35: -99 | R35: -3 | S35: 64 | T35: -254 | U35: -292 | V35: -33 | W35: -109 | X35: -106 | Y35: -151 | Z35: -399 | AA35: -124 | AB35: -91 | AE35: -215
B36: other businesses & corporate URCP post taxation | G36: -236 | H36: -34 | I36: -199 | J36: -263 | K36: -732 | L36: -267 | M36: -160 | N36: -141 | O36: 24 | P36: -544 | Q36: -55 | R36: -155 | S36: 167 | T36: -273 | U36: -316 | V36: -84 | W36: 71 | X36: -83 | Y36: -153 | Z36: -249 | AA36: -148 | AB36: -254 | AE36: -402
B38: Consolidation adjustment - UPII | G38: 34 | H38: -21 | I38: -21 | J38: 147 | K38: 139 | L38: -22 | M38: -30 | N38: -57 | O38: 95 | P38: -14 | Q38: 32 | R38: -73 | S38: 65 | T38: -49 | U38: -25 | V38: 13 | W38: 30 | X38: -19 | Y38: 21 | Z38: 45 | AA38: 21 | AB38: 0 | AE38: 21
B39: Underlying replacement cost profit before interest and tax | G39: 10209 | H39: 12766 | I39: 13750 | J39: 9319 | K39: 46044 | L39: 9216 | M39: 5606 | N39: 6087 | O39: 6127 | P39: 27036 | Q39: 5950 | R39: 5414 | S39: 5227 | T39: 4033 | U39: 20624 | V39: 4465 | W39: 5249 | X39: 5326 | Y39: 4410 | Z39: 19450 | AA39: =IF(AND(AA13="",AA20="",AA27="",AA34="",AA38=""),"",AA13+AA20+AA27+AA34+AA38) -> 6269 | AB39: =IF(AND(AB13="",AB20="",AB27="",AB34="",AB38=""),"",AB13+AB20+AB27+AB34+AB38) -> 10312 | AC39: =IF(AND(AC13="",AC20="",AC27="",AC34="",AC38=""),"",AC13+AC20+AC27+AC34+AC38) | AD39: =IF(AND(AD13="",AD20="",AD27="",AD34="",AD38=""),"",AD13+AD20+AD27+AD34+AD38) | AE39: =IF(AND(AE13="",AE20="",AE27="",AE34="",AE38=""),"",AE13+AE20+AE27+AE34+AE38) -> 16581
B40: By geographical area
C41: US | G41: 2144.312 | H41: 4090.4369 | I41: 3837.2511 | J41: 2228 | K41: 12300 | L41: 2889 | M41: 2014 | N41: 2240 | O41: 2729 | P41: 9872 | Q41: 1949 | R41: 1682 | S41: 1284 | T41: 665 | U41: 5580 | V41: 1602 | W41: 1339 | X41: 1067 | Y41: 907 | Z41: 4915 | AA41: 2141 | AB41: 3351 | AE41: 5492
C42: Non-US | G42: 8064.2928 | H42: 8675.6498 | I42: 9913.0574 | J42: 7091 | K42: 33744 | L42: 6326 | M42: 3593 | N42: 3847 | O42: 3398 | P42: 17164 | Q42: 4001 | R42: 3732 | S42: 3943 | T42: 3368 | U42: 15044 | V42: 2863 | W42: 3911 | X42: 4259 | Y42: 3502 | Z42: 14535 | AA42: 4128 | AB42: 6961 | AE42: 11089
B43: Underlying replacement cost profit before interest and tax | G43: 10208.605 | H43: 12766.087 | I43: 13750.309 | J43: 9319 | K43: 46044 | L43: 9215 | M43: 5607 | N43: 6087 | O43: 6127 | P43: 27036 | Q43: 5950 | R43: 5414 | S43: 5227 | T43: 4033 | U43: 20624 | V43: 4465 | W43: 5250 | X43: 5326 | Y43: 4409 | Z43: 19450 | AA43: 6269 | AB43: 10312 | AE43: 16581

Sheet Adjusting items by segment
B1: =Summary!$B$1 -> Financial and Operating Information 2022 - 2026
B2: Group information
Z3: Contents
B5: Adjusting items
B6: Note: combines the previously separately disclosed items 'Non-operating items' and 'Fair value accounting effects'.
AD7: $ million
D8: Footnotes | F8: Q1 | G8: Q2 | H8: Q3 | I8: Q4 | J8: 2022 | K8: Q1 | L8: Q2 | M8: Q3 | N8: Q4 | O8: 2023 | P8: Q1 | Q8: Q2 | R8: Q3 | S8: Q4 | T8: 2024 | U8: Q1 | V8: Q2 | W8: Q3 | X8: Q4 | Y8: 2025 | Z8: Q1 | AA8: Q2 | AB8: Q3 | AC8: Q4 | AD8: 2026
B9: gas & low carbon energy
C10: Gains on sale of businesses and fixed assets | D10: =Footnotes!B11 -> a | F10: 9 | G10: 0 | H10: 3 | I10: 33 | J10: 45 | K10: 15 | L10: 1 | M10: 0 | N10: 3 | O10: 19 | P10: 2 | Q10: 8 | R10: 19 | S10: 268 | T10: 297 | U10: -1 | V10: 69 | W10: 0 | X10: 190 | Y10: 258 | Z10: 1 | AA10: 7 | AD10: 8
C11: Net impairment and losses on sale of businesses and fixed assets | D11: =Footnotes!B12&","&Footnotes!B24 -> b,n | F11: -252 | G11: -265 | H11: -6 | I11: 1111 | J11: 588 | K11: -2 | L11: -1058 | M11: -224 | N11: -937 | O11: -2221 | P11: -536 | Q11: -590 | R11: -772 | S11: -1623 | T11: -3521 | U11: -366 | V11: -439 | W11: -489 | X11: -3154 | Y11: -4448 | Z11: -56 | AA11: -687 | AD11: -743
C12: Environmental and other provisions | F12: 0 | G12: 0 | H12: 0 | I12: 0 | J12: 0 | K12: 0 | L12: 0 | M12: 0 | N12: 0 | O12: 0 | P12: 0 | Q12: 0 | R12: 0 | S12: 0 | T12: 0 | U12: 0 | V12: 0 | W12: 0 | X12: 0 | Y12: 0 | Z12: 0 | AA12: 0 | AD12: 0
C13: Restructuring, integration and rationalization costs | F13: 4 | G13: 1 | H13: 0 | I13: 3 | J13: 8 | K13: 0 | L13: 1 | M13: -1 | N13: 0 | O13: 0 | P13: 0 | Q13: 0 | R13: -24 | S13: -1 | T13: -25 | U13: -14 | V13: 3 | W13: 8 | X13: 1 | Y13: -2 | Z13: -13 | AA13: -9 | AD13: -22
C14: Fair value accounting effects | D14: =Footnotes!B13 -> c | F14: -5015 | G14: -74 | H14: -9224 | I14: 12502 | J14: -1811 | K14: 3934 | L14: 1222 | M14: 1816 | N14: 1887 | O14: 8859 | P14: 113 | Q14: -1011 | R14: -275 | S14: -377 | T14: -1550 | U14: 668 | V14: 18 | W14: 131 | X14: 453 | Y14: 1270 | Z14: -273 | AA14: 205 | AD14: -68
C15: Other | D15: =Footnotes!B14 -> d | F15: 135 | G15: -5 | H15: 31 | I15: -358 | J15: -197 | K15: -56 | L15: -110 | M15: -572 | N15: -561 | O15: -1299 | P15: -201 | Q15: -124 | R15: 303 | S15: 1070 | T15: 1048 | U15: 74 | V15: -66 | W15: -72 | X15: -1051 | Y15: -1115 | Z15: 59 | AA15: -74 | AD15: -15
F16: -5119 | G16: -343 | H16: -9196 | I16: 13291 | J16: -1367 | K16: 3891 | L16: 56 | M16: 1019 | N16: 392 | O16: 5358 | P16: -622 | Q16: -1717 | R16: -749 | S16: -663 | T16: -3751 | U16: 361 | V16: -415 | W16: -422 | X16: -3561 | Y16: -4037 | Z16: -282 | AA16: -558 | AD16: -840
B17: oil production & operations
C18: Gains on sale of businesses and fixed assets | D18: =Footnotes!B11 -> a | F18: 249 | G18: 1278 | H18: 1851 | I18: 68 | J18: 3446 | K18: 137 | L18: -31 | M18: 246 | N18: -55 | O18: 297 | P18: 184 | Q18: 7 | R18: -82 | S18: 35 | T18: 144 | U18: 9 | V18: 196 | W18: -29 | X18: 231 | Y18: 407 | Z18: 67 | AA18: 5 | AD18: 72
C19: Net impairment and losses on sale of businesses and fixed assets | D19: =Footnotes!B12 -> b | F19: -1204 | G19: 268 | H19: -326 | I19: -3246 | J19: -4508 | K19: 8 | L19: -140 | M19: -52 | N19: -1635 | O19: -1819 | P19: -120 | Q19: -29 | R19: -770 | S19: 129 | T19: -790 | U19: -15 | V19: -330 | W19: 10 | X19: -217 | Y19: -552 | Z19: -155 | AA19: -108 | AD19: -263
C20: Environmental and other provisions | D20: =Footnotes!B15 -> e | F20: 58 | G20: -204 | H20: 244 | I20: 420 | J20: 518 | K20: -49 | L20: -44 | M20: 99 | N20: 48 | O20: 54 | P20: -77 | Q20: 195 | R20: -53 | S20: -60 | T20: 5 | U20: -31 | V20: -55 | W20: -145 | X20: -37 | Y20: -268 | Z20: -170 | AA20: -42 | AD20: -212
C21: Restructuring, integration and rationalization costs | F21: -10 | G21: -7 | H21: 3 | I21: 3 | J21: -11 | K21: 0 | L21: -1 | M21: 0 | N21: 0 | O21: -1 | P21: 0 | Q21: 0 | R21: -1 | S21: -14 | T21: -15 | U21: -41 | V21: -46 | W21: 9 | X21: 11 | Y21: -67 | Z21: -66 | AA21: -9 | AD21: -75
C22: Fair value accounting effects | F22: 0 | G22: 0 | H22: 0 | I22: 0 | J22: 0 | K22: 0 | L22: 0 | M22: 0 | N22: 0 | O22: 0 | P22: 0 | Q22: 0 | R22: 0 | S22: 0 | T22: 0 | U22: 0 | V22: 0 | W22: 0 | X22: 0 | Y22: 0 | Z22: 0 | AA22: 0 | AD22: 0
C23: Other | D23: =Footnotes!B14 -> d | F23: 55 | G23: 0 | H23: -18 | I23: 15 | J23: 52 | K23: -98 | L23: 7 | M23: -2 | N23: -28 | O23: -121 | P23: -52 | Q23: 0 | R23: 3 | S23: -443 | T23: -492 | U23: -29 | V23: -111 | W23: -25 | X23: -211 | Y23: -376 | Z23: -2 | AA23: -30 | AD23: -32
F24: -852 | G24: 1335 | H24: 1754 | I24: -2740 | J24: -503 | K24: -2 | L24: -209 | M24: 291 | N24: -1670 | O24: -1590 | P24: -65 | Q24: 173 | R24: -903 | S24: -353 | T24: -1148 | U24: -107 | V24: -346 | W24: -180 | X24: -223 | Y24: -856 | Z24: -326 | AA24: -184 | AD24: -510
B25: customers & products
C26: Gains on sale of businesses and fixed assets | F26: 261 | G26: 31 | H26: 10 | I26: 72 | J26: 374 | K26: 1 | L26: 2 | M26: 18 | N26: 23 | O26: 44 | P26: 5 | Q26: 4 | R26: 12 | S26: 169 | T26: 190 | U26: 3 | V26: 16 | W26: 10 | X26: 288 | Y26: 317 | Z26: 33 | AA26: 4 | AD26: 37
C27: Net impairment and losses on sale of businesses and fixed assets | D27: =Footnotes!B12&","&Footnotes!B24 -> b,n | F27: -13 | G27: -434 | H27: -85 | I27: -1451 | J27: -1983 | K27: -83 | L27: -36 | M27: -242 | N27: -1396 | O27: -1757 | P27: -96 | Q27: -678 | R27: -295 | S27: -1531 | T27: -2600 | U27: -114 | V27: -389 | W27: -274 | X27: -253 | Y27: -1030 | Z27: -134 | AA27: -306 | AD27: -440
C28: Environmental and other provisions | F28: 0 | G28: -35 | H28: -1 | I28: -65 | J28: -101 | K28: -10 | L28: -1 | M28: 0 | N28: -86 | O28: -97 | P28: 0 | Q28: 7 | R28: -4 | S28: -102 | T28: -99 | U28: 0 | V28: -1 | W28: -1 | X28: -66 | Y28: -68 | Z28: -3 | AA28: 0 | AD28: -3
C29: Restructuring, integration and rationalization costs | F29: 1 | G29: 9 | H29: -4 | I29: 12 | J29: 18 | K29: -2 | L29: 1 | M29: 1 | N29: 0 | O29: 0 | P29: 1 | Q29: 0 | R29: -39 | S29: -85 | T29: -123 | U29: -91 | V29: -86 | W29: -17 | X29: -47 | Y29: -241 | Z29: -60 | AA29: -40 | AD29: -100
C30: Fair value accounting effects | F30: -377 | G30: -62 | H30: -59 | I30: 189 | J30: -309 | K30: 77 | L30: -109 | M30: -198 | N30: 144 | O30: -86 | P30: -144 | Q30: 25 | R30: 157 | S30: -119 | T30: -81 | U30: -82 | V30: -201 | W30: 42 | X30: 34 | Y30: -207 | Z30: -593 | AA30: 641 | AD30: 48
C31: Other | D31: =Footnotes!B16 -> f | F31: -47 | G31: 16 | H31: 0 | I31: 112 | J31: 81 | K31: -62 | L31: -98 | M31: -85 | N31: -42 | O31: -287 | P31: -67 | Q31: -640 | R31: -189 | S31: 49 | T31: -847 | U31: -290 | V31: 100 | W31: 134 | X31: 113 | Y31: 57 | Z31: 6 | AA31: -153 | AD31: -147
F32: -175 | G32: -475 | H32: -139 | I32: -1131 | J32: -1920 | K32: -79 | L32: -241 | M32: -506 | N32: -1357 | O32: -2183 | P32: -301 | Q32: -1282 | R32: -358 | S32: -1619 | T32: -3560 | U32: -574 | V32: -561 | W32: -106 | X32: 69 | Y32: -1172 | Z32: -751 | AA32: 146 | AD32: -605
B33: Rosneft
C34: Other | D34: =Footnotes!B17 -> g | F34: -24033 | G34: 0 | H34: 0 | I34: 0 | J34: -24033 | K34: 0 | L34: 0 | M34: 0 | N34: 0 | O34: 0 | P34: 0 | Q34: 0 | R34: 0 | S34: 0 | T34: 0 | U34: 0 | V34: 0 | W34: 0 | X34: 0 | Y34: 0
F35: -24033 | G35: 0 | H35: 0 | I35: 0 | J35: -24033 | K35: 0 | L35: 0 | M35: 0 | N35: 0 | O35: 0 | P35: 0 | Q35: 0 | R35: 0 | S35: 0 | T35: 0 | U35: 0 | V35: 0 | W35: 0 | X35: 0 | Y35: 0
B36: other businesses & corporate
C37: Gains on sale of businesses and fixed assets | F37: -1 | G37: 0 | H37: 1 | I37: 1 | J37: 1 | K37: 0 | L37: 0 | M37: 0 | N37: 1 | O37: 1 | P37: 32 | Q37: 0 | R37: 3 | S37: 4 | T37: 39 | U37: 0 | V37: 0 | W37: 2 | X37: 3 | Y37: 5 | Z37: 1 | AA37: 0 | AD37: 1
C38: Net impairment and losses on sale of businesses and fixed assets | F38: -1 | G38: -15 | H38: 0 | I38: -1 | J38: -17 | K38: -6 | L38: -31 | M38: -23 | N38: 19 | O38: -41 | P38: 26 | Q38: -11 | R38: -6 | S38: -28 | T38: -19 | U38: -5 | V38: 0 | W38: 0 | X38: 0 | Y38: -5 | Z38: -244 | AA38: 1 | AD38: -243
C39: Environmental and other provisions | D39: =Footnotes!B23 -> m | F39: -3 | G39: -89 | H39: 67 | I39: -67 | J39: -92 | K39: -14 | L39: -17 | M39: -8 | N39: -565 | O39: -604 | P39: -9 | Q39: 28 | R39: -8 | S39: -98 | T39: -87 | U39: -72 | V39: -18 | W39: -48 | X39: -182 | Y39: -320 | Z39: 0 | AA39: -21 | AD39: -21
C40: Restructuring, integration and rationalization costs | F40: 13 | G40: -3 | H40: 6 | I40: 3 | J40: 19 | K40: -10 | L40: 0 | M40: -3 | N40: 51 | O40: 38 | P40: 11 | Q40: 1 | R40: -50 | S40: -21 | T40: -59 | U40: -198 | V40: -39 | W40: -8 | X40: 35 | Y40: -210 | Z40: -110 | AA40: -5 | AD40: -115
C41: Gulf of America oil spill | D41: =Footnotes!B18 -> h | F41: -19 | G41: -21 | H41: -21 | I41: -23 | J41: -84 | K41: -9 | L41: -18 | M41: -19 | N41: -11 | O41: -57 | P41: -11 | Q41: -8 | R41: -20 | S41: -12 | T41: -51 | U41: -9 | V41: -9 | W41: -9 | X41: -4 | Y41: -31 | Z41: -4 | AA41: 0 | AD41: -4
C42: Fair value accounting effects | F42: -425 | G42: -686 | H42: -785 | I42: 515 | J42: -1381 | K42: 245 | L42: -48 | M42: -146 | N42: 579 | O42: 630 | P42: -193 | Q42: -29 | R42: 494 | S42: -493 | T42: -221 | U42: 369 | V42: 740 | W42: -13 | X42: 61 | Y42: 1157 | Z42: -218 | AA42: 114 | AD42: -104
C43: Other | D43: =Footnotes!B16 -> f | F43: 9 | G43: -13 | H43: 44 | I43: -19 | J43: 21 | K43: 0 | L43: -13 | M43: 2 | N43: 7 | O43: -4 | P43: -2 | Q43: -3 | R43: 9 | S43: 14 | T43: 18 | U43: 10 | V43: 9 | W43: -12 | X43: 5 | Y43: 12 | Z43: -8 | AA43: 6 | AD43: -2
F44: -24460 | G44: -827 | H44: -688 | I44: 409 | J44: -25566 | K44: 206 | L44: -127 | M44: -197 | N44: 81 | O44: -37 | P44: -146 | Q44: -22 | R44: 422 | S44: -634 | T44: -380 | U44: 95 | V44: 683 | W44: -88 | X44: -82 | Y44: 608 | Z44: -583 | AA44: 95 | AD44: -488
B45: Total before interest and taxation | F45: -30606 | G45: -310 | H45: -8269 | I45: 9829 | J45: -29356 | K45: 4016 | L45: -521 | M45: 607 | N45: -2554 | O45: 1548 | P45: -1134 | Q45: -2848 | R45: -1588 | S45: -3269 | T45: -8839 | U45: -225 | V45: -639 | W45: -796 | X45: -3797 | Y45: -5457 | Z45: -1942 | AA45: -501 | AD45: -2443
B46: Finance costs | D46: =Footnotes!B16&","&Footnotes!B18&","&Footnotes!B19 -> f,h,i | F46: -158 | G46: -30 | H46: -68 | I46: -169 | J46: -425 | K46: -104 | L46: -119 | M46: -96 | N46: -86 | O46: -405 | P46: -92 | Q46: -205 | R46: -58 | S46: -150 | T46: -505 | U46: -187 | V46: -78 | W46: -83 | X46: -80 | Y46: -428 | Z46: -74 | AA46: -67 | AD46: -141
B47: Total before taxation | F47: -30764 | G47: -340 | H47: -8337 | I47: 9660 | J47: -29781 | K47: 3912 | L47: -640 | M47: 511 | N47: -2640 | O47: 1143 | P47: -1226 | Q47: -3053 | R47: -1646 | S47: -3419 | T47: -9344 | U47: -412 | V47: -717 | W47: -879 | X47: -3877 | Y47: -5885 | Z47: -2016 | AA47: -568 | AD47: -2584
B48: Taxation credit (charge) on adjusting items | D48: =Footnotes!B20&","&Footnotes!B25 -> j,o | F48: 1499 | G48: -312 | H48: 1092 | I48: -1552 | J48: 727 | K48: -221 | L48: 164 | M48: -125 | N48: 1154 | O48: 972 | P48: 132 | Q48: 578 | R48: 529 | S48: 347 | T48: 1586 | U48: 134 | V48: 361 | W48: 150 | X48: -416 | Y48: 229 | Z48: -506 | AA48: -434 | AD48: -940
B49: Taxation - impact of foreign exchange | D49: =Footnotes!B20 -> j | F49: -28 | G49: -149 | H49: -104 | I49: 10 | J49: -271 | K49: 16 | L49: -4 | M49: -33 | N49: 21 | O49: 0 | P49: -23 | Q49: 7 | R49: 6 | S49: -81 | T49: -91 | U49: 5 | V49: 39 | W49: -25 | X49: -2 | Y49: 17 | Z49: -14 | AA49: -5 | AD49: =Z49+AA49 -> -19
B50: Taxation – Tax rate change effect | D50: =Footnotes!B21 -> k | F50: 0 | G50: 0 | H50: -778 | I50: -1056 | J50: -1834 | K50: 0 | L50: 232 | M50: 0 | N50: 0 | O50: 232 | P50: 0 | Q50: -304 | R50: -44 | S50: 32 | T50: -316 | U50: -539 | V50: 0 | W50: -233 | X50: -2 | Y50: -774 | Z50: 0 | AA50: -97 | AD50: -97
B51: Total taxation on adjusting items | F51: 1471 | G51: -461 | H51: 210 | I51: -2598 | J51: -1378 | K51: -205 | L51: 392 | M51: -158 | N51: 1175 | O51: 1204 | P51: 109 | Q51: 281 | R51: 491 | S51: 298 | T51: 1179 | U51: -400 | V51: 400 | W51: -108 | X51: -420 | Y51: -528 | Z51: -520 | AA51: -536 | AD51: -1056
B52: Total after taxation for period | D52: =Footnotes!B22 -> l | F52: -29293 | G52: -801 | H52: -8127 | I52: 7062 | J52: -31159 | K52: 3707 | L52: -248 | M52: 353 | N52: -1465 | O52: 2347 | P52: -1117 | Q52: -2772 | R52: -1155 | S52: -3121 | T52: -8165 | U52: -812 | V52: -317 | W52: -987 | X52: -4297 | Y52: -6413 | Z52: -2536 | AA52: -1104 | AD52: -3640

Sheet Adjusting items by region
B1: =Summary!$B$1 -> Financial and Operating Information 2022 - 2026
B2: Group information
Z3: Contents
B5: Adjusting items by geographical area
AD7: $ million
D8: Footnotes | F8: Q1 | G8: Q2 | H8: Q3 | I8: Q4 | J8: 2022 | K8: Q1 | L8: Q2 | M8: Q3 | N8: Q4 | O8: 2023 | P8: Q1 | Q8: Q2 | R8: Q3 | S8: Q4 | T8: 2024 | U8: Q1 | V8: Q2 | W8: Q3 | X8: Q4 | Y8: 2025 | Z8: Q1 | AA8: Q2 | AB8: Q3 | AC8: Q4 | AD8: 2026
B9: gas & low carbon energy
C10: US | D10: =Footnotes!B26 -> a | F10: 63 | G10: -315 | H10: -110 | I10: -1086 | J10: -1448 | K10: 380 | L10: 431 | M10: -775 | N10: -428 | O10: -392 | P10: -154 | Q10: -340 | R10: 39 | S10: -857 | T10: -1312 | U10: 104 | V10: 45 | W10: -200 | X10: -1616 | Y10: -1667 | Z10: -214 | AA10: 85 | AD10: -129
C11: Non-US | F11: -5182 | G11: -28 | H11: -9086 | I11: 14377 | J11: 81 | K11: 3511 | L11: -375 | M11: 1794 | N11: 820 | O11: 5750 | P11: -468 | Q11: -1377 | R11: -788 | S11: 194 | T11: -2439 | U11: 257 | V11: -460 | W11: -222 | X11: -1945 | Y11: -2370 | Z11: -68 | AA11: -643 | AD11: -711
D12: =Footnotes!B26 -> a | F12: -5119 | G12: -343 | H12: -9196 | I12: 13291 | J12: -1367 | K12: 3891 | L12: 56 | M12: 1019 | N12: 392 | O12: 5358 | P12: -622 | Q12: -1717 | R12: -749 | S12: -663 | T12: -3751 | U12: 361 | V12: -415 | W12: -422 | X12: -3561 | Y12: -4037 | Z12: -282 | AA12: -558 | AD12: -840
B13: oil production & operations
C14: US | F14: 166 | G14: -274 | H14: 85 | I14: 158 | J14: 135 | K14: -1 | L14: -39 | M14: 125 | N14: -631 | O14: -546 | P14: -10 | Q14: 165 | R14: -82 | S14: 338 | T14: 411 | U14: -18 | V14: 126 | W14: -103 | X14: -44 | Y14: -39 | Z14: -93 | AA14: 2 | AD14: -91
C15: Non-US | F15: -1018 | G15: 1609 | H15: 1669 | I15: -2898 | J15: -638 | K15: -1 | L15: -170 | M15: 166 | N15: -1039 | O15: -1044 | P15: -55 | Q15: 8 | R15: -821 | S15: -691 | T15: -1559 | U15: -89 | V15: -472 | W15: -77 | X15: -179 | Y15: -817 | Z15: -233 | AA15: -186 | AD15: -419
F16: -852 | G16: 1335 | H16: 1754 | I16: -2740 | J16: -503 | K16: -2 | L16: -209 | M16: 291 | N16: -1670 | O16: -1590 | P16: -65 | Q16: 173 | R16: -903 | S16: -353 | T16: -1148 | U16: -107 | V16: -346 | W16: -180 | X16: -223 | Y16: -856 | Z16: -326 | AA16: -184 | AD16: -510
B17: customers & products
C18: US | D18: =Footnotes!B26 -> a | F18: -74 | G18: -68 | H18: 93 | I18: 200 | J18: 151 | K18: -168 | L18: -114 | M18: -83 | N18: 5 | O18: -360 | P18: -155 | Q18: 27 | R18: -94 | S18: -148 | T18: -370 | U18: -58 | V18: -8 | W18: -75 | X18: 43 | Y18: -98 | Z18: -306 | AA18: 309 | AD18: 3
C19: Non-US | F19: -101 | G19: -407 | H19: -232 | I19: -1331 | J19: -2071 | K19: 89 | L19: -127 | M19: -423 | N19: -1362 | O19: -1823 | P19: -146 | Q19: -1309 | R19: -264 | S19: -1471 | T19: -3190 | U19: -516 | V19: -553 | W19: -31 | X19: 26 | Y19: -1074 | Z19: -445 | AA19: -163 | AD19: -608
D20: =Footnotes!B26 -> a | F20: -175 | G20: -475 | H20: -139 | I20: -1131 | J20: -1920 | K20: -79 | L20: -241 | M20: -506 | N20: -1357 | O20: -2183 | P20: -301 | Q20: -1282 | R20: -358 | S20: -1619 | T20: -3560 | U20: -574 | V20: -561 | W20: -106 | X20: 69 | Y20: -1172 | Z20: -751 | AA20: 146 | AD20: -605
B21: other businesses & corporate
C22: US | F22: -22 | G22: -111 | H22: 47 | I22: -95 | J22: -181 | K22: -24 | L22: -49 | M22: -40 | N22: -522 | O22: -635 | P22: -19 | Q22: 9 | R22: -26 | S22: -112 | T22: -148 | U22: -98 | V22: -84 | W22: -57 | X22: -186 | Y22: -425 | Z22: -6 | AA22: -21 | AD22: -27
C23: Non-US | F23: -24438 | G23: -716 | H23: -735 | I23: 504 | J23: -25385 | K23: 230 | L23: -78 | M23: -157 | N23: 603 | O23: 598 | P23: -127 | Q23: -31 | R23: 448 | S23: -522 | T23: -232 | U23: 193 | V23: 767 | W23: -31 | X23: 104 | Y23: 1033 | Z23: -577 | AA23: 116 | AD23: -461
F24: -24460 | G24: -827 | H24: -688 | I24: 409 | J24: -25566 | K24: 206 | L24: -127 | M24: -197 | N24: 81 | O24: -37 | P24: -146 | Q24: -22 | R24: 422 | S24: -634 | T24: -380 | U24: 95 | V24: 683 | W24: -88 | X24: -82 | Y24: 608 | Z24: -583 | AA24: 95 | AD24: -488
B25: Total before interest and taxation | F25: -30606 | G25: -310 | H25: -8269 | I25: 9829 | J25: -29356 | K25: 4016 | L25: -521 | M25: 607 | N25: -2554 | O25: 1548 | P25: -1134 | Q25: -2848 | R25: -1588 | S25: -3269 | T25: -8839 | U25: -225 | V25: -639 | W25: -796 | X25: -3797 | Y25: -5457 | Z25: -1942 | AA25: -501 | AD25: -2443
B26: Finance costs | F26: -158 | G26: -30 | H26: -68 | I26: -169 | J26: -425 | K26: -104 | L26: -119 | M26: -96 | N26: -86 | O26: -405 | P26: -92 | Q26: -205 | R26: -58 | S26: -150 | T26: -505 | U26: -187 | V26: -78 | W26: -83 | X26: -80 | Y26: -428 | Z26: -74 | AA26: -67 | AD26: -141
B27: Total before taxation | F27: -30764 | G27: -340 | H27: -8337 | I27: 9660 | J27: -29781 | K27: 3912 | L27: -640 | M27: 511 | N27: -2640 | O27: 1143 | P27: -1226 | Q27: -3053 | R27: -1646 | S27: -3419 | T27: -9344 | U27: -412 | V27: -717 | W27: -879 | X27: -3877 | Y27: -5885 | Z27: -2016 | AA27: -568 | AD27: -2584
B28: Taxation credit (charge) on adjusting items | F28: 1499 | G28: -312 | H28: 1092 | I28: -1552 | J28: 727 | K28: -221 | L28: 164 | M28: -125 | N28: 1154 | O28: 972 | P28: 132 | Q28: 578 | R28: 529 | S28: 347 | T28: 1586 | U28: 134 | V28: 361 | W28: 150 | X28: -416 | Y28: 229 | Z28: -506 | AA28: -434 | AD28: -940
B29: Taxation - impact of foreign exchange | F29: -28 | G29: -149 | H29: -104 | I29: 10 | J29: -271 | K29: 16 | L29: -4 | M29: -33 | N29: 21 | O29: 0 | P29: -23 | Q29: 7 | R29: 6 | S29: -81 | T29: -91 | U29: 5 | V29: 39 | W29: -25 | X29: -2 | Y29: 17 | Z29: -14 | AA29: -5 | AD29: =Z29+AA29 -> -19
B30: Taxation – Tax rate change effect | F30: 0 | G30: 0 | H30: -778 | I30: -1056 | J30: -1834 | K30: 0 | L30: 232 | M30: 0 | N30: 0 | O30: 232 | P30: 0 | Q30: -304 | R30: -44 | S30: 32 | T30: -316 | U30: -539 | V30: 0 | W30: -233 | X30: -2 | Y30: -774 | Z30: 0 | AA30: -97 | AD30: -97
B31: Total taxation on adjusting items | F31: 1471 | G31: -461 | H31: 210 | I31: -2598 | J31: -1378 | K31: -205 | L31: 392 | M31: -158 | N31: 1175 | O31: 1204 | P31: 109 | Q31: 281 | R31: 491 | S31: 298 | T31: 1179 | U31: -400 | V31: 400 | W31: -108 | X31: -420 | Y31: -528 | Z31: -520 | AA31: -536 | AD31: -1056
B32: Total after taxation for period | F32: -29293 | G32: -801 | H32: -8127 | I32: 7062 | J32: -31159 | K32: 3707 | L32: -248 | M32: 353 | N32: -1465 | O32: 2347 | P32: -1117 | Q32: -2772 | R32: -1155 | S32: -3121 | T32: -8165 | U32: -812 | V32: -317 | W32: -987 | X32: -4297 | Y32: -6413 | Z32: -2536 | AA32: -1104 | AD32: -3640

Sheet Sales and other oper revenues
B1: Quarterly Financial and Operating Information 2016-2020
B2: =Summary!$B$1 -> Financial and Operating Information 2022 - 2026
B3: Group information | Z3: Contents
B6: Sales and other operating revenuesa
AD8: $ million
D9: Footnotes | F9: Q1 | G9: Q2 | H9: Q3 | I9: Q4 | J9: 2022 | K9: Q1 | L9: Q2 | M9: Q3 | N9: Q4 | O9: 2023 | P9: Q1 | Q9: Q2 | R9: Q3 | S9: Q4 | T9: 2024 | U9: Q1 | V9: Q2 | W9: Q3 | X9: Q4 | Y9: 2025 | Z9: Q1 | AA9: Q2 | AB9: Q3 | AC9: Q4 | AD9: 2026
C10: gas & low carbon energy | F10: 8166 | G10: 13243 | H10: 8053 | I10: 26793 | J10: 56255 | K10: 17886 | L10: 10428 | M10: 10313 | N10: 11670 | O10: 50297 | P10: 8675 | Q10: 5809 | R10: 8526 | S10: 9618 | T10: 32628 | U10: 10778 | V10: 9172 | W10: 9655 | X10: 10728 | Y10: 40333 | Z10: 9447 | AA10: 11675 | AD10: 21122
C11: oil production & operations | F11: 8158 | G11: 9504 | H11: 8599 | I11: 6932 | J11: 33193 | K11: 6153 | L11: 5777 | M11: 6225 | N11: 6749 | O11: 24904 | P11: 6432 | Q11: 6659 | R11: 6468 | S11: 6078 | T11: 25637 | U11: 6502 | V11: 6053 | W11: 6232 | X11: 5740 | Y11: 24527 | Z11: 5952 | AA11: 7813 | AD11: 13765
C12: customers & products | F12: 42163 | G12: 55557 | H12: 47831 | I12: 43072 | J12: 188623 | K12: 38882 | L12: 38051 | M12: 42908 | N12: 40374 | O12: 160215 | P12: 39895 | Q12: 41100 | R12: 38437 | S12: 35969 | T12: 155401 | U12: 36163 | V12: 37449 | W12: 38697 | X12: 36474 | Y12: 148783 | Z12: 42961 | AA12: 57159 | AD12: 100120
C13: other businesses & corporate | F13: 452 | G13: 516 | H13: 552 | I13: 779 | J13: 2299 | K13: 738 | L13: 590 | M13: 672 | N13: 657 | O13: 2657 | P13: 606 | Q13: 526 | R13: 614 | S13: 544 | T13: 2290 | U13: 484 | V13: 539 | W13: 627 | X13: 582 | Y13: 2232 | Z13: 561 | AA13: 739 | AD13: 1300
F14: 58939 | G14: 78820 | H14: 65035 | I14: 77576 | J14: 280370 | K14: 63659 | L14: 54846 | M14: 60118 | N14: 59450 | O14: 238073 | P14: 55608 | Q14: 54094 | R14: 54045 | S14: 52209 | T14: 215956 | U14: 53927 | V14: 53213 | W14: 55211 | X14: 53524 | Y14: 215875 | Z14: 58921 | AA14: 77386 | AD14: 136307
B16: Less: sales and other operating revenues between segments
C17: gas & low carbon energy | F17: 1948 | G17: 1621 | H17: 2785 | I17: -441 | J17: 5913 | K17: 536 | L17: 840 | M17: 367 | N17: 65 | O17: 1808 | P17: 270 | Q17: 371 | R17: 385 | S17: 559 | T17: 1585 | U17: 731 | V17: 337 | W17: 310 | X17: 454 | Y17: 1832 | Z17: 347 | AA17: 808 | AD17: 1155
C18: oil production & operations | F18: 7036 | G18: 8753 | H18: 7589 | I18: 6916 | J18: 30294 | K18: 6261 | L18: 5236 | M18: 5747 | N18: 6464 | O18: 23708 | P18: 5913 | Q18: 5982 | R18: 5860 | S18: 5482 | T18: 23237 | U18: 5818 | V18: 5818 | W18: 5908 | X18: 5332 | Y18: 22876 | Z18: 5600 | AA18: 7289 | AD18: 12889
C19: customers & products | F19: 692 | G19: 392 | H19: -276 | I19: 610 | J19: 1418 | K19: 144 | L19: -180 | M19: 508 | N19: -105 | O19: 367 | P19: 293 | Q19: 25 | R19: -138 | S19: 137 | T19: 317 | U19: 42 | V19: -55 | W19: 70 | X19: -14 | Y19: 43 | Z19: 475 | AA19: -293 | AD19: 182
C20: other businesses & corporate | F20: 5 | G20: 188 | H20: -74 | I20: 1234 | J20: 1353 | K20: 536 | L20: 412 | M20: 227 | N20: 885 | O20: 2060 | P20: 252 | Q20: 417 | R20: 684 | S20: 279 | T20: 1632 | U20: 431 | V20: 486 | W20: 503 | X20: 369 | Y20: 1789 | Z20: 244 | AA20: 477 | AD20: 721
F21: 9681 | G21: 10954 | H21: 10024 | I21: 8319 | J21: 38978 | K21: 7477 | L21: 6308 | M21: 6849 | N21: 7309 | O21: 27943 | P21: 6728 | Q21: 6795 | R21: 6791 | S21: 6457 | T21: 26771 | U21: 7022 | V21: 6586 | W21: 6791 | X21: 6141 | Y21: 26540 | Z21: 6666 | AA21: 8281 | AD21: 14947
B23: External sales and other operating revenues
C24: gas & low carbon energy | F24: 6218 | G24: 11622 | H24: 5268 | I24: 27234 | J24: 50342 | K24: 17350 | L24: 9588 | M24: 9946 | N24: 11605 | O24: 48489 | P24: 8405 | Q24: 5438 | R24: 8141 | S24: 9059 | T24: 31043 | U24: 10047 | V24: 8835 | W24: 9345 | X24: 10274 | Y24: 38501 | Z24: 9100 | AA24: 10867 | AD24: 19967
C25: oil production & operations | F25: 1122 | G25: 751 | H25: 1010 | I25: 16 | J25: 2899 | K25: -108 | L25: 541 | M25: 478 | N25: 285 | O25: 1196 | P25: 519 | Q25: 677 | R25: 608 | S25: 596 | T25: 2400 | U25: 684 | V25: 235 | W25: 324 | X25: 408 | Y25: 1651 | Z25: 352 | AA25: 524 | AD25: 876
C26: customers & products | F26: 41471 | G26: 55165 | H26: 48107 | I26: 42462 | J26: 187205 | K26: 38738 | L26: 38231 | M26: 42400 | N26: 40479 | O26: 159848 | P26: 39602 | Q26: 41075 | R26: 38575 | S26: 35832 | T26: 155084 | U26: 36121 | V26: 37504 | W26: 38627 | X26: 36488 | Y26: 148740 | Z26: 42486 | AA26: 57452 | AD26: 99938
C27: other businesses & corporate | F27: 447 | G27: 328 | H27: 626 | I27: -455 | J27: 946 | K27: 202 | L27: 178 | M27: 445 | N27: -228 | O27: 597 | P27: 354 | Q27: 109 | R27: -70 | S27: 265 | T27: 658 | U27: 53 | V27: 53 | W27: 124 | X27: 213 | Y27: 443 | Z27: 317 | AA27: 262 | AD27: 579
B28: Total sales and other operating revenues | F28: 49258 | G28: 67866 | H28: 55011 | I28: 69257 | J28: 241392 | K28: 56182 | L28: 48538 | M28: 53269 | N28: 52141 | O28: 210130 | P28: 48880 | Q28: 47299 | R28: 47254 | S28: 45752 | T28: 189185 | U28: 46905 | V28: 46627 | W28: 48420 | X28: 47383 | Y28: 189335 | Z28: 52255 | AA28: 69105 | AD28: 121360
B30: Sales and other operating revenues include the following in relation to
B31: revenues from contracts with customers:
C32: Crude oil | F32: 2144 | G32: 2034 | H32: 1322 | I32: 809 | J32: 6309 | K32: 637 | L32: 520 | M32: 496 | N32: 760 | O32: 2413 | P32: 548 | Q32: 538 | R32: 618 | S32: 515 | T32: 2219 | U32: 415 | V32: 421 | W32: 635 | X32: 592 | Y32: 2063 | Z32: 333 | AA32: 402 | AD32: 735
C33: Oil products | F33: 31751 | G33: 43267 | H33: 40036 | I33: 34800 | J33: 149854 | K33: 30141 | L33: 31218 | M33: 35486 | N33: 32124 | O33: 128969 | P33: 29840 | Q33: 32548 | R33: 30997 | S33: 27634 | T33: 121019 | U33: 27162 | V33: 28572 | W33: 30274 | X33: 28199 | Y33: 114207 | Z33: 29851 | AA33: 43549 | AD33: 73400
C34: Natural gas, LNG and NGLs | D34: =Footnotes!B27 -> a | F34: 10680 | G34: 8944 | H34: 11106 | I34: 11040 | J34: 41770 | K34: 9644 | L34: 5841 | M34: 6396 | N34: 7660 | O34: 29541 | P34: 5751 | Q34: 4987 | R34: 6458 | S34: 7268 | T34: 24464 | U34: 7263 | V34: 6049 | W34: 7192 | X34: 6973 | Y34: 27477 | Z34: 6637 | AA34: 8523 | AD34: 15160
C35: Non-oil products and other revenues from contracts with customers | D35: =Footnotes!B27 -> a | F35: 2345 | G35: 1825 | H35: 2267 | I35: 1459 | J35: 7896 | K35: 1872 | L35: 2750 | M35: 2765 | N35: 2911 | O35: 10298 | P35: 2928 | Q35: 3108 | R35: 3213 | S35: 4113 | T35: 13362 | U35: 3633 | V35: 3697 | W35: 3528 | X35: 4274 | Y35: 15132 | Z35: 3695 | AA35: 3721 | AD35: 7416
B36: Revenues from contracts with customers | F36: 46920 | G36: 56070 | H36: 54731 | I36: 48108 | J36: 205829 | K36: 42294 | L36: 40329 | M36: 45143 | N36: 43455 | O36: 171221 | P36: 39067 | Q36: 41181 | R36: 41286 | S36: 39530 | T36: 161064 | U36: 38473 | V36: 38739 | W36: 41629 | X36: 40038 | Y36: 158879 | Z36: 40516 | AA36: 56195 | AD36: 96711
B37: Other operating revenues | D37: =Footnotes!B28 -> b | F37: 2338 | G37: 11796 | H37: 280 | I37: 21149 | J37: 35563 | K37: 13888 | L37: 8209 | M37: 8126 | N37: 8686 | O37: 38909 | P37: 9813 | Q37: 6118 | R37: 5968 | S37: 6222 | T37: 28121 | U37: 8432 | V37: 7888 | W37: 6791 | X37: 7345 | Y37: 30456 | Z37: 11739 | AA37: 12910 | AD37: 24649
B38: Total sales and other operating revenues | F38: 49258 | G38: 67866 | H38: 55011 | I38: 69257 | J38: 241392 | K38: 56182 | L38: 48538 | M38: 53269 | N38: 52141 | O38: 210130 | P38: 48880 | Q38: 47299 | R38: 47254 | S38: 45752 | T38: 189185 | U38: 46905 | V38: 46627 | W38: 48420 | X38: 47383 | Y38: 189335 | Z38: 52255 | AA38: 69105 | AD38: 121360
B39: By geographical area
C40: US | F40: 19152 | G40: 27331 | H40: 22451 | I40: 18563 | J40: 87497 | K40: 19160 | L40: 20065 | M40: 22032 | N40: 20920 | O40: 82177 | P40: 19858 | Q40: 20340 | R40: 19388 | S40: 18212 | T40: 77798 | U40: 19089 | V40: 18890 | W40: 18968 | X40: 17652 | Y40: 74599 | Z40: 19476 | AA40: 25125 | AD40: 44601
C41: Non-US | F41: 42797 | G41: 54331 | H41: 45111 | I41: 61593 | J41: 203832 | K41: 46350 | L41: 38492 | M41: 43382 | N41: 40808 | O41: 169032 | P41: 39208 | Q41: 36832 | R41: 36712 | S41: 35265 | T41: 148017 | U41: 35701 | V41: 36233 | W41: 37877 | X41: 37686 | Y41: 147497 | Z41: 42577 | AA41: 57019 | AD41: 99596
F42: 61949 | G42: 81662 | H42: 67562 | I42: 80156 | J42: 291329 | K42: 65510 | L42: 58557 | M42: 65414 | N42: 61728 | O42: 251209 | P42: 59066 | Q42: 57172 | R42: 56100 | S42: 53477 | T42: 225815 | U42: 54790 | V42: 55123 | W42: 56845 | X42: 55338 | Y42: 222096 | Z42: 62053 | AA42: 82144 | AD42: 144197
B43: Less: sales and other operating revenues between areas | F43: 12691 | G43: 13796 | H43: 12551 | I43: 10899 | J43: 49937 | K43: 9328 | L43: 10019 | M43: 12145 | N43: 9587 | O43: 41079 | P43: 10186 | Q43: 9873 | R43: 8846 | S43: 7725 | T43: 36630 | U43: 7885 | V43: 8496 | W43: 8425 | X43: 7955 | Y43: 32761 | Z43: 9798 | AA43: 13039 | AD43: 22837
B44: Total sales and other operating revenues | F44: 49258 | G44: 67866 | H44: 55011 | I44: 69257 | J44: 241392 | K44: 56182 | L44: 48538 | M44: 53269 | N44: 52141 | O44: 210130 | P44: 48880 | Q44: 47299 | R44: 47254 | S44: 45752 | T44: 189185 | U44: 46905 | V44: 46627 | W44: 48420 | X44: 47383 | Y44: 189335 | Z44: 52255 | AA44: 69105 | AD44: 121360

Sheet DD&A
B1: =Summary!$B$1 -> Financial and Operating Information 2022 - 2026
B2: Group information
Z3: Contents
B5: Depreciation, depletion and amortization
AD7: $ million
D8: Footnotes | F8: Q1 | G8: Q2 | H8: Q3 | I8: Q4 | J8: 2022 | K8: Q1 | L8: Q2 | M8: Q3 | N8: Q4 | O8: 2023 | P8: Q1 | Q8: Q2 | R8: Q3 | S8: Q4 | T8: 2024 | U8: Q1 | V8: Q2 | W8: Q3 | X8: Q4 | Y8: 2025 | Z8: Q1 | AA8: Q2 | AB8: Q3 | AC8: Q4 | AD8: 2026
B9: gas & low carbon energy
C10: US | F10: 18 | G10: 18 | H10: 19 | I10: 20 | J10: 75 | K10: 21 | L10: 21 | M10: 24 | N10: 30 | O10: 96 | P10: 18 | Q10: 31 | R10: 24 | S10: 22 | T10: 95 | U10: 53 | V10: 61 | W10: 62 | X10: 59 | Y10: 235 | Z10: 49 | AA10: 43 | AD10: 92
C11: Non-US | F11: 1237 | G11: 1185 | H11: 1158 | I11: 1353 | J11: 4933 | K11: 1419 | L11: 1386 | M11: 1519 | N11: 1260 | O11: 5584 | P11: 1275 | Q11: 1178 | R11: 1156 | S11: 1131 | T11: 4740 | U11: 1113 | V11: 1346 | W11: 1161 | X11: 1114 | Y11: 4734 | Z11: 1137 | AA11: 1096 | AD11: 2233
F12: 1255 | G12: 1203 | H12: 1177 | I12: 1373 | J12: 5008 | K12: 1440 | L12: 1407 | M12: 1543 | N12: 1290 | O12: 5680 | P12: 1293 | Q12: 1209 | R12: 1180 | S12: 1153 | T12: 4835 | U12: 1166 | V12: 1407 | W12: 1223 | X12: 1173 | Y12: 4969 | Z12: 1186 | AA12: 1139 | AD12: 2325
B13: gas | F13: 1247 | G13: 1195 | H13: 1168 | I13: 1364 | J13: 4974 | K13: 1429 | L13: 1395 | M13: 1531 | N13: 1276 | O13: 5631 | P13: 1280 | Q13: 1195 | R13: 1168 | S13: 1133 | T13: 4776 | U13: 1161 | V13: 1401 | W13: 1218 | X13: 1167 | Y13: 4947 | Z13: 1181 | AA13: 1135 | AD13: 2316
B14: low carbon | F14: 8 | G14: 8 | H14: 9 | I14: 9 | J14: 34 | K14: 11 | L14: 12 | M14: 12 | N14: 14 | O14: 49 | P14: 13 | Q14: 14 | R14: 12 | S14: 20 | T14: 59 | U14: 5 | V14: 6 | W14: 5 | X14: 6 | Y14: 22 | Z14: 5 | AA14: 4 | AD14: 9
F15: 1255 | G15: 1203 | H15: 1177 | I15: 1373 | J15: 5008 | K15: 1440 | L15: 1407 | M15: 1543 | N15: 1290 | O15: 5680 | P15: 1293 | Q15: 1209 | R15: 1180 | S15: 1153 | T15: 4835 | U15: 1166 | V15: 1407 | W15: 1223 | X15: 1173 | Y15: 4969 | Z15: 1186 | AA15: 1139 | AD15: 2325
B16: oil production & operations
C17: US | F17: 724 | G17: 787 | H17: 815 | I17: 815 | J17: 3141 | K17: 811 | L17: 830 | M17: 942 | N17: 971 | O17: 3554 | P17: 992 | Q17: 1127 | R17: 1156 | S17: 1146 | T17: 4421 | U17: 1162 | V17: 1321 | W17: 1314 | X17: 1195 | Y17: 4992 | Z17: 1324 | AA17: 1174 | AD17: 2498
C18: Non-US | F18: 705 | G18: 584 | H18: 566 | I18: 568 | J18: 2423 | K18: 516 | L18: 540 | M18: 490 | N18: 592 | O18: 2138 | P18: 665 | Q18: 571 | R18: 552 | S18: 588 | T18: 2376 | U18: 625 | V18: 612 | W18: 647 | X18: 843 | Y18: 2727 | Z18: 685 | AA18: 580 | AD18: 1265
F19: 1429 | G19: 1371 | H19: 1381 | I19: 1383 | J19: 5564 | K19: 1327 | L19: 1370 | M19: 1432 | N19: 1563 | O19: 5692 | P19: 1657 | Q19: 1698 | R19: 1708 | S19: 1734 | T19: 6797 | U19: 1787 | V19: 1933 | W19: 1961 | X19: 2038 | Y19: 7719 | Z19: 2009 | AA19: 1754 | AD19: 3763
B20: customers & products
C21: US | F21: 322 | G21: 334 | H21: 327 | I21: 345 | J21: 1328 | K21: 402 | L21: 466 | M21: 490 | N21: 525 | O21: 1883 | P21: 539 | Q21: 524 | R21: 533 | S21: 546 | T21: 2142 | U21: 499 | V21: 493 | W21: 501 | X21: 502 | Y21: 1995 | Z21: 485 | AA21: 482 | AD21: 967
C22: Non-US | F22: 395 | G22: 381 | H22: 370 | I22: 396 | J22: 1542 | K22: 395 | L22: 428 | M22: 425 | N22: 417 | O22: 1665 | P22: 405 | Q22: 415 | R22: 430 | S22: 565 | T22: 1815 | U22: 486 | V22: 567 | W22: 544 | X22: 553 | Y22: 2150 | Z22: 479 | AA22: 520 | AD22: 999
F23: 717 | G23: 715 | H23: 697 | I23: 741 | J23: 2870 | K23: 797 | L23: 894 | M23: 915 | N23: 942 | O23: 3548 | P23: 944 | Q23: 939 | R23: 963 | S23: 1111 | T23: 3957 | U23: 985 | V23: 1060 | W23: 1045 | X23: 1055 | Y23: 4145 | Z23: 964 | AA23: 1002 | AD23: 1966
B24: other businesses & corporate
C25: US | F25: 19 | G25: 20 | H25: 19 | I25: 22 | J25: 80 | K25: 20 | L25: 21 | M25: 23 | N25: 21 | O25: 85 | P25: 21 | Q25: 21 | R25: 22 | S25: 25 | T25: 89 | U25: 22 | V25: 22 | W25: 21 | X25: 24 | Y25: 89 | Z25: 21 | AA25: 22 | AD25: 43
C26: Non-US | F26: 205 | G26: 203 | H26: 193 | I26: 195 | J26: 796 | K26: 216 | L26: 231 | M26: 232 | N26: 244 | O26: 923 | P26: 235 | Q26: 231 | R26: 244 | S26: 234 | T26: 944 | U26: 223 | V26: 219 | W26: 222 | X26: 236 | Y26: 900 | Z26: 230 | AA26: 232 | AD26: 462
F27: 224 | G27: 223 | H27: 212 | I27: 217 | J27: 876 | K27: 236 | L27: 252 | M27: 255 | N27: 265 | O27: 1008 | P27: 256 | Q27: 252 | R27: 266 | S27: 259 | T27: 1033 | U27: 245 | V27: 241 | W27: 243 | X27: 260 | Y27: 989 | Z27: 251 | AA27: 254 | AD27: 505
B28: Total depreciation, depletion and amortization | F28: 3625 | G28: 3512 | H28: 3467 | I28: 3714 | J28: 14318 | K28: 3800 | L28: 3923 | M28: 4145 | N28: 4060 | O28: 15928 | P28: 4150 | Q28: 4098 | R28: 4117 | S28: 4257 | T28: 16622 | U28: 4183 | V28: 4641 | W28: 4472 | X28: 4526 | Y28: 17822 | Z28: 4410 | AA28: 4149 | AD28: 8559

Sheet Group cash flow statement
B1: =Summary!$B$1 -> Financial and Operating Information 2022 - 2026
B2: Group information
P3: Contents
B5: Condensed group cash flow statement
AE7: $ million
E8: Footnotes | G8: Q1 | H8: Q2 | I8: Q3 | J8: Q4 | K8: 2022 | L8: Q1 | M8: Q2 | N8: Q3 | O8: Q4 | P8: 2023 | Q8: Q1 | R8: Q2 | S8: Q3 | T8: Q4 | U8: 2024 | V8: Q1 | W8: Q2 | X8: Q3 | Y8: Q4 | Z8: 2025 | AA8: Q1 | AB8: Q2 | AC8: Q3 | AD8: Q4 | AE8: 2026
B9: Operating activities
B10: Profit (loss) before taxation | G10: -17540 | H10: 14063 | I10: 1980 | J10: 16902 | K10: 15405 | L10: 11847 | M10: 3494 | N10: 7309 | O10: 1099 | P10: 23749 | Q10: 4633 | R10: 1254 | S10: 1398 | T10: -503 | U10: 6782 | V10: 3130 | W10: 2883 | X10: 3236 | Y10: -1503 | Z10: 7746 | AA10: 7365 | AB10: 7821 | AE10: 15186
B11: Adjustments to reconcile profit (loss) before taxation to net cash provided by operating activities
D12: Depreciation, depletion and amortization and exploration expenditure written off | G12: 3674 | H12: 3591 | I12: 3657 | J12: 3781 | K12: 14703 | L12: 3850 | M12: 4164 | N12: 4219 | O12: 4441 | P12: 16674 | Q12: 4356 | R12: 4225 | S12: 4427 | T12: 4381 | U12: 17389 | V12: 4236 | W12: 4723 | X12: 4655 | Y12: 4551 | Z12: 18165 | AA12: 4412 | AB12: 4675 | AE12: 9087
D13: Net impairment and (gain) loss on sale of businesses and fixed assets | G13: 25513 | H13: -864 | I13: -1449 | J13: 3456 | K13: 26656 | L13: -65 | M13: 1297 | N13: 278 | O13: 3978 | P13: 5488 | Q13: 513 | R13: 1288 | S13: 1890 | T13: 2626 | U13: 6317 | V13: 489 | W13: 878 | X13: 771 | Y13: 2912 | Z13: 5050 | AA13: 487 | AB13: 1085 | AE13: 1572
D14: Earnings from equity-accounted entities, less dividends received | G14: -1093 | H14: 72 | I14: -391 | J14: 582 | K14: -830 | L14: 1 | M14: -31 | N14: 421 | O14: 803 | P14: 1194 | Q14: -96 | R14: 19 | S14: -196 | T14: 303 | U14: 30 | V14: -200 | W14: 40 | X14: 192 | Y14: 1461 | Z14: 1493 | AA14: -367 | AB14: 51 | AE14: -316
D15: Remeasurement of joint venture on step-acquisition | G15: 0 | H15: 0 | I15: 0 | J15: 0 | K15: 0 | L15: 0 | M15: 0 | N15: 0 | O15: 0 | P15: 0 | Q15: 0 | R15: 0 | S15: 0 | T15: -917 | U15: -917 | V15: 0 | W15: 0 | X15: 0 | Y15: 0 | Z15: 0 | AA15: 0 | AB15: 0 | AE15: 0
D16: Net charge for interest and other finance expense, less net interest paid | G16: 184 | H16: -46 | I16: 72 | J16: 186 | K16: 396 | L16: 63 | M16: 102 | N16: 136 | O16: 202 | P16: 503 | Q16: 192 | R16: 524 | S16: 324 | T16: 602 | U16: 1642 | V16: 147 | W16: 126 | X16: 470 | Y16: 486 | Z16: 1229 | AA16: 35 | AB16: 151 | AE16: 186
D17: Share-based payments | G17: 170 | H17: 208 | I17: 251 | J17: 166 | K17: 795 | L17: -22 | M17: 243 | N17: 298 | O17: 97 | P17: 616 | Q17: 161 | R17: 507 | S17: 278 | T17: 228 | U17: 1174 | V17: 401 | W17: 215 | X17: 264 | Y17: 197 | Z17: 1077 | AA17: 318 | AB17: 201 | AE17: 519
D18: Net operating charge for pensions and other post-employment benefits, less contributions
D19: and benefit payments for unfunded plans | G19: -146 | H19: -36 | I19: -15 | J19: -60 | K19: -257 | L19: -43 | M19: -47 | N19: -40 | O19: -63 | P19: -193 | Q19: -32 | R19: -34 | S19: -52 | T19: -64 | U19: -182 | V19: -11 | W19: -36 | X19: -96 | Y19: -9 | Z19: -152 | AA19: -29 | AB19: -18 | AE19: -47
D20: Net charge for provisions, less payments | G20: 484 | H20: 796 | I20: 173 | J20: -1013 | K20: 440 | L20: -1099 | M20: -221 | N20: -342 | O20: -819 | P20: -2481 | Q20: -683 | R20: 764 | S20: -48 | T20: -185 | U20: -152 | V20: 1104 | W20: 666 | X20: -60 | Y20: -416 | Z20: 1294 | AA20: 2357 | AB20: 948 | AE20: 3305
D21: Movements in inventories and other current and non-current assets and liabilities | G21: -1771 | H21: -4416 | I21: 6764 | J21: -6847 | K21: -6270 | L21: -3755 | M21: -742 | N21: -783 | O21: 1942 | P21: -3338 | Q21: -2131 | R21: 1556 | S21: 1798 | T21: 2752 | U21: 3975 | V21: -5069 | W21: -2030 | X21: 494 | Y21: 1785 | Z21: -4820 | AA21: -10542 | AB21: -2675 | AE21: -13217
D22: Income taxes paid | G22: -1265 | H22: -2505 | I22: -2754 | J22: -3582 | K22: -10106 | L22: -3155 | M22: -1966 | N22: -2749 | O22: -2303 | P22: -10173 | Q22: -1904 | R22: -2003 | S22: -3058 | T22: -1796 | U22: -8761 | V22: -1393 | W22: -1194 | X22: -2140 | Y22: -1862 | Z22: -6589 | AA22: -1176 | AB22: -1381 | AE22: -2557
B23: Net cash provided by operating activities | G23: 8210 | H23: 10863 | I23: 8288 | J23: 13571 | K23: 40932 | L23: 7622 | M23: 6293 | N23: 8747 | O23: 9377 | P23: 32039 | Q23: 5009 | R23: 8100 | S23: 6761 | T23: 7427 | U23: 27297 | V23: 2834 | W23: 6271 | X23: 7786 | Y23: 7602 | Z23: 24493 | AA23: 2860 | AB23: 10858 | AE23: 13718
B24: Investing activities
C25: Expenditure on property, plant and equipment, intangible and other assets | G25: -2602 | H25: -2666 | I25: -3105 | J25: -3696 | K25: -12069 | L25: -3129 | M25: -3453 | N25: -3456 | O25: -4247 | P25: -14285 | Q25: -3718 | R25: -3463 | S25: -4223 | T25: -3893 | U25: -15297 | V25: -3351 | W25: -3236 | X25: -3171 | Y25: -3463 | Z25: -13221 | AA25: -3242 | AB25: -3087 | AE25: -6329
C26: Acquisitions, net of cash acquired | G26: -8 | H26: 3 | I26: -3 | J26: -3522 | K26: -3530 | L26: 52 | M26: -804 | N26: -9 | O26: -38 | P26: -799 | Q26: -106 | R26: -116 | S26: -218 | T26: 493 | U26: 53 | V26: -202 | W26: -39 | X26: -52 | Y26: -642 | Z26: -935 | AA26: -14 | AB26: 9 | AE26: -5
C27: Investment in joint ventures | G27: -294 | H27: -159 | I27: -40 | J27: -107 | K27: -600 | L27: -540 | M27: -50 | N27: -102 | O27: -347 | P27: -1039 | Q27: -353 | R27: -95 | S27: -76 | T27: -326 | U27: -850 | V27: -58 | W27: -59 | X27: -128 | Y27: -22 | Z27: -267 | AA27: -22 | AB27: -8 | AE27: -30
C28: Investment in associates | G28: -25 | H28: -16 | I28: -46 | J28: -44 | K28: -131 | L28: -8 | M28: -7 | N28: -36 | O28: -79 | P28: -130 | Q28: -101 | R28: -17 | S28: -25 | T28: 0 | U28: -143 | V28: -12 | W28: -27 | X28: -30 | Y28: -41 | Z28: -110 | AA28: -12 | AB28: 0 | AE28: -12
B29: Total cash capital expenditure | G29: -2929 | H29: -2838 | I29: -3194 | J29: -7369 | K29: -16330 | L29: -3625 | M29: -4314 | N29: -3603 | O29: -4711 | P29: -16253 | Q29: -4278 | R29: -3691 | S29: -4542 | T29: -3726 | U29: -16237 | V29: -3623 | W29: -3361 | X29: -3381 | Y29: -4168 | Z29: -14533 | AA29: -3290 | AB29: -3086 | AE29: -6376
C30: Proceeds from disposal of fixed assets | G30: 468 | H30: 202 | I30: 12 | J30: 27 | K30: 709 | L30: 15 | M30: 28 | N30: 59 | O30: 31 | P30: 133 | Q30: 66 | R30: 35 | S30: 16 | T30: 211 | U30: 328 | V30: 292 | W30: 322 | X30: 30 | Y30: 498 | Z30: 1142 | AA30: 159 | AB30: 425 | AE30: 584
C31: Proceeds from disposal of businesses, net of cash disposed | G31: 549 | H31: 111 | I31: 594 | J31: 587 | K31: 1841 | L31: 785 | M31: 60 | N31: 79 | O31: 269 | P31: 1193 | Q31: 347 | R31: 219 | S31: 274 | T31: 1738 | U31: 2578 | V31: 36 | W31: 76 | X31: -2 | Y31: 1604 | Z31: 1714 | AA31: 102 | AB31: 184 | AE31: 286
C32: Proceeds from loan repayments | G32: 29 | H32: 16 | I32: 15 | J32: 7 | K32: 67 | L32: 6 | M32: 21 | N32: 12 | O32: 16 | P32: 55 | Q32: 16 | R32: 24 | S32: 19 | T32: 22 | U32: 81 | V32: 31 | W32: 31 | X32: 48 | Y32: 63 | Z32: 173 | AA32: 32 | AB32: 31 | AE32: 63
B33: Net cash provided by (used in) investing activities | G33: -1883 | H33: -2509 | I33: -2573 | J33: -6748 | K33: -13713 | L33: -2819 | M33: -4205 | N33: -3453 | O33: -4395 | P33: -14872 | Q33: -3849 | R33: -3413 | S33: -4233 | T33: -1755 | U33: -13250 | V33: -3264 | W33: -2932 | X33: -3305 | Y33: -2003 | Z33: -11504 | AA33: -2997 | AB33: -2446 | AE33: -5443
B34: Financing activities
C35: Net issue (repurchase) of shares | G35: -1592 | H35: -2288 | I35: -2876 | J35: -3240 | K35: -9996 | L35: -2448 | M35: -2073 | N35: -2047 | O35: -1350 | P35: -7918 | Q35: -1750 | R35: -1751 | S35: -2001 | T35: -1625 | U35: -7127 | V35: -1847 | W35: -1063 | X35: -750 | Y35: -826 | Z35: -4486 | AA35: -562 | AB35: 0 | AE35: -562
C36: Lease liability payments | G36: -498 | H36: -472 | I36: -478 | J36: -513 | K36: -1961 | L36: -555 | M36: -620 | N36: -663 | O36: -722 | P36: -2560 | Q36: -694 | R36: -679 | S36: -703 | T36: -757 | U36: -2833 | V36: -727 | W36: -784 | X36: -816 | Y36: -764 | Z36: -3091 | AA36: -764 | AB36: -761 | AE36: -1525
C37: Proceeds from long-term financing | G37: 2002 | H37: 0 | I37: 1 | J37: 10 | K37: 2013 | L37: 2395 | M37: 3643 | N37: 8 | O37: 1522 | P37: 7568 | Q37: 2259 | R37: 2736 | S37: 2401 | T37: 3260 | U37: 10656 | V37: 54 | W37: 1155 | X37: 1028 | Y37: 487 | Z37: 2724 | AA37: 67 | AB37: 1170 | AE37: 1237
C38: Repayments of long-term financing | G38: -892 | H38: -4573 | I38: -4035 | J38: -2197 | K38: -11697 | L38: -799 | M38: -2828 | N38: -264 | O38: -11 | P38: -3902 | Q38: -674 | R38: -623 | S38: -956 | T38: -717 | U38: -2970 | V38: -1366 | W38: -848 | X38: -1250 | Y38: -2231 | Z38: -5695 | AA38: -845 | AB38: -21 | AE38: -866
C39: Net increase (decrease) in short-term debt | G39: -276 | H39: -688 | I39: -618 | J39: 190 | K39: -1392 | L39: -529 | M39: -348 | N39: -71 | O39: 87 | P39: -861 | Q39: 16 | R39: 49 | S39: -73 | T39: -2958 | U39: -2966 | V39: -125 | W39: 39 | X39: 104 | Y39: -361 | Z39: -343 | AA39: 3112 | AB39: -2726 | AE39: 386
C40: Issue of perpetual hybrid bonds | E40: =Footnotes!B30 -> b | G40: 66 | H40: 62 | I40: 194 | J40: 48 | K40: 370 | L40: 45 | M40: 87 | N40: 30 | O40: 13 | P40: 175 | Q40: 1296 | R40: 0 | S40: 0 | T40: 3034 | U40: 4330 | V40: 500 | W40: 0 | X40: 0 | Y40: 0 | Z40: 500 | AA40: 0 | AB40: 0 | AE40: 0
C41: Redemption of perpetual hybrid bonds | E41: =Footnotes!B30 -> b | G41: 0 | H41: 0 | I41: 0 | J41: 0 | K41: 0 | L41: 0 | M41: 0 | N41: 0 | O41: 0 | P41: 0 | Q41: -1288 | R41: 0 | S41: 0 | T41: 0 | U41: -1288 | V41: 0 | W41: 0 | X41: -1200 | Y41: 0 | Z41: -1200 | AA41: 0 | AB41: -2855 | AE41: -2855
C42: Payments on perpetual hybrid bonds | G42: -148 | H42: -161 | I42: -180 | J42: -219 | K42: -708 | L42: -236 | M42: -250 | N42: -258 | O42: -264 | P42: -1008 | Q42: -256 | R42: -271 | S42: -271 | T42: -255 | U42: -1053 | V42: -272 | W42: -332 | X42: -284 | Y42: -308 | Z42: -1196 | AA42: -237 | AB42: -293 | AE42: -530
C43: Payments relating to transactions involving non-controlling interests (other) | G43: -5 | H43: -1 | I43: -2 | J43: -1 | K43: -9 | L43: -180 | M43: 0 | N43: 0 | O43: -7 | P43: -187 | Q43: 0 | R43: 0 | S43: 0 | T43: -21 | U43: -21 | V43: 0 | W43: 0 | X43: -2 | Y43: 0 | Z43: -2 | AA43: -13 | AB43: 0 | AE43: -13
C44: Receipts relating to transactions involving non-controlling interests (other) | G44: 7 | H44: 0 | I44: 3 | J44: 1 | K44: 11 | L44: 7 | M44: 2 | N44: 527 | O44: 10 | P44: 546 | Q44: 16 | R44: 508 | S44: -7 | T44: 836 | U44: 1353 | V44: 0 | W44: 965 | X44: 8 | Y44: 1501 | Z44: 2474 | AA44: 0 | AB44: 1 | AE44: 1
C45: Dividends paid
D46: bp shareholders | G46: -1068 | H46: -1062 | I46: -1140 | J46: -1088 | K46: -4358 | L46: -1183 | M46: -1153 | N46: -1249 | O46: -1224 | P46: -4809 | Q46: -1219 | R46: -1204 | S46: -1297 | T46: -1283 | U46: -5003 | V46: -1257 | W46: -1238 | X46: -1288 | Y46: -1276 | Z46: -5059 | AA46: -1278 | AB46: -1302 | AE46: -2580
D47: Non-controlling interests | G47: -65 | H47: -63 | I47: -66 | J47: -100 | K47: -294 | L47: -68 | M47: -67 | N47: -191 | O47: -77 | P47: -403 | Q47: -126 | R47: -60 | S47: -96 | T47: -93 | U47: -375 | V47: -74 | W47: -127 | X47: -155 | Y47: -150 | Z47: -506 | AA47: -175 | AB47: -206 | AE47: -381
B48: Net cash provided by (used in) financing activities | G48: -2469 | H48: -9246 | I48: -9197 | J48: -7109 | K48: -28021 | L48: -3551 | M48: -3607 | N48: -4178 | O48: -2023 | P48: -13359 | Q48: -2420 | R48: -1295 | S48: -3003 | T48: -579 | U48: -7297 | V48: -5114 | W48: -2233 | X48: -4605 | Y48: -3928 | Z48: -15880 | AA48: -695 | AB48: -6993 | AE48: -7688
B49: Currency translation differences relating to cash and cash equivalents | G49: -125 | H49: -414 | I49: -322 | J49: 177 | K49: -684 | L49: -14 | M49: 0 | N49: -104 | O49: 145 | P49: 27 | Q49: -260 | R49: -11 | S49: 179 | T49: -419 | U49: -511 | V49: 106 | W49: 193 | X49: -51 | Y49: -2 | Z49: 246 | AA49: -109 | AB49: 49 | AE49: -60
B50: Increase (decrease) in cash and cash equivalents | G50: 3733 | H50: -1306 | I50: -3804 | J50: -109 | K50: -1486 | L50: 1238 | M50: -1519 | N50: 1012 | O50: 3104 | P50: 3835 | Q50: -1520 | R50: 3381 | S50: -296 | T50: 4674 | U50: 6239 | V50: -5438 | W50: 1299 | X50: -175 | Y50: 1669 | Z50: -2645 | AA50: -941 | AB50: 1468 | AE50: 527
B51: Cash and cash equivalents at beginning of period | G51: 30681 | H51: 34414 | I51: 33108 | J51: 29304 | K51: 30681 | L51: 29195 | M51: 30433 | N51: 28914 | O51: 29926 | P51: 29195 | Q51: 33030 | R51: 31510 | S51: 34891 | T51: 34595 | U51: 33030 | V51: 39269 | W51: 33831 | X51: 35130 | Y51: 34955 | Z51: 39269 | AA51: 36658 | AB51: 35717 | AE51: 36658
B52: Cash and cash equivalents at end of period | E52: =Footnotes!B29 -> a | G52: 34414 | H52: 33108 | I52: 29304 | J52: 29195 | K52: 29195 | L52: 30433 | M52: 28914 | N52: 29926 | O52: 33030 | P52: 33030 | Q52: 31510 | R52: 34891 | S52: 34595 | T52: 39269 | U52: 39269 | V52: 33831 | W52: 35130 | X52: 34955 | Y52: 36624 | Z52: 36624 | AA52: 35717 | AB52: 37185 | AE52: 37185

Sheet Group balance sheet
B1: =Summary!$B$1 -> Financial and Operating Information 2022 - 2026
B2: Group information
X3: Contents
B5: Group balance sheet
Y7: $ million
D8: Footnotes | F8: Q1 2022 | G8: Q2 2022 | H8: Q3 2022 | I8: Q4 2022 | J8: Q1 2023 | K8: Q2 2023 | L8: Q3 2023 | M8: Q4 2023 | N8: Q1 2024 | O8: Q2 2024 | P8: Q3 2024 | Q8: Q4 2024 | R8: Q1 2025 | S8: Q2 2025 | T8: Q3 2025 | U8: Q4 2025 | V8: Q1 2026 | W8: Q2 2026 | X8: Q3 2026 | Y8: Q4 2026
B9: Non-current assets
C10: Property, plant and equipment | F10: 109884 | G10: 107151 | H10: 105045 | I10: 106044 | J10: 105744 | K10: 108126 | L10: 107163 | M10: 104719 | N10: 102744 | O10: 100293 | P10: 99555 | Q10: 100238 | R10: 100469 | S10: 100862 | T10: 100363 | U10: 98633 | V10: 97209 | W10: 96444
C11: Goodwill | F11: 11883 | G11: 11462 | H11: 11145 | I11: 11960 | J11: 12003 | K11: 12206 | L11: 12283 | M11: 12472 | N11: 12378 | O11: 12390 | P11: 12873 | Q11: 14888 | R11: 14909 | S11: 15180 | T11: 15114 | U11: 10300 | V11: 10276 | W11: 9639
C12: Intangible assets | F12: 6352 | G12: 6433 | H12: 6311 | I12: 10200 | J12: 10295 | K12: 10447 | L12: 9997 | M12: 9991 | N12: 10008 | O12: 10301 | P12: 10626 | Q12: 9646 | R12: 9124 | S12: 9271 | T12: 9007 | U12: 8197 | V12: 8294 | W12: 8081
C13: Investments in joint ventures | F13: 9512 | G13: 9290 | H13: 14673 | I13: 12400 | J13: 13030 | K13: 13081 | L13: 12635 | M13: 12435 | N13: 12467 | O13: 12346 | P13: 12446 | Q13: 12291 | R13: 12350 | S13: 12299 | T13: 12392 | U13: 13400 | V13: 13563 | W13: 13106
C14: Investments in associates | F14: 5476 | G14: 8042 | H14: 7836 | I14: 8201 | J14: 8101 | K14: 7941 | L14: 7954 | M14: 7814 | N14: 7932 | O14: 7852 | P14: 7932 | Q14: 7741 | R14: 7706 | S14: 7579 | T14: 9910 | U14: 7325 | V14: 7497 | W14: 7167
C15: Other investments | F15: 2669 | G15: 2682 | H15: 2597 | I15: 2670 | J15: 2656 | K15: 2328 | L15: 2337 | M15: 2189 | N15: 2267 | O15: 1943 | P15: 1340 | Q15: 1292 | R15: 1222 | S15: 1227 | T15: 1166 | U15: 857 | V15: 795 | W15: 705
B16: Fixed assets | F16: 145776 | G16: 145060 | H16: 147607 | I16: 151475 | J16: 151829 | K16: 154129 | L16: 152369 | M16: 149620 | N16: 147796 | O16: 145125 | P16: 144772 | Q16: 146096 | R16: 145780 | S16: 146418 | T16: 147952 | U16: 138712 | V16: 137634 | W16: 135142
C17: Loans | F17: 912 | G17: 1097 | H17: 1185 | I17: 1271 | J17: 1238 | K17: 1468 | L17: 1656 | M17: 1942 | N17: 2113 | O17: 2162 | P17: 2270 | Q17: 1961 | R17: 2312 | S17: 2371 | T17: 2172 | U17: 1991 | V17: 2077 | W17: 2073
C18: Trade and other receivables | F18: 1631 | G18: 1155 | H18: 1094 | I18: 1092 | J18: 1131 | K18: 1209 | L18: 1066 | M18: 1767 | N18: 1735 | O18: 1971 | P18: 2270 | Q18: 1815 | R18: 1760 | S18: 2712 | T18: 2372 | U18: 2376 | V18: 2575 | W18: 2551
C19: Derivative financial instruments | F19: 7809 | G19: 8379 | H19: 9333 | I19: 12841 | J19: 11575 | K19: 10655 | L19: 9495 | M19: 9980 | N19: 9686 | O19: 10262 | P19: 11849 | Q19: 16114 | R19: 16437 | S19: 16540 | T19: 18207 | U19: 20957 | V19: 20001 | W19: 22541
C20: Prepayments | F20: 575 | G20: 525 | H20: 549 | I20: 576 | J20: 698 | K20: 685 | L20: 600 | M20: 623 | N20: 665 | O20: 661 | P20: 1419 | Q20: 548 | R20: 572 | S20: 555 | T20: 545 | U20: 608 | V20: 636 | W20: 625
C21: Deferred tax assets | F21: 5516 | G21: 4965 | H21: 5271 | I21: 3908 | J21: 3401 | K21: 3747 | L21: 3470 | M21: 4268 | N21: 4227 | O21: 5060 | P21: 5478 | Q21: 5403 | R21: 5568 | S21: 5936 | T21: 5702 | U21: 4325 | V21: 3463 | W21: 2921
C22: Defined benefit pension plan surpluses | F22: 13162 | G22: 11152 | H22: 10003 | I22: 9269 | J22: 9531 | K22: 8860 | L22: 8173 | M22: 7948 | N22: 7804 | O22: 7520 | P22: 7968 | Q22: 7457 | R22: 7890 | S22: 8132 | T22: 7651 | U22: 7771 | V22: 7716 | W22: 7488
F23: 175381 | G23: 172333 | H23: 175042 | I23: 180432 | J23: 179403 | K23: 180753 | L23: 176829 | M23: 176148 | N23: 174026 | O23: 172761 | P23: 176026 | Q23: 179394 | R23: 180319 | S23: 182664 | T23: 184601 | U23: 176740 | V23: 174102 | W23: 173341
B24: Current assets
C25: Loans | F25: 353 | G25: 282 | H25: 285 | I25: 315 | J25: 369 | K25: 304 | L25: 363 | M25: 240 | N25: 219 | O25: 212 | P25: 220 | Q25: 223 | R25: 222 | S25: 224 | T25: 444 | U25: 457 | V25: 541 | W25: 462
C26: Inventories | F26: 30109 | G26: 34257 | H26: 29492 | I26: 28081 | J26: 23905 | K26: 23349 | L26: 25671 | M26: 22819 | N26: 24310 | O26: 23345 | P26: 21493 | Q26: 23232 | R26: 24708 | S26: 24752 | T26: 24154 | U26: 22499 | V26: 36596 | W26: 31003
C27: Trade and other receivables | F27: 35610 | G27: 39114 | H27: 34817 | I27: 34010 | J27: 29426 | K27: 27701 | L27: 31558 | M27: 31123 | N27: 29908 | O27: 28890 | P27: 26133 | Q27: 27127 | R27: 28540 | S27: 27583 | T27: 26169 | U27: 26014 | V27: 34435 | W27: 35004
C28: Derivative financial instruments | F28: 9390 | G28: 10180 | H28: 11491 | I28: 11554 | J28: 12247 | K28: 12042 | L28: 12950 | M28: 12583 | N28: 10150 | O28: 7940 | P28: 6358 | Q28: 5112 | R28: 4597 | S28: 4959 | T28: 4525 | U28: 5180 | V28: 10323 | W28: 7852
C29: Prepayments | F29: 2625 | G29: 2581 | H29: 1148 | I29: 2092 | J29: 1791 | K29: 1673 | L29: 1333 | M29: 2520 | N29: 2247 | O29: 2147 | P29: 1149 | Q29: 2594 | R29: 2853 | S29: 2875 | T29: 1714 | U29: 3422 | V29: 3603 | W29: 3209
C30: Current tax receivable | F30: 255 | G30: 290 | H30: 293 | I30: 621 | J30: 637 | K30: 660 | L30: 674 | M30: 837 | N30: 766 | O30: 978 | P30: 1153 | Q30: 1096 | R30: 1104 | S30: 966 | T30: 973 | U30: 1153 | V30: 1005 | W30: 740
C31: Other investments | F31: 103 | G31: 130 | H31: 300 | I31: 578 | J31: 450 | K31: 671 | L31: 932 | M31: 843 | N31: 615 | O31: 708 | P31: 167 | Q31: 165 | R31: 275 | S31: 245 | T31: 139 | U31: 158 | V31: 70 | W31: 57
C32: Cash and cash equivalents | F32: 34414 | G32: 33108 | H32: 29304 | I32: 29195 | J32: 30433 | K32: 28914 | L32: 29926 | M32: 33030 | N32: 31510 | O32: 34891 | P32: 34595 | Q32: 39204 | R32: 33774 | S32: 35067 | T32: 34909 | U32: 36556 | V32: 35693 | W32: 37168
F33: 112859 | G33: 119942 | H33: 107130 | I33: 106446 | J33: 99258 | K33: 95314 | L33: 103407 | M33: 103995 | N33: 99725 | O33: 99111 | P33: 91268 | Q33: 98753 | R33: 96073 | S33: 96671 | T33: 93027 | U33: 95439 | V33: 122266 | W33: 115495
B34: Assets classified as held for sale | F34: 7272 | G34: 6858 | H34: 1310 | I34: 1242 | J34: 0 | K34: 0 | L34: 0 | M34: 151 | N34: 1684 | O34: 1512 | P34: 2414 | Q34: 4081 | R34: 5004 | S34: 5402 | T34: 2831 | U34: 6347 | V34: 5375 | W34: 5791
F35: 120131 | G35: 126800 | H35: 108440 | I35: 107688 | J35: 99258 | K35: 95314 | L35: 103407 | M35: 104146 | N35: 101409 | O35: 100623 | P35: 93682 | Q35: 102834 | R35: 101077 | S35: 102073 | T35: 95858 | U35: 101786 | V35: 127641 | W35: 121286
B36: Total assets | F36: 295512 | G36: 299133 | H36: 283482 | I36: 288120 | J36: 278661 | K36: 276067 | L36: 280236 | M36: 280294 | N36: 275435 | O36: 273384 | P36: 269708 | Q36: 282228 | R36: 281396 | S36: 284737 | T36: 280459 | U36: 278526 | V36: 301743 | W36: 294627
B37: Current liabilities
C38: Trade and other payables | F38: 61195 | G38: 64015 | H38: 56270 | I38: 63984 | J38: 57854 | K38: 56183 | L38: 60440 | M38: 61155 | N38: 58621 | O38: 57660 | P38: 54385 | Q38: 58411 | R38: 58821 | S38: 57324 | T38: 54625 | U38: 56843 | V38: 67581 | W38: 61844
C39: Derivative financial instruments | F39: 17357 | G39: 19309 | H39: 24461 | I39: 12618 | J39: 7560 | K39: 6351 | L39: 6542 | M39: 5250 | N39: 4772 | O39: 4339 | P39: 3762 | Q39: 4347 | R39: 3935 | S39: 4093 | T39: 3694 | U39: 4413 | V39: 11061 | W39: 6947
C40: Accruals | F40: 4389 | G40: 5427 | H40: 6327 | I40: 6398 | J40: 5829 | K40: 6004 | L40: 5958 | M40: 6527 | N40: 5189 | O40: 5703 | P40: 5818 | Q40: 6071 | R40: 4948 | S40: 5244 | T40: 5290 | U40: 5572 | V40: 4824 | W40: 5330
C41: Lease liabilities | F41: 1737 | G41: 1735 | H41: 1842 | I41: 2102 | J41: 2160 | K41: 2465 | L41: 2536 | M41: 2650 | N41: 2628 | O41: 2593 | P41: 2726 | Q41: 2660 | R41: 2714 | S41: 2865 | T41: 2761 | U41: 2832 | V41: 2898 | W41: 2961
C42: Finance debt | F42: 5212 | G42: 6479 | H42: 3877 | I42: 3198 | J42: 2499 | K42: 2338 | L42: 2872 | M42: 3284 | N42: 4665 | O42: 4142 | P42: 4484 | Q42: 4474 | R42: 4856 | S42: 5843 | T42: 6091 | U42: 3356 | V42: 7624 | W42: 5888
C43: Current tax payable | F43: 2917 | G43: 3817 | H43: 4120 | I43: 4065 | J43: 3583 | K43: 3550 | L43: 3054 | M43: 2732 | N43: 2804 | O43: 2894 | P43: 1706 | Q43: 1573 | R43: 1923 | S43: 2243 | T43: 1562 | U43: 1262 | V43: 2072 | W43: 3215
C44: Provisions | F44: 5811 | G44: 6154 | H44: 6857 | I44: 6332 | J44: 5102 | K44: 4574 | L44: 4193 | M44: 4418 | N44: 3579 | O44: 4016 | P44: 4106 | Q44: 3600 | R44: 4436 | S44: 5101 | T44: 5003 | U44: 4709 | V44: 6134 | W44: 7095
F45: 98618 | G45: 106936 | H45: 103754 | I45: 98697 | J45: 84587 | K45: 81465 | L45: 85595 | M45: 86016 | N45: 82258 | O45: 81347 | P45: 76987 | Q45: 81136 | R45: 81633 | S45: 82713 | T45: 79026 | U45: 78987 | V45: 102194 | W45: 93280
B46: Liabilities directly associated with assets classified as held for sale | F46: 2567 | G46: 2571 | H46: 388 | I46: 321 | J46: 0 | K46: 0 | L46: 0 | M46: 62 | N46: 30 | O46: 31 | P46: 32 | Q46: 1105 | R46: 1179 | S46: 1378 | T46: 1334 | U46: 1594 | V46: 2512 | W46: 2084
F47: 101185 | G47: 109507 | H47: 104142 | I47: 99018 | J47: 84587 | K47: 81465 | L47: 85595 | M47: 86078 | N47: 82288 | O47: 81378 | P47: 77019 | Q47: 82241 | R47: 82812 | S47: 84091 | T47: 80360 | U47: 80581 | V47: 104706 | W47: 95364
B48: Non-current liabilities
C49: Other payables | F49: 10385 | G49: 9124 | H49: 9313 | I49: 10387 | J49: 10181 | K49: 9282 | L49: 9465 | M49: 10076 | N49: 9914 | O49: 8913 | P49: 9063 | Q49: 9409 | R49: 9106 | S49: 8016 | T49: 8086 | U49: 7975 | V49: 7857 | W49: 6843
C50: Derivative financial instruments | F50: 9065 | G50: 12918 | H50: 16430 | I50: 13537 | J50: 11412 | K50: 11071 | L50: 11409 | M50: 10402 | N50: 11140 | O50: 12032 | P50: 12303 | Q50: 18532 | R50: 17670 | S50: 15670 | T50: 17415 | U50: 19667 | V50: 19054 | W50: 22274
C51: Accruals | F51: 930 | G51: 896 | H51: 1024 | I51: 1233 | J51: 1307 | K51: 1245 | L51: 1273 | M51: 1310 | N51: 1286 | O51: 1096 | P51: 1197 | Q51: 1326 | R51: 1345 | S51: 1565 | T51: 1693 | U51: 1834 | V51: 1951 | W51: 1995
C52: Lease liabilities | F52: 6729 | G52: 6321 | H52: 6053 | I52: 6447 | J52: 6445 | K52: 8496 | L52: 8343 | M52: 8471 | N52: 8429 | O52: 8104 | P52: 8292 | Q52: 9340 | R52: 9770 | S52: 11771 | T52: 11868 | U52: 11739 | V52: 11459 | W52: 11395
C53: Finance debt | F53: 55394 | G53: 46387 | H53: 42683 | I53: 43746 | J53: 46096 | K53: 47400 | L53: 45938 | M53: 48670 | N53: 48348 | O53: 50844 | P53: 52986 | Q53: 55073 | R53: 53790 | S53: 54503 | T53: 54097 | U53: 54602 | V53: 52197 | W53: 52449
C54: Deferred tax liabilities | F54: 8498 | G54: 8360 | H54: 9016 | I54: 10526 | J54: 10886 | K54: 10648 | L54: 10293 | M54: 9617 | N54: 8980 | O54: 9125 | P54: 8950 | Q54: 8428 | R54: 8975 | S54: 8654 | T54: 8432 | U54: 7642 | V54: 7684 | W54: 7826
C55: Provisions | F55: 17830 | G55: 18229 | H55: 16517 | I55: 14992 | J55: 15214 | K55: 15572 | L55: 15497 | M55: 14721 | N55: 14835 | O55: 14571 | P55: 14649 | Q55: 14688 | R55: 15151 | S55: 15613 | T55: 15810 | U55: 15670 | V55: 15743 | W55: 15928
C56: Defined benefit pension plan and other post-employment benefit plan deficits | F56: 6977 | G56: 5828 | H56: 4971 | I56: 5244 | J56: 5352 | K56: 5285 | L56: 4747 | M56: 5456 | N56: 5275 | O56: 5122 | P56: 5303 | Q56: 4873 | R56: 4825 | S56: 5074 | T56: 5053 | U56: 4816 | V56: 4131 | W56: 4133
F57: 115808 | G57: 108063 | H57: 106007 | I57: 106112 | J57: 106893 | K57: 108999 | L57: 106965 | M57: 108723 | N57: 108207 | O57: 109807 | P57: 112743 | Q57: 121669 | R57: 120632 | S57: 120866 | T57: 122454 | U57: 123945 | V57: 120076 | W57: 122843
B58: Total liabilities | F58: 216993 | G58: 217570 | H58: 210149 | I58: 205130 | J58: 191480 | K58: 190464 | L58: 192560 | M58: 194801 | N58: 190495 | O58: 191185 | P58: 189762 | Q58: 203910 | R58: 203444 | S58: 204957 | T58: 202814 | U58: 204526 | V58: 224782 | W58: 218207
B59: Net assets | F59: 78519 | G59: 81563 | H59: 73333 | I59: 82990 | J59: 87181 | K59: 85603 | L59: 87676 | M59: 85493 | N59: 84940 | O59: 82199 | P59: 79946 | Q59: 78318 | R59: 77952 | S59: 79780 | T59: 77645 | U59: 74000 | V59: 76961 | W59: 76420
B60: Equity
C61: bp shareholders’ equity | F61: 63299 | G61: 66609 | H61: 58181 | I61: 67553 | J61: 71775 | K61: 70339 | L61: 72418 | M61: 70283 | N61: 69770 | O61: 67024 | P61: 64826 | Q61: 59246 | R61: 58215 | S61: 59240 | T61: 58244 | U61: 53052 | V61: 55962 | W61: 58428
C62: Non-controlling interests | F62: 15220 | G62: 14954 | H62: 15152 | I62: 15437 | J62: 15406 | K62: 15264 | L62: 15258 | M62: 15210 | N62: 15170 | O62: 15175 | P62: 15120 | Q62: 19072 | R62: 19737 | S62: 20540 | T62: 19401 | U62: 20948 | V62: 20999 | W62: 17992
B63: Total equity | F63: 78519 | G63: 81563 | H63: 73333 | I63: 82990 | J63: 87181 | K63: 85603 | L63: 87676 | M63: 85493 | N63: 84940 | O63: 82199 | P63: 79946 | Q63: 78318 | R63: 77952 | S63: 79780 | T63: 77645 | U63: 74000 | V63: 76961 | W63: 76420

Sheet Group SOCIE 
B1: =Summary!$B$1 -> Financial and Operating Information 2022 - 2026
B2: Group information
B5: Condensed group statement of changes in equity
Y7: $ million
D8: Footnotes | F8: Q1 2022 | G8: Q2 2022 | H8: Q3 2022 | I8: Q4 2022 | J8: Q1 2023 | K8: Q2 2023 | L8: Q3 2023 | M8: Q4 2023 | N8: Q1 2024 | O8: Q2 2024 | P8: Q3 2024 | Q8: Q4 2024 | R8: Q1 2025 | S8: Q2 2025 | T8: Q3 2025 | U8: Q4 2025 | V8: Q1 2026 | W8: Q2 2026 | X8: Q3 2026 | Y8: Q4 2026
C10: bp shareholders' equity | D10: d
C12: At year start | F12: 75463 | G12: 75463 | H12: 75463 | I12: 75463 | J12: 67553 | K12: 67553 | L12: 67553 | M12: 67553 | N12: 70283 | O12: 70283 | P12: 70283 | Q12: 70283 | R12: 59246 | S12: 59246 | T12: 59246 | U12: 59246 | V12: 53052 | W12: 53052
C13: Total comprehensive income | F13: -9678 | G13: -2936 | H13: -6978 | I13: 5782 | J13: 8861 | K13: 10101 | L13: 14241 | M13: 14702 | N13: 2303 | O13: 1783 | P13: 2705 | Q13: 7 | R13: 1556 | S13: 4439 | T13: 5165 | U13: 1872 | V13: 3916 | W13: 7616
C14: Dividends | F14: -1069 | G14: -2130 | H14: -3267 | I14: -4365 | J14: -1189 | K14: -2348 | L14: -3598 | M14: -4831 | N14: -1222 | O14: -2431 | P14: -3739 | Q14: -5018 | R14: -1265 | S14: -2515 | T14: -3805 | U14: -5087 | V14: -1280 | W14: -2574
C15: Cash flow hedges transferred to the balance sheet, net of tax | F15: -1 | G15: -1 | H15: 0 | I15: 1 | J15: 0 | K15: 0 | L15: 0 | M15: -1 | N15: -2 | O15: -4 | P15: -8 | Q15: -10 | R15: -1 | S15: -4 | T15: -5 | U15: -6 | V15: -1 | W15: -1
C16: Issue of ordinary share capital | D16: c | F16: 0 | G16: 820 | H16: 820 | I16: 820 | J16: 0 | K16: 0 | L16: 0 | M16: 0 | N16: 0 | O16: 0 | P16: 0 | Q16: 0 | R16: 0 | S16: 0 | T16: 0 | U16: 0 | V16: 0 | W16: 0
C17: Repurchase of ordinary share capital | F17: -1592 | G17: -4490 | H17: -7988 | I17: -10493 | J17: -3421 | K17: -5166 | L17: -6666 | M17: -8167 | N17: -1751 | O17: -3502 | P17: -5554 | Q17: -7302 | R17: -1753 | S17: -2511 | T17: -3261 | U17: -4012 | V17: -114 | W17: -114
C18: Share-based payments, net of tax | F18: 175 | G18: 380 | H18: 631 | I18: 847 | J18: -29 | K18: 205 | L18: 531 | M18: 669 | N18: 154 | O18: 654 | P18: 903 | Q18: 1083 | R18: 432 | S18: 594 | T18: 908 | U18: 1112 | V18: 374 | W18: 498
C19: Share of equity-accounted entities' changes in equity, net of tax | F19: 0 | G19: 0 | H19: 0 | I19: 0 | J19: 0 | K19: 0 | L19: 0 | M19: 1 | N19: 0 | O19: 0 | P19: 0 | Q19: 0 | R19: 0 | S19: 0 | T19: 1 | U19: 1 | V19: 0 | W19: 0
C20: Issue of perpetual hybrid bonds | D20: a,b | F20: -1 | G20: -2 | H20: -3 | I20: -4 | J20: 0 | K20: -1 | L20: -1 | M20: -1 | N20: -4 | O20: -4 | P20: -4 | Q20: -22 | R20: 0 | S20: 0 | T20: 0 | U20: 0 | V20: 0 | W20: 0
C21: Redemption of perpetual hybrid bonds, net of tax | D21: a | F21: 0 | G21: 0 | H21: 0 | I21: 0 | J21: 0 | K21: 0 | L21: 0 | M21: 0 | N21: 9 | O21: 9 | P21: 9 | Q21: 9 | R21: 0 | S21: 0 | T21: 0 | U21: 0 | V21: 0 | W21: -65
C22: Payments on perpetual hybrid bonds | F22: 0 | G22: 15 | H22: 15 | I22: 15 | J22: 0 | K22: -5 | L22: -5 | M22: -5 | N22: 0 | O22: 0 | P22: 0 | Q22: 0 | R22: 0 | S22: -9 | T22: -9 | U22: -9 | V22: -1 | W22: 0
C23: Transactions involving non-controlling interests, net of tax | F23: 2 | G23: -510 | H23: -512 | I23: -513 | J23: 0 | K23: 0 | L23: 363 | M23: 363 | N23: 0 | O23: 236 | P23: 231 | Q23: 216 | R23: 0 | S23: 0 | T23: 4 | U23: -65 | V23: 16 | W23: 16
C24: At quarter end | F24: 63299 | G24: 66609 | H24: 58181 | I24: 67553 | J24: 71775 | K24: 70339 | L24: 72418 | M24: 70283 | N24: 69770 | O24: 67024 | P24: 64826 | Q24: 59246 | R24: 58215 | S24: 59240 | T24: 58244 | U24: 53052 | V24: 55962 | W24: 58428
C26: Non-controlling interests - Hybrid Bonds
C28: At year start | F28: 13041 | G28: 13041 | H28: 13041 | I28: 13041 | J28: 13390 | K28: 13390 | L28: 13390 | M28: 13390 | N28: 13566 | O28: 13566 | P28: 13566 | Q28: 13566 | R28: 16649 | S28: 16649 | T28: 16649 | U28: 16649 | V28: 15955 | W28: 15955
C29: Total comprehensive income | F29: 127 | G29: 254 | H29: 383 | I29: 519 | J29: 142 | K29: 288 | L29: 438 | M29: 586 | N29: 154 | O29: 310 | P29: 470 | Q29: 641 | R29: 197 | S29: 402 | T29: 607 | U29: 799 | V29: 185 | W29: 371
C30: Dividends | F30: 0 | G30: 0 | H30: 0 | I30: 0 | J30: 0 | K30: 0 | L30: 0 | M30: 0 | N30: 0 | O30: 0 | P30: 0 | Q30: 0 | R30: 0 | S30: 0 | T30: 0 | U30: 0 | V30: 0 | W30: 0
C31: Cash flow hedges transferred to the balance sheet, net of tax | F31: 0 | G31: 0 | H31: 0 | I31: 0 | J31: 0 | K31: 0 | L31: 0 | M31: 0 | N31: 0 | O31: 0 | P31: 0 | Q31: 0 | R31: 0 | S31: 0 | T31: 0 | U31: 0 | V31: 0 | W31: 0
C32: Issue of ordinary share capital | F32: 0 | G32: 0 | H32: 0 | I32: 0 | J32: 0 | K32: 0 | L32: 0 | M32: 0 | N32: 0 | O32: 0 | P32: 0 | Q32: 0 | R32: 0 | S32: 0 | T32: 0 | U32: 0 | V32: 0 | W32: 0
C33: Repurchase of ordinary share capital | F33: 0 | G33: 0 | H33: 0 | I33: 0 | J33: 0 | K33: 0 | L33: 0 | M33: 0 | N33: 0 | O33: 0 | P33: 0 | Q33: 0 | R33: 0 | S33: 0 | T33: 0 | U33: 0 | V33: 0 | W33: 0
C34: Share-based payments, net of tax | F34: 0 | G34: 0 | H34: 0 | I34: 0 | J34: 0 | K34: 0 | L34: 0 | M34: 0 | N34: 0 | O34: 0 | P34: 0 | Q34: 0 | R34: 0 | S34: 0 | T34: 0 | U34: 0 | V34: 0 | W34: 0
C35: Share of equity-accounted entities' changes in equity, net of tax | F35: 0 | G35: 0 | H35: 0 | I35: 0 | J35: 0 | K35: 0 | L35: 0 | M35: 0 | N35: 0 | O35: 0 | P35: 0 | Q35: 0 | R35: 0 | S35: 0 | T35: 0 | U35: 0 | V35: 0 | W35: 0
C36: Issue of perpetual hybrid bonds | D36: a,b | F36: 67 | G36: 130 | H36: 325 | I36: 374 | J36: 45 | K36: 133 | L36: 163 | M36: 176 | N36: 1300 | O36: 1300 | P36: 1300 | Q36: 4352 | R36: 500 | S36: 500 | T36: 500 | U36: 500 | V36: 0 | W36: 0
C37: Redemption of perpetual hybrid bonds, net of tax | D37: a | F37: 0 | G37: 0 | H37: 0 | I37: 0 | J37: 0 | K37: 0 | L37: 0 | M37: 0 | N37: -1300 | O37: -1300 | P37: -1300 | Q37: -1300 | R37: 0 | S37: 0 | T37: -1200 | U37: -1200 | V37: 0 | W37: -2816
C38: Payments on perpetual hybrid bonds | F38: -72 | G38: -394 | H38: -462 | I38: -544 | J38: -80 | K38: -409 | L38: -494 | M38: -586 | N38: -84 | O38: -419 | P38: -520 | Q38: -610 | R38: -103 | S38: -511 | T38: -618 | U38: -793 | V38: -106 | W38: -495
C39: Transactions involving non-controlling interests, net of tax | F39: 0 | G39: 0 | H39: 0 | I39: 0 | J39: 0 | K39: 0 | L39: 0 | M39: 0 | N39: 0 | O39: 0 | P39: 0 | Q39: 0 | R39: 0 | S39: 0 | T39: 0 | U39: 0 | V39: 0 | W39: 0
C40: At quarter end | F40: 13163 | G40: 13031 | H40: 13287 | I40: 13390 | J40: 13497 | K40: 13402 | L40: 13497 | M40: 13566 | N40: 13636 | O40: 13457 | P40: 13516 | Q40: 16649 | R40: 17243 | S40: 17040 | T40: 15938 | U40: 15955 | V40: 16034 | W40: 13015
C42: Non-controlling interests - Other Interest
C44: At year start | F44: 1935 | G44: 1935 | H44: 1935 | I44: 1935 | J44: 2047 | K44: 2047 | L44: 2047 | M44: 2047 | N44: 1644 | O44: 1644 | P44: 1644 | Q44: 1644 | R44: 2423 | S44: 2423 | T44: 2423 | U44: 2423 | V44: 4993 | W44: 4993
C45: Total comprehensive income | F45: 187 | G45: 272 | H45: 276 | I45: 550 | J45: 75 | K45: 94 | L45: 126 | M45: 81 | N45: -31 | O45: 13 | P45: 41 | Q45: 120 | R45: 143 | S45: 330 | T45: 458 | U45: 556 | V45: 156 | W45: 373
C46: Dividends | F46: -65 | G46: -128 | H46: -194 | I46: -294 | J46: -68 | K46: -135 | L46: -326 | M46: -403 | N46: -126 | O46: -186 | P46: -282 | Q46: -375 | R46: -74 | S46: -219 | T46: -386 | U46: -524 | V46: -171 | W46: -377
C47: Cash flow hedges transferred to the balance sheet, net of tax | F47: 0 | G47: 0 | H47: 0 | I47: 0 | J47: 0 | K47: 0 | L47: 0 | M47: 0 | N47: 0 | O47: 0 | P47: 0 | Q47: 0 | R47: 0 | S47: 0 | T47: 0 | U47: 0 | V47: 0 | W47: 0
C48: Issue of ordinary share capital | F48: 0 | G48: 0 | H48: 0 | I48: 0 | J48: 0 | K48: 0 | L48: 0 | M48: 0 | N48: 0 | O48: 0 | P48: 0 | Q48: 0 | R48: 0 | S48: 0 | T48: 0 | U48: 0 | V48: 0 | W48: 0
C49: Repurchase of ordinary share capital | F49: 0 | G49: 0 | H49: 0 | I49: 0 | J49: 0 | K49: 0 | L49: 0 | M49: 0 | N49: 0 | O49: 0 | P49: 0 | Q49: 0 | R49: 0 | S49: 0 | T49: 0 | U49: 0 | V49: 0 | W49: 0
C50: Share-based payments, net of tax | F50: 0 | G50: 0 | H50: 0 | I50: 0 | J50: 0 | K50: 0 | L50: 0 | M50: 0 | N50: 0 | O50: 0 | P50: 0 | Q50: 0 | R50: 0 | S50: 0 | T50: 0 | U50: 0 | V50: 0 | W50: 0
C51: Share of equity-accounted entities' changes in equity, net of tax | F51: 0 | G51: 0 | H51: 0 | I51: 0 | J51: 0 | K51: 0 | L51: 0 | M51: 0 | N51: 0 | O51: 0 | P51: 0 | Q51: 0 | R51: 0 | S51: 0 | T51: 0 | U51: 0 | V51: 0 | W51: 0
C52: Issue of perpetual hybrid bonds | D52: a,b | F52: 0 | G52: 0 | H52: 0 | I52: 0 | J52: 0 | K52: 0 | L52: 0 | M52: 0 | N52: 0 | O52: 0 | P52: 0 | Q52: 0 | R52: 0 | S52: 0 | T52: 0 | U52: 0 | V52: 0 | W52: 0
C53: Redemption of perpetual hybrid bonds, net of tax | D53: a | F53: 0 | G53: 0 | H53: 0 | I53: 0 | J53: 0 | K53: 0 | L53: 0 | M53: 0 | N53: 0 | O53: 0 | P53: 0 | Q53: 0 | R53: 0 | S53: 0 | T53: 0 | U53: 0 | V53: 0 | W53: 0
C54: Payments on perpetual hybrid bonds | F54: 0 | G54: 0 | H54: 0 | I54: 0 | J54: 0 | K54: 0 | L54: 0 | M54: 0 | N54: 0 | O54: 0 | P54: 0 | Q54: 0 | R54: 0 | S54: 0 | T54: 0 | U54: 0 | V54: 0 | W54: 0
C55: Transactions involving non-controlling interests, net of tax | F55: 0 | G55: -156 | H55: -152 | I55: -144 | J55: -145 | K55: -144 | L55: -86 | M55: -81 | N55: 47 | O55: 247 | P55: 201 | Q55: 1034 | R55: 2 | S55: 966 | T55: 968 | U55: 2538 | V55: -13 | W55: -12
C56: At quarter end | F56: 2057 | G56: 1923 | H56: 1865 | I56: 2047 | J56: 1909 | K56: 1862 | L56: 1761 | M56: 1644 | N56: 1534 | O56: 1718 | P56: 1604 | Q56: 2423 | R56: 2494 | S56: 3500 | T56: 3463 | U56: 4993 | V56: 4965 | W56: 4977
C58: Total Equity
C60: At year start | F60: 90439 | G60: 90439 | H60: 90439 | I60: 90439 | J60: 82990 | K60: 82990 | L60: 82990 | M60: 82990 | N60: 85493 | O60: 85493 | P60: 85493 | Q60: 85493 | R60: 78318 | S60: 78318 | T60: 78318 | U60: 78318 | V60: =V12+V28+V44 -> 74000 | W60: =W12+W28+W44 -> 74000
C61: Total comprehensive income | F61: -9364 | G61: -2410 | H61: -6319 | I61: 6851 | J61: 9078 | K61: 10483 | L61: 14805 | M61: 15369 | N61: 2426 | O61: 2106 | P61: 3216 | Q61: 768 | R61: 1896 | S61: 5171 | T61: 6230 | U61: 3227 | V61: =V13+V29+V45 -> 4257 | W61: =W13+W29+W45 -> 8360
C62: Dividends | F62: -1134 | G62: -2258 | H62: -3461 | I62: -4659 | J62: -1257 | K62: -2483 | L62: -3924 | M62: -5234 | N62: -1348 | O62: -2617 | P62: -4021 | Q62: -5393 | R62: -1339 | S62: -2734 | T62: -4191 | U62: -5611 | V62: =V14+V30+V46 -> -1451 | W62: =W14+W30+W46 -> -2951
C63: Cash flow hedges transferred to the balance sheet, net of tax | F63: -1 | G63: -1 | H63: 0 | I63: 1 | J63: 0 | K63: 0 | L63: 0 | M63: -1 | N63: -2 | O63: -4 | P63: -8 | Q63: -10 | R63: -1 | S63: -4 | T63: -5 | U63: -6 | V63: =V15+V31+V47 -> -1 | W63: =W15+W31+W47 -> -1
C64: Issue of ordinary share capital | F64: 0 | G64: 820 | H64: 820 | I64: 820 | J64: 0 | K64: 0 | L64: 0 | M64: 0 | N64: 0 | O64: 0 | P64: 0 | Q64: 0 | R64: 0 | S64: 0 | T64: 0 | U64: 0 | V64: =V16+V32+V48 -> 0 | W64: =W16+W32+W48 -> 0
C65: Repurchase of ordinary share capital | F65: -1592 | G65: -4490 | H65: -7988 | I65: -10493 | J65: -3421 | K65: -5166 | L65: -6666 | M65: -8167 | N65: -1751 | O65: -3502 | P65: -5554 | Q65: -7302 | R65: -1753 | S65: -2511 | T65: -3261 | U65: -4012 | V65: =V17+V33+V49 -> -114 | W65: =W17+W33+W49 -> -114
C66: Share-based payments, net of tax | F66: 175 | G66: 380 | H66: 631 | I66: 847 | J66: -29 | K66: 205 | L66: 531 | M66: 669 | N66: 154 | O66: 654 | P66: 903 | Q66: 1083 | R66: 432 | S66: 594 | T66: 908 | U66: 1112 | V66: =V18+V34+V50 -> 374 | W66: =W18+W34+W50 -> 498
C67: Share of equity-accounted entities' changes in equity, net of tax | F67: 0 | G67: 0 | H67: 0 | I67: 0 | J67: 0 | K67: 0 | L67: 0 | M67: 1 | N67: 0 | O67: 0 | P67: 0 | Q67: 0 | R67: 0 | S67: 0 | T67: 1 | U67: 1 | V67: =V19+V35+V51 -> 0 | W67: =W19+W35+W51 -> 0
C68: Issue of perpetual hybrid bonds | D68: a,b | F68: 66 | G68: 128 | H68: 322 | I68: 370 | J68: 45 | K68: 132 | L68: 162 | M68: 175 | N68: 1296 | O68: 1296 | P68: 1296 | Q68: 4330 | R68: 500 | S68: 500 | T68: 500 | U68: 500 | V68: =V20+V36+V52 -> 0 | W68: =W20+W36+W52 -> 0
C69: Redemption of perpetual hybrid bonds, net of tax | D69: a | F69: 0 | G69: 0 | H69: 0 | I69: 0 | J69: 0 | K69: 0 | L69: 0 | M69: 0 | N69: -1291 | O69: -1291 | P69: -1291 | Q69: -1291 | R69: 0 | S69: 0 | T69: -1200 | U69: -1200 | V69: =V21+V37+V53 -> 0 | W69: =W21+W37+W53 -> -2881
C70: Payments on perpetual hybrid bonds | F70: -72 | G70: -379 | H70: -447 | I70: -529 | J70: -80 | K70: -414 | L70: -499 | M70: -591 | N70: -84 | O70: -419 | P70: -520 | Q70: -610 | R70: -103 | S70: -520 | T70: -627 | U70: -802 | V70: =V22+V38+V54 -> -107 | W70: =W22+W38+W54 -> -495
C71: Transactions involving non-controlling interests, net of tax | F71: 2 | G71: -666 | H71: -664 | I71: -657 | J71: -145 | K71: -144 | L71: 277 | M71: 282 | N71: 47 | O71: 483 | P71: 432 | Q71: 1250 | R71: 2 | S71: 966 | T71: 972 | U71: 2473 | V71: =V23+V39+V55 -> 3 | W71: =W23+W39+W55 -> 4
C72: At quarter end | F72: 78519 | G72: 81563 | H72: 73333 | I72: 82990 | J72: 87181 | K72: 85603 | L72: 87676 | M72: 85493 | N72: 84940 | O72: 82199 | P72: 79946 | Q72: 78318 | R72: 77952 | S72: 79780 | T72: 77645 | U72: 74000 | V72: =SUM(V60:V71) -> 76961 | W72: =SUM(W60:W71) -> 76420

Sheet Gulf of America oil spill
B1: =Summary!$B$1 -> Financial and Operating Information 2022 - 2026
B2: Group information
Z3: Contents
B5: Gulf of America oil spill
AD7: $ million
D8: Footnotes | F8: Q1 | G8: Q2 | H8: Q3 | I8: Q4 | J8: 2022 | K8: Q1 | L8: Q2 | M8: Q3 | N8: Q4 | O8: 2023 | P8: Q1 | Q8: Q2 | R8: Q3 | S8: Q4 | T8: 2024 | U8: Q1 | V8: Q2 | W8: Q3 | X8: Q4 | Y8: 2025 | Z8: Q1 | AA8: Q2 | AB8: Q3 | AC8: Q4 | AD8: 2026
B9: Trade and other payables | F9: -10493 | G9: -9387 | H9: -9461 | I9: -9563 | J9: -9563 | K9: -9656 | L9: -8546 | M9: -8636 | N9: -8733 | O9: -8733 | P9: -8824 | Q9: -7783 | R9: -7867 | S9: -7956 | T9: -7956 | U9: -8150 | V9: -7098 | W9: -7170 | X9: -7255 | Y9: -7255 | Z9: -6937 | AA9: -5877 | AD9: -5877
B10: Provisions | F10: -3 | G10: -3 | H10: -3 | I10: -3 | J10: -3 | K10: -3 | L10: -3 | M10: -3 | N10: -2 | O10: -2 | P10: -2 | Q10: -2 | R10: -2 | S10: -2 | T10: -2 | U10: -2 | V10: -2 | W10: -2 | X10: -1 | Y10: -1 | Z10: -1 | AA10: -1 | AD10: -1
B11: Gulf of America oil spill payables and provisions | F11: -10496 | G11: -9390 | H11: -9464 | I11: -9566 | J11: -9566 | K11: -9659 | L11: -8549 | M11: -8639 | N11: -8735 | O11: -8735 | P11: -8826 | Q11: -7785 | R11: -7869 | S11: -7958 | T11: -7958 | U11: -8152 | V11: -7100 | W11: -7172 | X11: -7256 | Y11: -7256 | Z11: -6938 | AA11: -5878 | AD11: -5878
C12: Of which - current | F12: -1254 | G12: -1217 | H12: -1204 | I12: -1216 | J12: -1216 | K12: -1220 | L12: -1111 | M12: -1122 | N12: -1133 | O12: -1133 | P12: -1138 | Q12: -1104 | R12: -1115 | S12: -1127 | T12: -1127 | U12: -1535 | V12: -1500 | W12: -1512 | X12: -1522 | Y12: -1522 | Z12: -1137 | AA12: -1120 | AD12: -1120
B14: Deferred tax asset | F14: 3438 | G14: 2340 | H14: 2255 | I14: 1444 | J14: 1444 | K14: 1455 | L14: 1293 | M14: 1306 | N14: 1320 | O14: 1320 | P14: 1334 | Q14: 1180 | R14: 1192 | S14: 1205 | T14: 1205 | U14: 1242 | V14: 1086 | W14: 1097 | X14: 1110 | Y14: 1110 | Z14: 1034 | AA14: 877 | AD14: 877
B16: Pre-tax cash flows | F16: -66 | G16: -1230 | H16: -50 | I16: -24 | J16: -1370 | K16: -21 | L16: -1222 | M16: -25 | N16: -11 | O16: -1279 | P16: -18 | Q16: -1137 | R16: -24 | S16: -13 | T16: -1192 | U16: -11 | V16: -1138 | W16: -14 | X16: -6 | Y16: -1169 | Z16: -400 | AA16: -1129 | AD16: -1529
B18: Post tax cash flows

Sheet Working capital reconciliation
B1: =Summary!$B$1 -> Financial and Operating Information 2022 - 2026
B2: Group information
B5: Working capital reconciliation
AD7: $ million
D8: Footnotes | F8: Q1 | G8: Q2 | H8: Q3 | I8: Q4 | J8: 2022 | K8: Q1 | L8: Q2 | M8: Q3 | N8: Q4 | O8: 2023 | P8: Q1 | Q8: Q2 | R8: Q3 | S8: Q4 | T8: 2024 | U8: Q1 | V8: Q2 | W8: Q3 | X8: Q4 | Y8: 2025 | Z8: Q1 | AA8: Q2 | AB8: Q3 | AC8: Q4 | AD8: 2026
B9: Movements in inventories and other current and non-current assets and liabilities as per condensed group cash flow statement | D9: =Footnotes!B35 -> a | F9: -1771 | G9: -4416 | H9: 6764 | I9: -6847 | J9: -6270 | K9: -3755 | L9: -742 | M9: -783 | N9: 1942 | O9: -3338 | P9: -2131 | Q9: 1556 | R9: 1798 | S9: 2752 | T9: 3975 | U9: -5069 | V9: -2030 | W9: 494 | X9: 1785 | Y9: -4820 | Z9: -10542 | AA9: -2675 | AD9: -13217
B10: Adjusted for inventory holding gains (losses) (excluding Rosneft) | F10: 3501 | G10: 2146 | H10: -2868 | I10: -1428 | J10: 1351 | K10: -600 | L10: -732 | M10: 1593 | N10: -1497 | O10: -1236 | P10: 851 | Q10: -136 | R10: -1182 | S10: -21 | T10: -488 | U10: 159 | V10: -554 | W10: -82 | X10: -874 | Y10: -1351 | Z10: 4159 | AA10: -870 | AD10: 3289
B11: Adjusted for fair value accounting effects relating to subsidiaries | F11: -5817 | G11: -676 | H11: -10068 | I11: 13288 | J11: -3273 | K11: 4242 | L11: 1053 | M11: 1443 | N11: 2610 | O11: 9348 | P11: -274 | Q11: -1071 | R11: 319 | S11: -992 | T11: -2018 | U11: 959 | V11: 554 | W11: 177 | X11: 608 | Y11: 2298 | Z11: -1101 | AA11: 906 | AD11: -195
B12: Other adjusting items | D12: =Footnotes!B36 -> b | F12: 438 | G12: 1011 | H12: 645 | I12: -815 | J12: 1279 | K12: -1298 | L12: 558 | M12: -300 | N12: -966 | O12: -2006 | P12: -834 | Q12: 182 | R12: 451 | S12: -460 | T12: -661 | U12: 601 | V12: 646 | W12: 322 | X12: -594 | Y12: 975 | Z12: 1454 | AA12: 1623 | AD12: 3077
B13: Working capital release (build) after adjusting for net inventory holding gains (losses), fair value accounting effects and other adjusting items | F13: -3649 | G13: -1935 | H13: -5527 | I13: 4198 | J13: -6913 | K13: -1411 | L13: 137 | M13: 1953 | N13: 2089 | O13: 2768 | P13: -2388 | Q13: 531 | R13: 1386 | S13: 1279 | T13: 808 | U13: -3350 | V13: -1384 | W13: 911 | X13: 925 | Y13: -2898 | Z13: =SUM(Z9:Z12) -> -6030 | AA13: =SUM(AA9:AA12) -> -1016 | AB13: =SUM(AB9:AB12) -> 0 | AC13: =SUM(AC9:AC12) -> 0 | AD13: =SUM(AD9:AD12) -> -7046

Sheet Capital exp cash basis
B1: =Summary!$B$1 -> Financial and Operating Information 2022 - 2026
B2: Group information
Z3: Contents
B5: Capital expenditure on a cash basis
AD7: $ million
D8: Footnotes | F8: Q1 | G8: Q2 | H8: Q3 | I8: Q4 | J8: 2022 | K8: Q1 | L8: Q2 | M8: Q3 | N8: Q4 | O8: 2023 | P8: Q1 | Q8: Q2 | R8: Q3 | S8: Q4 | T8: 2024 | U8: Q1 | V8: Q2 | W8: Q3 | X8: Q4 | Y8: 2025 | Z8: Q1 | AA8: Q2 | AB8: Q3 | AC8: Q4 | AD8: 2026
B9: Total capital expenditure by segment
B10: gas & low carbon energy
C11: US | D11: =Footnotes!B39 -> c | F11: 144 | G11: 117 | H11: 69 | I11: 3537 | J11: 3867 | K11: 470 | L11: 238 | M11: 168 | N11: 434 | O11: 1310 | P11: 183 | Q11: 212 | R11: 117 | S11: 354 | T11: 866 | U11: 99 | V11: 58 | W11: 151 | X11: 103 | Y11: 411 | Z11: 51 | AA11: 47 | AD11: 98
C12: Non-US | F12: 717 | G12: 706 | H12: 889 | I12: 1102 | J12: 3414 | K12: 756 | L12: 735 | M12: 924 | N12: 1048 | O12: 3463 | P12: 1230 | Q12: 940 | R12: 2039 | S12: 767 | T12: 4976 | U12: 804 | V12: 732 | W12: 677 | X12: 786 | Y12: 2999 | Z12: 644 | AA12: 729 | AD12: 1373
F13: 861 | G13: 823 | H13: 958 | I13: 4639 | J13: 7281 | K13: 1226 | L13: 973 | M13: 1092 | N13: 1482 | O13: 4773 | P13: 1413 | Q13: 1152 | R13: 2156 | S13: 1121 | T13: 5842 | U13: 903 | V13: 790 | W13: 828 | X13: 889 | Y13: 3410 | Z13: 695 | AA13: 776 | AD13: 1471
B14: gas | D14: =Footnotes!B38 -> b | F14: 642 | G14: 681 | H14: 872 | I14: 4062 | J14: 6257 | K14: 860 | L14: 783 | M14: 870 | N14: 1004 | O14: 3517 | P14: 754 | Q14: 1016 | R14: 1248 | S14: 1228 | T14: 4246 | U14: 774 | V14: 688 | W14: 727 | X14: 757 | Y14: 2946 | Z14: 635 | AA14: 717 | AD14: 1352
B15: low carbon | F15: 219 | G15: 142 | H15: 86 | I15: 577 | J15: 1024 | K15: 366 | L15: 190 | M15: 222 | N15: 478 | O15: 1256 | P15: 659 | Q15: 136 | R15: 908 | S15: -107 | T15: 1596 | U15: 129 | V15: 102 | W15: 101 | X15: 132 | Y15: 464 | Z15: 60 | AA15: 59 | AD15: 119
F16: 861 | G16: 823 | H16: 958 | I16: 4639 | J16: 7281 | K16: 1226 | L16: 973 | M16: 1092 | N16: 1482 | O16: 4773 | P16: 1413 | Q16: 1152 | R16: 2156 | S16: 1121 | T16: 5842 | U16: 903 | V16: 790 | W16: 828 | X16: 889 | Y16: 3410 | Z16: 695 | AA16: 776 | AD16: 1471
B17: oil production & operations
C18: US | F18: 678 | G18: 869 | H18: 1014 | I18: 1024 | J18: 3585 | K18: 1013 | L18: 1100 | M18: 1187 | N18: 1176 | O18: 4476 | P18: 1197 | Q18: 1144 | R18: 935 | S18: 974 | T18: 4250 | U18: 1070 | V18: 1157 | W18: 1184 | X18: 1127 | Y18: 4538 | Z18: 1363 | AA18: 1208 | AD18: 2571
C19: Non-US | F19: 576 | G19: 339 | H19: 372 | I19: 406 | J19: 1693 | K19: 507 | L19: 378 | M19: 457 | N19: 460 | O19: 1802 | P19: 579 | Q19: 390 | R19: 475 | S19: 504 | T19: 1948 | U19: 626 | V19: 549 | W19: 538 | X19: 509 | Y19: 2222 | Z19: 528 | AA19: 525 | AD19: 1053
F20: 1254 | G20: 1208 | H20: 1386 | I20: 1430 | J20: 5278 | K20: 1520 | L20: 1478 | M20: 1644 | N20: 1636 | O20: 6278 | P20: 1776 | Q20: 1534 | R20: 1410 | S20: 1478 | T20: 6198 | U20: 1696 | V20: 1706 | W20: 1722 | X20: 1636 | Y20: 6760 | Z20: 1891 | AA20: 1733 | AD20: 3624
B21: customers & products | D21: =Footnotes!B37 -> a
C22: US | D22: =Footnotes!B39 -> c | F22: 262 | G22: 249 | H22: 278 | I22: 347 | J22: 1136 | K22: 198 | L22: 1297 | M22: 214 | N22: 532 | O22: 2241 | P22: 365 | Q22: 267 | R22: 317 | S22: 413 | T22: 1362 | U22: 244 | V22: 352 | W22: 250 | X22: 285 | Y22: 1131 | Z22: 174 | AA22: 157 | AD22: 331
C23: Non-US | F23: 453 | G23: 426 | H23: 435 | I23: 772 | J23: 2086 | K23: 579 | L23: 475 | M23: 551 | N23: 915 | O23: 2520 | P23: 640 | Q23: 631 | R23: 554 | S23: 602 | T23: 2427 | U23: 699 | V23: 445 | W23: 520 | X23: 1276 | Y23: 2940 | Z23: 483 | AA23: 381 | AD23: 864
F24: 715 | G24: 675 | H24: 713 | I24: 1119 | J24: 3222 | K24: 777 | L24: 1772 | M24: 765 | N24: 1447 | O24: 4761 | P24: 1005 | Q24: 898 | R24: 871 | S24: 1015 | T24: 3789 | U24: 943 | V24: 797 | W24: 770 | X24: 1561 | Y24: 4071 | Z24: 657 | AA24: 538 | AD24: 1195
B25: other businesses & corporate
C26: US | F26: 13 | G26: 18 | H26: 16 | I26: 21 | J26: 68 | K26: 16 | L26: 25 | M26: 14 | N26: 23 | O26: 78 | P26: 31 | Q26: 13 | R26: 20 | S26: 24 | T26: 88 | U26: 20 | V26: 9 | W26: 6 | X26: 14 | Y26: 49 | Z26: 14 | AA26: 11 | AD26: 25
C27: Non-US | F27: 86 | G27: 114 | H27: 121 | I27: 160 | J27: 481 | K27: 86 | L27: 66 | M27: 88 | N27: 123 | O27: 363 | P27: 53 | Q27: 94 | R27: 85 | S27: 88 | T27: 320 | U27: 61 | V27: 59 | W27: 55 | X27: 68 | Y27: 243 | Z27: 33 | AA27: 28 | AD27: 61
F28: 99 | G28: 132 | H28: 137 | I28: 181 | J28: 549 | K28: 102 | L28: 91 | M28: 102 | N28: 146 | O28: 441 | P28: 84 | Q28: 107 | R28: 105 | S28: 112 | T28: 408 | U28: 81 | V28: 68 | W28: 61 | X28: 82 | Y28: 292 | Z28: 47 | AA28: 39 | AD28: 86
F29: 2929 | G29: 2838 | H29: 3194 | I29: 7369 | J29: 16330 | K29: 3625 | L29: 4314 | M29: 3603 | N29: 4711 | O29: 16253 | P29: 4278 | Q29: 3691 | R29: 4542 | S29: 3726 | T29: 16237 | U29: 3623 | V29: 3361 | W29: 3381 | X29: 4168 | Y29: 14533 | Z29: 3290 | AA29: 3086 | AD29: 6376
B31: Total capital expenditure by geographical area
C32: US | F32: 1097 | G32: 1253 | H32: 1377 | I32: 4929 | J32: 8656 | K32: 1697 | L32: 2661 | M32: 1583 | N32: 2164 | O32: 8105 | P32: 1776 | Q32: 1636 | R32: 1389 | S32: 1765 | T32: 6566 | U32: 1433 | V32: 1576 | W32: 1591 | X32: 1529 | Y32: 6129 | Z32: 1602 | AA32: 1423 | AD32: 3025
C33: Non-US | F33: 1832 | G33: 1585 | H33: 1817 | I33: 2440 | J33: 7674 | K33: 1928 | L33: 1653 | M33: 2020 | N33: 2547 | O33: 8148 | P33: 2502 | Q33: 2055 | R33: 3153 | S33: 1961 | T33: 9671 | U33: 2190 | V33: 1785 | W33: 1790 | X33: 2639 | Y33: 8404 | Z33: 1688 | AA33: 1663 | AD33: 3351
F34: 2929 | G34: 2838 | H34: 3194 | I34: 7369 | J34: 16330 | K34: 3625 | L34: 4314 | M34: 3603 | N34: 4711 | O34: 16253 | P34: 4278 | Q34: 3691 | R34: 4542 | S34: 3726 | T34: 16237 | U34: 3623 | V34: 3361 | W34: 3381 | X34: 4168 | Y34: 14533 | Z34: 3290 | AA34: 3086 | AD34: 6376
B35: Capital expenditure split by organic/inorganic
C36: Organic capital expenditure | F36: 2573 | G36: 2845 | H36: 3191 | I36: 3861 | J36: 12470 | K36: 3495 | L36: 3233 | M36: 3597 | N36: 4673 | O36: 14998 | P36: 3979 | Q36: 3586 | R36: 4341 | S36: 4229 | T36: 16135 | U36: 3440 | V36: 3321 | W36: 3328 | X36: 3524 | Y36: 13613 | Z36: 3276 | AA36: 3086 | AD36: 6362
C37: Inorganic capital expenditure | D37: =Footnotes!B38 -> b | F37: 356 | G37: -7 | H37: 3 | I37: 3508 | J37: 3860 | K37: 130 | L37: 1081 | M37: 6 | N37: 38 | O37: 1255 | P37: 299 | Q37: 105 | R37: 201 | S37: -503 | T37: 102 | U37: 183 | V37: 40 | W37: 53 | X37: 644 | Y37: 920 | Z37: 14 | AA37: 0 | AD37: 14
F38: 2929 | G38: 2838 | H38: 3194 | I38: 7369 | J38: 16330 | K38: 3625 | L38: 4314 | M38: 3603 | N38: 4711 | O38: 16253 | P38: 4278 | Q38: 3691 | R38: 4542 | S38: 3726 | T38: 16237 | U38: 3623 | V38: 3361 | W38: 3381 | X38: 4168 | Y38: 14533 | Z38: 3290 | AA38: 3086 | AD38: 6376

Sheet Net debt & net debt incl leases
B1: =Summary!$B$1 -> Financial and Operating Information 2022 - 2026
B2: Group information
X3: Contents
B5: Net debt and net debt including leases
Y7: $ million
D8: Footnotes | F8: Q1 2022 | G8: Q2 2022 | H8: Q3 2022 | I8: Q4 2022 | J8: Q1 2023 | K8: Q2 2023 | L8: Q3 2023 | M8: Q4 2023 | N8: Q1 2024 | O8: Q2 2024 | P8: Q3 2024 | Q8: Q4 2024 | R8: Q1 2025 | S8: Q2 2025 | T8: Q3 2025 | U8: Q4 2025 | V8: Q1 2026 | W8: Q2 2026 | X8: Q3 2026 | Y8: Q4 2026
B9: Finance debt | D9: =Footnotes!B40 -> a | F9: 60606 | G9: 52866 | H9: 46560 | I9: 46944 | J9: 48595 | K9: 49738 | L9: 48810 | M9: 51954 | N9: 53013 | O9: 54986 | P9: 57470 | Q9: 59547 | R9: 58646 | S9: 60346 | T9: 60188 | U9: 57958 | V9: 59821 | W9: 58337
B10: Fair value (asset) liability of hedges related to finance debt | D10: =Footnotes!B41 -> b | F10: 1265 | G10: 3058 | H10: 4746 | I10: 3673 | J10: 3070 | K10: 2836 | L10: 3440 | M10: 1988 | N10: 2512 | O10: 2519 | P10: 1393 | Q10: 2654 | R10: 2096 | S10: 764 | T10: 775 | U10: 780 | V10: 1181 | W10: 1082
F11: 61871 | G11: 55924 | H11: 51306 | I11: 50617 | J11: 51665 | K11: 52574 | L11: 52250 | M11: 53942 | N11: 55525 | O11: 57505 | P11: 58863 | Q11: 62201 | R11: 60742 | S11: 61110 | T11: 60963 | U11: 58738 | V11: 61002 | W11: 59419
B12: Less: cash and cash equivalents | F12: 34414 | G12: 33108 | H12: 29304 | I12: 29195 | J12: 30433 | K12: 28914 | L12: 29926 | M12: 33030 | N12: 31510 | O12: 34891 | P12: 34595 | Q12: 39204 | R12: 33774 | S12: 35067 | T12: 34909 | U12: 36556 | V12: 35693 | W12: 37168
B13: Net debt | F13: 27457 | G13: 22816 | H13: 22002 | I13: 21422 | J13: 21232 | K13: 23660 | L13: 22324 | M13: 20912 | N13: 24015 | O13: 22614 | P13: 24268 | Q13: 22997 | R13: 26968 | S13: 26043 | T13: 26054 | U13: 22182 | V13: 25309 | W13: 22251
B14: Lease liabilities | F14: 8466 | G14: 8056 | H14: 7895 | I14: 8549 | J14: 8605 | K14: 10961 | L14: 10879 | M14: 11121 | N14: 11057 | O14: 10697 | P14: 11018 | Q14: 12000 | R14: 12484 | S14: 14636 | T14: 14629 | U14: 14571 | V14: 14357 | W14: 14356
B15: Net partner (receivable) payable for leases entered into on behalf of joint operations | F15: 206 | G15: 14 | H15: 22 | I15: 19 | J15: 19 | K15: -136 | L15: -124 | M15: -131 | N15: -130 | O15: -112 | P15: -98 | Q15: -88 | R15: -91 | S15: -1030 | T15: -1082 | U15: -1067 | V15: -1072 | W15: -1040
B16: Net debt including leases | F16: 36129 | G16: 30886 | H16: 29919 | I16: 29990 | J16: 29856 | K16: 34485 | L16: 33079 | M16: 31902 | N16: 34942 | O16: 33199 | P16: 35188 | Q16: 34909 | R16: 39361 | S16: 39649 | T16: 39601 | U16: 35686 | V16: 38594 | W16: 35567

Sheet Debt ratios
B1: =Summary!$B$1 -> Financial and Operating Information 2022 - 2026
B2: Group information | M2: Contents
B5: Debt ratios and Debt ratios including leases
Y7: $ million, except ratios
D8: Footnotes | F8: Q1 2022 | G8: Q2 2022 | H8: Q3 2022 | I8: Q4 2022 | J8: Q1 2023 | K8: Q2 2023 | L8: Q3 2023 | M8: Q4 2023 | N8: Q1 2024 | O8: Q2 2024 | P8: Q3 2024 | Q8: Q4 2024 | R8: Q1 2025 | S8: Q2 2025 | T8: Q3 2025 | U8: Q4 2025 | V8: Q1 2026 | W8: Q2 2026 | X8: Q3 2026 | Y8: Q4 2026
B9: Finance debt | D9: =Footnotes!B42 -> a | F9: 60606 | G9: 52866 | H9: 46560 | I9: 46944 | J9: 48595 | K9: 49738 | L9: 48810 | M9: 51954 | N9: 53013 | O9: 54986 | P9: 57470 | Q9: 59547 | R9: 58646 | S9: 60346 | T9: 60188 | U9: 57958 | V9: 59821 | W9: 58337
B10: Fair value (asset) liability of hedges related to finance debt | D10: =Footnotes!B43 -> b | F10: 1265 | G10: 3058 | H10: 4746 | I10: 3673 | J10: 3070 | K10: 2836 | L10: 3440 | M10: 1988 | N10: 2512 | O10: 2519 | P10: 1393 | Q10: 2654 | R10: 2096 | S10: 764 | T10: 775 | U10: 780 | V10: 1181 | W10: 1082
F11: 61871 | G11: 55924 | H11: 51306 | I11: 50617 | J11: 51665 | K11: 52574 | L11: 52250 | M11: 53942 | N11: 55525 | O11: 57505 | P11: 58863 | Q11: 62201 | R11: 60742 | S11: 61110 | T11: 60963 | U11: 58738 | V11: 61002 | W11: 59419
B12: Less: cash and cash equivalents | F12: 34414 | G12: 33108 | H12: 29304 | I12: 29195 | J12: 30433 | K12: 28914 | L12: 29926 | M12: 33030 | N12: 31510 | O12: 34891 | P12: 34595 | Q12: 39204 | R12: 33774 | S12: 35067 | T12: 34909 | U12: 36556 | V12: 35693 | W12: 37168
B13: Net debt | F13: 27457 | G13: 22816 | H13: 22002 | I13: 21422 | J13: 21232 | K13: 23660 | L13: 22324 | M13: 20912 | N13: 24015 | O13: 22614 | P13: 24268 | Q13: 22997 | R13: 26968 | S13: 26043 | T13: 26054 | U13: 22182 | V13: 25309 | W13: 22251
B14: Equity | D14: =Footnotes!B44 -> c | F14: 78519 | G14: 81563 | H14: 73333 | I14: 82990 | J14: 87181 | K14: 85603 | L14: 87676 | M14: 85493 | N14: 84940 | O14: 82199 | P14: 79946 | Q14: 78318 | R14: 77952 | S14: 79780 | T14: 77645 | U14: 74000 | V14: 76961 | W14: 76420
B15: Gearing | F15: 0.25908696 | G15: 0.21858803 | H15: 0.23078618 | I15: 0.20516799 | J15: 0.19584367 | K15: 0.21654174 | L15: 0.20294545 | M15: 0.19653212 | N15: 0.2204121 | O15: 0.21575568 | P15: 0.23286699 | Q15: 0.22698515 | R15: 0.25703393 | S15: 0.24609962 | T15: 0.2512464 | U15: 0.23062527 | V15: 0.24747238 | W15: 0.22550699
B17: Net debt including leases | F17: 36129 | G17: 30886 | H17: 29919 | I17: 29990 | J17: 29856 | K17: 34485 | L17: 33079 | M17: 31902 | N17: 34942 | O17: 33199 | P17: 35188 | Q17: 34909 | R17: 39361 | S17: 39649 | T17: 39601 | U17: 35686 | V17: 38594 | W17: 35567
B18: Equity | D18: =Footnotes!B44 -> c | F18: 78519 | G18: 81563 | H18: 73333 | I18: 82990 | J18: 87181 | K18: 85603 | L18: 87676 | M18: 85493 | N18: 84940 | O18: 82199 | P18: 79946 | Q18: 78318 | R18: 77952 | S18: 79780 | T18: 77645 | U18: 74000 | V18: 76961 | W18: 76420
B19: Gearing including leases | F19: 0.31512979 | G19: 0.27466674 | H19: 0.28976678 | I19: 0.26544521 | J19: 0.25509881 | K19: 0.28716441 | L19: 0.27393483 | M19: 0.27174922 | N19: 0.29146995 | O19: 0.28769129 | P19: 0.30562649 | Q19: 0.30830986 | R19: 0.33552121 | S19: 0.33198804 | T19: 0.33775992 | U19: 0.3253469 | V19: 0.33398814 | W19: 0.31759936

Sheet Shares in issue
B1: =Summary!$B$1 -> Financial and Operating Information 2022 - 2026
B2: Group information | M2: Contents
B5: Shares in issue
D8: Footnotes | F8: Q1 | G8: Q2 | H8: Q3 | I8: Q4 | J8: 2022 | K8: Q1 | L8: Q2 | M8: Q3 | N8: Q4 | O8: 2023 | P8: Q1 | Q8: Q2 | R8: Q3 | S8: Q4 | T8: 2024 | U8: Q1 | V8: Q2 | W8: Q3 | X8: Q4 | Y8: 2025 | Z8: Q1 | AA8: Q2 | AB8: Q3 | AC8: Q4 | AD8: 2026
B9: Number of shares (thousand) | D9: =Footnotes!B45 -> a
C10: Shares in issue at period end | F10: 19409157 | G10: 19135400 | H10: 18566848 | I10: 17974112 | J10: 17974112 | K10: 17703285 | L10: 17379366 | M10: 17061004 | N10: 16824651 | O10: 16824651 | P10: 16687850 | Q10: 16491420 | R10: 16155806 | S10: 15851028 | T10: 15851028 | U10: 15785972 | V10: 15596112 | W10: 15487180 | X10: 15377210 | Y10: 15377210 | Z10: 15496882 | AA10: 15546713
C11: ADS equivalent | D11: =Footnotes!B46 -> b | F11: 3234859 | G11: 3189233 | H11: 3094474 | I11: 2995685 | J11: 2995685 | K11: 2950547 | L11: 2896561 | M11: 2843500 | N11: 2804108 | O11: 2804108 | P11: 2781308 | Q11: 2748570 | R11: 2692634 | S11: 2641838 | T11: 2641838 | U11: 2630995 | V11: 2599352 | W11: 2581196 | X11: 2562868 | Y11: 2562868 | Z11: 2582813 | AA11: 2591118
C12: Basic weighted average number of shares outstanding | F12: 19514477 | G12: 19388427 | H12: 18885725 | I12: 18178821 | J12: 18987936 | K12: 17891455 | L12: 17523778 | M12: 17204488 | N12: 16834354 | O12: 17360288 | P12: 16751887 | Q12: 16590173 | R12: 16321349 | S12: 15885184 | T12: 16385535 | U12: 15778296 | V12: 15645561 | W12: 15518940 | X12: 15409755 | Y12: 15586782 | Z12: 15471646 | AA12: 15522233
C13: ADS equivalent | D13: =Footnotes!B46 -> b | F13: 3252412 | G13: 3231404 | H13: 3147620 | I13: 3029803 | J13: 3164656 | K13: 2981909 | L13: 2920629 | M13: 2867414 | N13: 2805725 | O13: 2893381 | P13: 2791981 | Q13: 2765028 | R13: 2720224 | S13: 2647530 | T13: 2730922 | U13: 2629716 | V13: 2607593 | W13: 2586490 | X13: 2568292 | Y13: 2597797 | Z13: 2578607 | AA13: 2587038
C14: Weighted average number of shares outstanding used to calculate diluted earnings per share | F14: 19514477 | G14: 19619628 | H14: 18885725 | I14: 18509421 | J14: 18987936 | K14: 18238522 | L14: 17900984 | M14: 17609601 | N14: 17269574 | O14: 17750078 | P14: 17153505 | Q14: 16590173 | R14: 16709108 | S14: 15885184 | T14: 16816664 | U14: 16097610 | V14: 15854588 | W14: 15735029 | X14: 15409755 | Y14: 15913000 | Z14: 15662113 | AA14: 15667335
C15: ADS equivalent | D15: =Footnotes!B46 -> b | F15: 3252412 | G15: 3269938 | H15: 3147620 | I15: 3084903 | J15: 3164656 | K15: 3039753 | L15: 2983497 | M15: 2934933 | N15: 2878262 | O15: 2958346 | P15: 2858917 | Q15: 2765028 | R15: 2784851 | S15: 2647530 | T15: 2802777 | U15: 2682935 | V15: 2642431 | W15: 2622504 | X15: 2568292 | Y15: 2652166 | Z15: 2610352 | AA15: 2611222

Sheet Dividends paid
B1: =Summary!$B$1 -> Financial and Operating Information 2022 - 2026
B2: Group information
Z3: Contents
B5: Dividends paid
D8: Footnotes | F8: Q1 | G8: Q2 | H8: Q3 | I8: Q4 | J8: 2022 | K8: Q1 | L8: Q2 | M8: Q3 | N8: Q4 | O8: 2023 | P8: Q1 | Q8: Q2 | R8: Q3 | S8: Q4 | T8: 2024 | U8: Q1 | V8: Q2 | W8: Q3 | X8: Q4 | Y8: 2025 | Z8: Q1 | AA8: Q2 | AB8: Q3 | AC8: Q4 | AD8: 2026
B9: Dividends paid per ordinary share
C10: cents | F10: 5.46 | G10: 5.46 | H10: 6.006 | I10: 6.006 | J10: 22.932 | K10: 6.61 | L10: 6.61 | M10: 7.27 | N10: 7.27 | O10: 27.76 | P10: 7.27 | Q10: 7.27 | R10: 8 | S10: 8 | T10: 30.54 | U10: 8 | V10: 8 | W10: 8.32 | X10: 8.32 | Y10: 32.64 | Z10: 8.32 | AA10: 8.32 | AD10: 16.64
C11: pence | F11: 4.1595 | G11: 4.3556 | H11: 5.1684 | I11: 4.9402 | J11: 18.6237 | K11: 5.5507 | L11: 5.3089 | M11: 5.732 | N11: 5.7367 | O11: 22.3283 | P11: 5.6922 | Q11: 5.6825 | R11: 6.0498 | S11: 6.2959 | T11: 23.7204 | U11: 6.1761 | V11: 5.8993 | W11: 6.1942 | X11: 6.2394 | Y11: 24.509 | Z11: 6.226 | AA11: 6.1844 | AD11: 12.4104
B12: Dividends paid per ADS (cents) | F12: 32.76 | G12: 32.76 | H12: 36.036 | I12: 36.036 | J12: 137.592 | K12: 39.66 | L12: 39.66 | M12: 43.62 | N12: 43.62 | O12: 166.56 | P12: 43.62 | Q12: 43.62 | R12: 48 | S12: 48 | T12: 183.24 | U12: 48 | V12: 48 | W12: 49.92 | X12: 49.92 | Y12: 195.84 | Z12: 49.92 | AA12: 49.92 | AD12: 99.84
B13: Scrip dividends
C14: Number of shares issued (millions) | F14: 0 | G14: 0 | H14: 0 | I14: 0 | J14: 0 | K14: 0 | L14: 0 | M14: 0 | N14: 0 | O14: 0 | P14: 0 | Q14: 0 | R14: 0 | S14: 0 | T14: 0 | U14: 0 | V14: 0 | W14: 0 | X14: 0 | Y14: 0 | Z14: 0 | AA14: 0 | AD14: 0
C15: Value of shares issued ($ million) | F15: 0 | G15: 0 | H15: 0 | I15: 0 | J15: 0 | K15: 0 | L15: 0 | M15: 0 | N15: 0 | O15: 0 | P15: 0 | Q15: 0 | R15: 0 | S15: 0 | T15: 0 | U15: 0 | V15: 0 | W15: 0 | X15: 0 | Y15: 0 | Z15: 0 | AA15: 0 | AD15: 0

Sheet Invntry holding gains & losses
B1: =Summary!$B$1 -> Financial and Operating Information 2022 - 2026
B2: Group information
Z3: Contents
B5: Inventory holding gains (losses)
AD7: $ million
D8: Footnotes | F8: Q1 | G8: Q2 | H8: Q3 | I8: Q4 | J8: 2022 | K8: Q1 | L8: Q2 | M8: Q3 | N8: Q4 | O8: 2023 | P8: Q1 | Q8: Q2 | R8: Q3 | S8: Q4 | T8: 2024 | U8: Q1 | V8: Q2 | W8: Q3 | X8: Q4 | Y8: 2025 | Z8: Q1 | AA8: Q2 | AB8: Q3 | AC8: Q4 | AD8: 2026
B9: gas & low carbon energy | F9: 25 | G9: -9 | H9: -14 | I9: -10 | J9: -8 | K9: 1 | L9: 0 | M9: 0 | N9: 0 | O9: 1 | P9: 0 | Q9: 0 | R9: 0 | S9: 0 | T9: 0 | U9: 0 | V9: 0 | W9: 0 | X9: 0 | Y9: 0 | Z9: 0 | AA9: 0 | AD9: 0
B10: oil production & operations | F10: 1 | G10: -7 | H10: 1 | I10: -2 | J10: -7 | K10: 1 | L10: 0 | M10: -1 | N10: 0 | O10: 0 | P10: -1 | Q10: 1 | R10: -2 | S10: -7 | T10: -9 | U10: 7 | V10: -2 | W10: -3 | X10: 0 | Y10: 2 | Z10: 7 | AA10: -1 | AD10: 6
B11: customers & products | F11: 3475 | G11: 2162 | H11: -2855 | I11: -1416 | J11: 1366 | K11: -602 | L11: -732 | M11: 1594 | N11: -1497 | O11: -1237 | P11: 852 | Q11: -137 | R11: -1180 | S11: -14 | T11: -479 | U11: 152 | V11: -552 | W11: -79 | X11: -874 | Y11: -1353 | Z11: 4152 | AA11: -869 | AD11: 3283
B12: other businesses & corporate | F12: 0 | G12: 0 | H12: 0 | I12: 0 | J12: 0 | K12: 0 | L12: 0 | M12: 0 | N12: 0 | O12: 0 | P12: 0 | Q12: 0 | R12: 0 | S12: 0 | T12: 0 | U12: 0 | V12: 0 | W12: 0 | X12: 0 | Y12: 0 | Z12: 0 | AA12: 0 | AD12: 0
B13: Inventory holding gains (losses) | F13: 3501 | G13: 2146 | H13: -2868 | I13: -1428 | J13: 1351 | K13: -600 | L13: -732 | M13: 1593 | N13: -1497 | O13: -1236 | P13: 851 | Q13: -136 | R13: -1182 | S13: -21 | T13: -488 | U13: 159 | V13: -554 | W13: -82 | X13: -874 | Y13: -1351 | Z13: 4159 | AA13: -870 | AD13: 3289
B14: Taxation (charge) credit on inventory holding gains and losses | F14: -837 | G14: -539 | H14: 682 | I14: 362 | J14: -332 | K14: 148 | L14: 183 | M14: -381 | N14: 342 | O14: 292 | P14: -194 | Q14: 23 | R14: 276 | S14: 14 | T14: 119 | U14: -41 | V14: 147 | W14: 20 | X14: 208 | Y14: 334 | Z14: -979 | AA14: 153 | AD14: -826
B15: Total inventory holding gains (losses), net of tax | F15: 2664 | G15: 1607 | H15: -2186 | I15: -1066 | J15: 1019 | K15: -452 | L15: -549 | M15: 1212 | N15: -1155 | O15: -944 | P15: 657 | Q15: -113 | R15: -906 | S15: -7 | T15: -369 | U15: 118 | V15: -407 | W15: -62 | X15: -666 | Y15: -1017 | Z15: 3180 | AA15: -717 | AD15: 2463

Sheet Realizations 
B1: =Summary!$B$1 -> Financial and Operating Information 2022 - 2026
B2: Group information
Z3: Contents
B5: Realizations
B8: gas & low carbon energy | D8: Footnotes | F8: Q1 | G8: Q2 | H8: Q3 | I8: Q4 | J8: 2022 | K8: Q1 | L8: Q2 | M8: Q3 | N8: Q4 | O8: 2023 | P8: Q1 | Q8: Q2 | R8: Q3 | S8: Q4 | T8: 2024 | U8: Q1 | V8: Q2 | W8: Q3 | X8: Q4 | Y8: 2025 | Z8: Q1 | AA8: Q2 | AB8: Q3 | AC8: Q4 | AD8: 2026
B9: Average realizations | D9: =Footnotes!B47 -> a
B10: Liquids ($/bbl)
B11: US | F11: 0 | G11: 0 | H11: 0 | I11: 0 | J11: 0 | K11: 0 | L11: 0 | M11: 0 | N11: 0 | O11: 0 | P11: 0 | Q11: 0 | R11: 0 | S11: 0 | T11: 0 | U11: 0 | V11: 0 | W11: 0 | X11: 0 | Y11: 0 | Z11: 0 | AA11: 0 | AD11: 0
B12: Europe | F12: 0 | G12: 0 | H12: 0 | I12: 0 | J12: 0 | K12: 0 | L12: 0 | M12: 0 | N12: 0 | O12: 0 | P12: 0 | Q12: 0 | R12: 0 | S12: 0 | T12: 0 | U12: 0 | V12: 0 | W12: 0 | X12: 0 | Y12: 0 | Z12: 0 | AA12: 0 | AD12: 0
B13: Rest of World | D13: =Footnotes!B48 -> b | F13: 86.09 | G13: 105.5 | H13: 88.03 | I13: 80.5 | J13: 89.86 | K13: 79.44 | L13: 73.57 | M13: 76.69 | N13: 78.87 | O13: 77.03 | P13: 76.92 | Q13: 79.92 | R13: 74.8 | S13: 68.93 | T13: 75.37 | U13: 70.74 | V13: 64.15 | W13: 64.57 | X13: 62.72 | Y13: 65.5 | Z13: 67.17 | AA13: 94.09 | AD13: 81.26
B14: bp Average | D14: =Footnotes!B48 -> b | F14: 86.09 | G14: 105.5 | H14: 88.03 | I14: 80.5 | J14: 89.86 | K14: 79.44 | L14: 73.57 | M14: 76.69 | N14: 78.87 | O14: 77.03 | P14: 76.92 | Q14: 79.92 | R14: 74.8 | S14: 68.93 | T14: 75.37 | U14: 70.74 | V14: 64.15 | W14: 64.57 | X14: 62.72 | Y14: 65.5 | Z14: 67.17 | AA14: 94.09 | AD14: 81.26
B16: Natural gas ($/mcf)
B17: US | F17: 0 | G17: 0 | H17: 0 | I17: 0 | J17: 0 | K17: 0 | L17: 0 | M17: 0 | N17: 0 | O17: 0 | P17: 0 | Q17: 0 | R17: 0 | S17: 0 | T17: 0 | U17: 0 | V17: 0 | W17: 0 | X17: 0 | Y17: 0 | Z17: 0 | AA17: 0 | AD17: 0
B18: Europe | F18: 0 | G18: 0 | H18: 0 | I18: 0 | J18: 0 | K18: 0 | L18: 0 | M18: 0 | N18: 0 | O18: 0 | P18: 0 | Q18: 0 | R18: 0 | S18: 0 | T18: 0 | U18: 0 | V18: 0 | W18: 0 | X18: 0 | Y18: 0 | Z18: 0 | AA18: 0 | AD18: 0
B19: Rest of World | F19: 7.88 | G19: 8.42 | H19: 9.85 | I19: 9.4 | J19: 8.91 | K19: 7.41 | L19: 5.53 | M19: 5.38 | N19: 6.18 | O19: 6.13 | P19: 5.45 | Q19: 5.47 | R19: 5.8 | S19: 6.96 | T19: 5.9 | U19: 7.26 | V19: 6.5 | W19: 6.41 | X19: 6.3 | Y19: 6.6 | Z19: 6.3 | AA19: 8.03 | AD19: 7.14
B20: bp Average | F20: 7.88 | G20: 8.42 | H20: 9.85 | I20: 9.4 | J20: 8.91 | K20: 7.41 | L20: 5.53 | M20: 5.38 | N20: 6.18 | O20: 6.13 | P20: 5.45 | Q20: 5.47 | R20: 5.8 | S20: 6.96 | T20: 5.9 | U20: 7.26 | V20: 6.5 | W20: 6.41 | X20: 6.3 | Y20: 6.6 | Z20: 6.3 | AA20: 8.03 | AD20: 7.14
B22: Total hydrocarbons ($/boe)
B23: US | F23: 0 | G23: 0 | H23: 0 | I23: 0 | J23: 0 | K23: 0 | L23: 0 | M23: 0 | N23: 0 | O23: 0 | P23: 0 | Q23: 0 | R23: 0 | S23: 0 | T23: 0 | U23: 0 | V23: 0 | W23: 0 | X23: 0 | Y23: 0 | Z23: 0 | AA23: 0 | AD23: 0
B24: Europe | F24: 0 | G24: 0 | H24: 0 | I24: 0 | J24: 0 | K24: 0 | L24: 0 | M24: 0 | N24: 0 | O24: 0 | P24: 0 | Q24: 0 | R24: 0 | S24: 0 | T24: 0 | U24: 0 | V24: 0 | W24: 0 | X24: 0 | Y24: 0 | Z24: 0 | AA24: 0 | AD24: 0
B25: Rest of World | D25: =Footnotes!B48 -> b | F25: 50.91 | G25: 55.79 | H25: 60.8 | I25: 57.6 | J25: 56.34 | K25: 46.95 | L25: 36.96 | M25: 36.82 | N25: 40.17 | O25: 40.21 | P25: 36.64 | Q25: 36.85 | R25: 37.91 | S25: 43.21 | T25: 38.57 | U25: 45.38 | V25: 40.84 | W25: 40.3 | X25: 39.18 | Y25: 41.34 | Z25: 40.08 | AA25: 52.82 | AD25: 46.33
B26: bp Average | D26: =Footnotes!B48 -> b | F26: 50.91 | G26: 55.79 | H26: 60.8 | I26: 57.6 | J26: 56.34 | K26: 46.95 | L26: 36.96 | M26: 36.82 | N26: 40.17 | O26: 40.21 | P26: 36.64 | Q26: 36.85 | R26: 37.91 | S26: 43.21 | T26: 38.57 | U26: 45.38 | V26: 40.84 | W26: 40.3 | X26: 39.18 | Y26: 41.34 | Z26: 40.08 | AA26: 52.82 | AD26: 46.33
B30: oil production & operations | D30: Footnotes | F30: Q1 | G30: Q2 | H30: Q3 | I30: Q4 | J30: 2022 | K30: Q1 | L30: Q2 | M30: Q3 | N30: Q4 | O30: 2023 | P30: Q1 | Q30: Q2 | R30: Q3 | S30: Q4 | T30: 2024 | U30: Q1 | V30: Q2 | W30: Q3 | X30: Q4 | Y30: 2025 | Z30: Q1 | AA30: Q2 | AB30: Q3 | AC30: Q4 | AD30: 2026
B31: Average realizations | D31: =Footnotes!B47 -> a
B32: Liquids ($/bbl)
B33: US | F33: 70.34 | G33: 89.8 | H33: 82.23 | I33: 71.21 | J33: 78.4 | K33: 62.66 | L33: 60.53 | M33: 63.95 | N33: 67.66 | O33: 63.81 | P33: 62.2 | Q33: 65.88 | R33: 63.31 | S33: 59.66 | T33: 62.78 | U33: 62.01 | V33: 53.39 | W33: 54.02 | X33: 49.08 | Y33: 54.54 | Z33: 51.2 | AA33: 76.03 | AD33: 63.2
B34: Europe | F34: 104.41 | G34: 113.9 | H34: 94.21 | I34: 86.62 | J34: 99.9 | K34: 79.26 | L34: 75.14 | M34: 90.76 | N34: 81.02 | O34: 80.7 | P34: 85 | Q34: 80.55 | R34: 75.45 | S34: 73.64 | T34: 78.6 | U34: 75.31 | V34: 64.62 | W34: 69.15 | X34: 61.84 | Y34: 67.65 | Z34: 85.35 | AA34: 97.49 | AD34: 90.58
B35: Rest of World | F35: 89.68 | G35: 107.1 | H35: 107.57 | I35: 93.63 | J35: 99.55 | K35: 83.83 | L35: 82.08 | M35: 79.11 | N35: 90.43 | O35: 83.83 | P35: 80.94 | Q35: 84.95 | R35: 83.08 | S35: 75.46 | T35: 81.22 | U35: 75.81 | V35: 71.7 | W35: 68.04 | X35: 67.61 | Y35: 70.65 | Z35: 69.29 | AA35: 95.86 | AD35: 83.07
B36: bp Average | F36: 83.47 | G36: 100.34 | H36: 93.14 | I36: 80.43 | J36: 89.62 | K36: 71.63 | L36: 69.19 | M36: 71.1 | N36: 76.22 | O36: 72.09 | P36: 70.53 | Q36: 73.01 | R36: 70.22 | S36: 65.56 | T36: 69.85 | U36: 67.5 | V36: 59.74 | W36: 59.58 | X36: 56.09 | Y36: 60.64 | Z36: 59.75 | AA36: 84.1 | AD36: 71.67
B38: Natural gas ($/mcf)
B39: US | F39: 3.9 | G39: 6.28 | H39: 7.25 | I39: 4.84 | J39: 5.61 | K39: 2.47 | L39: 1.58 | M39: 2.24 | N39: 2.04 | O39: 2.08 | P39: 1.69 | Q39: 1.29 | R39: 1.18 | S39: 1.8 | T39: 1.49 | U39: 3.15 | V39: 2.52 | W39: 2.41 | X39: 2.53 | Y39: 2.63 | Z39: 3.36 | AA39: 1.72 | AD39: 2.51
B40: Europe | D40: =Footnotes!B48 -> b | F40: 34.58 | G40: 26.78 | H40: 36.72 | I40: 35.56 | J40: 33.45 | K40: 26.83 | L40: 12.46 | M40: 11.22 | N40: 15.12 | O40: 16.71 | P40: 10.27 | Q40: 9.49 | R40: 12.22 | S40: 14.12 | T40: 11.65 | U40: 16.47 | V40: 13.06 | W40: 11.98 | X40: 9.28 | Y40: 12.76 | Z40: 8.76 | AA40: 17.25 | AD40: 12.52
B41: Rest of World | F41: 3.68 | G41: 0 | H41: 0 | I41: 0 | J41: 3.68 | K41: 0 | L41: 0 | M41: 0 | N41: 0 | O41: 0 | P41: 0 | Q41: 0 | R41: 0 | S41: 0 | T41: 0 | U41: 0 | V41: 0 | W41: 0 | X41: 0 | Y41: 0 | Z41: 0 | AA41: 0 | AD41: 0
B42: bp Average | F42: 9.55 | G42: 9.83 | H42: 12.12 | I42: 10.2 | J42: 10.46 | K42: 6.57 | L42: 3.23 | M42: 3.44 | N42: 3.65 | O42: 4.17 | P42: 2.66 | Q42: 2.02 | R42: 2.25 | S42: 3.29 | T42: 2.55 | U42: 4.74 | V42: 3.66 | W42: 3.32 | X42: 3.19 | Y42: 3.69 | Z42: 3.57 | AA42: 2.16 | AD42: 2.85
B44: Total hydrocarbons ($/boe)
B45: US | F45: 52.17 | G45: 69.71 | H45: 66.82 | I45: 55.67 | J45: 61.21 | K45: 45 | L45: 40.84 | M45: 45.39 | N45: 45.68 | O45: 44.29 | P45: 41.5 | Q45: 44.26 | R45: 42.18 | S45: 41.74 | T45: 42.43 | U45: 46.26 | V45: 39.51 | W45: 38.91 | X45: 35.64 | Y45: 39.94 | Z45: 38.91 | AA45: 48.47 | AD45: 43.65
B46: Europe | D46: =Footnotes!B48 -> b | F46: 136.17 | G46: 129.12 | H46: 137.66 | I46: 130.61 | J46: 133.48 | K46: 107.07 | L46: 74.2 | M46: 80.61 | N46: 83.21 | O46: 86.36 | P46: 76.65 | Q46: 73.21 | R46: 74.03 | S46: 76.28 | T46: 75.16 | U46: 81.48 | V46: 68.02 | W46: 69.25 | X46: 59.55 | Y46: 69.6 | Z46: 80.66 | AA46: 97.85 | AD46: 88.09
B47: Rest of World | F47: 89.66 | G47: 107.12 | H47: 107.57 | I47: 93.63 | J47: 99.55 | K47: 83.83 | L47: 82.08 | M47: 79.11 | N47: 90.43 | O47: 83.83 | P47: 80.94 | Q47: 84.95 | R47: 83.08 | S47: 75.46 | T47: 81.22 | U47: 75.81 | V47: 71.7 | W47: 68.04 | X47: 67.61 | Y47: 70.65 | Z47: 69.29 | AA47: 95.81 | AD47: 83.05
B48: bp Average | F48: 76.85 | G48: 90.03 | H48: 86.83 | I48: 74.6 | J48: 82.23 | K48: 62.36 | L48: 54.57 | M48: 56.76 | N48: 59.69 | O48: 58.34 | P48: 54.11 | Q48: 55.78 | R48: 53.65 | S48: 52.28 | T48: 53.96 | U48: 56.45 | V48: 49.03 | W48: 47.89 | X48: 44.98 | Y48: 49.45 | Z48: 48.51 | AA48: 62.18 | AD48: 55.29

Sheet Gas & Low Carbon Energy
B1: =Summary!$B$1 -> Financial and Operating Information 2022 - 2026
B2: gas & low carbon energy | P2: Contents
B5: gas & low carbon energy
AE7: $ million
E8: Footnotes | G8: Q1 | H8: Q2 | I8: Q3 | J8: Q4 | K8: 2022 | L8: Q1 | M8: Q2 | N8: Q3 | O8: Q4 | P8: 2023 | Q8: Q1 | R8: Q2 | S8: Q3 | T8: Q4 | U8: 2024 | V8: Q1 | W8: Q2 | X8: Q3 | Y8: Q4 | Z8: 2025 | AA8: Q1 | AB8: Q2 | AC8: Q3 | AD8: Q4 | AE8: 2026
B9: Profit (loss) before interest and tax | E9: =Footnotes!B49 -> a | G9: -1499 | H9: 2728 | I9: -2970 | J9: 16429 | K9: 14688 | L9: 7348 | M9: 2289 | N9: 2275 | O9: 2169 | P9: 14081 | Q9: 1036 | R9: -315 | S9: 1007 | T9: 1324 | U9: 3052 | V9: 1358 | W9: 1047 | X9: 1097 | Y9: -2172 | Z9: 1330 | AA9: 1054 | AB9: 1564 | AE9: 2618
B10: Inventory holding (gains) losses | G10: -25 | H10: 9 | I10: 14 | J10: 10 | K10: 8 | L10: -1 | M10: 0 | N10: 0 | O10: 0 | P10: -1 | Q10: 0 | R10: 0 | S10: 0 | T10: 0 | U10: 0 | V10: 0 | W10: 0 | X10: 0 | Y10: 0 | Z10: 0 | AA10: 0 | AB10: 0 | AE10: 0
B11: Replacement cost profit (loss) before interest and tax | E11: =Footnotes!B49 -> a | G11: -1524 | H11: 2737 | I11: -2956 | J11: 16439 | K11: 14696 | L11: 7347 | M11: 2289 | N11: 2275 | O11: 2169 | P11: 14080 | Q11: 1036 | R11: -315 | S11: 1007 | T11: 1324 | U11: 3052 | V11: 1358 | W11: 1047 | X11: 1097 | Y11: -2172 | Z11: 1330 | AA11: 1054 | AB11: 1564 | AE11: 2618
B12: Net (favourable) adverse impact of adjusting items | E12: =Footnotes!B49 -> a | G12: 5119 | H12: 343 | I12: 9196 | J12: -13291 | K12: 1367 | L12: -3891 | M12: -56 | N12: -1019 | O12: -392 | P12: -5358 | Q12: 622 | R12: 1717 | S12: 749 | T12: 663 | U12: 3751 | V12: -361 | W12: 415 | X12: 422 | Y12: 3561 | Z12: 4037 | AA12: 282 | AB12: 558 | AE12: 840
B13: Underlying replacement cost profit before interest and tax | G13: 3595 | H13: 3080 | I13: 6240 | J13: 3148 | K13: 16063 | L13: 3456 | M13: 2233 | N13: 1256 | O13: 1777 | P13: 8722 | Q13: 1658 | R13: 1402 | S13: 1756 | T13: 1987 | U13: 6803 | V13: 997 | W13: 1462 | X13: 1519 | Y13: 1389 | Z13: 5367 | AA13: 1336 | AB13: 2122 | AE13: 3458
B14: Taxation on underlying replacement cost profit | G14: 1009 | H14: 717 | I14: 1478 | J14: 1163 | K14: 4367 | L14: 961 | M14: 575 | N14: 448 | O14: 746 | P14: 2730 | Q14: 518 | R14: 369 | S14: 545 | T14: 705 | U14: 2137 | V14: 471 | W14: 509 | X14: 529 | Y14: 463 | Z14: 1972 | AA14: 473 | AB14: 706 | AE14: 1179
B15: Underlying replacement cost profit before interest | G15: 2586 | H15: 2363 | I15: 4762 | J15: 1985 | K15: 11696 | L15: 2495 | M15: 1658 | N15: 808 | O15: 1031 | P15: 5992 | Q15: 1140 | R15: 1033 | S15: 1211 | T15: 1282 | U15: 4666 | V15: 526 | W15: 953 | X15: 990 | Y15: 926 | Z15: 3395 | AA15: 863 | AB15: 1416 | AE15: 2279
B16: By region
C17: Underlying replacement cost profit (loss) before interest and tax
D18: US | G18: 652 | H18: 490 | I18: 574 | J18: -139 | K18: 1577 | L18: 466 | M18: 351 | N18: -63 | O18: 314 | P18: 1068 | Q18: 220 | R18: 78 | S18: 78 | T18: -123 | U18: 253 | V18: 232 | W18: 160 | X18: -105 | Y18: 10 | Z18: 297 | AA18: 160 | AB18: 65 | AE18: 225
D19: Non-US | G19: 2943 | H19: 2590 | I19: 5666 | J19: 3287 | K19: 14486 | L19: 2990 | M19: 1882 | N19: 1319 | O19: 1463 | P19: 7654 | Q19: 1438 | R19: 1324 | S19: 1678 | T19: 2110 | U19: 6550 | V19: 765 | W19: 1302 | X19: 1624 | Y19: 1379 | Z19: 5070 | AA19: 1176 | AB19: 2057 | AE19: 3233
G20: 3595 | H20: 3080 | I20: 6240 | J20: 3148 | K20: 16063 | L20: 3456 | M20: 2233 | N20: 1256 | O20: 1777 | P20: 8722 | Q20: 1658 | R20: 1402 | S20: 1756 | T20: 1987 | U20: 6803 | V20: 997 | W20: 1462 | X20: 1519 | Y20: 1389 | Z20: 5367 | AA20: 1336 | AB20: 2122 | AE20: 3458
C21: Adjusting items
D22: US | E22: =Footnotes!B49 -> a | G22: -63 | H22: 315 | I22: 110 | J22: 1086 | K22: 1448 | L22: -380 | M22: -431 | N22: 775 | O22: 428 | P22: 392 | Q22: 154 | R22: 340 | S22: -39 | T22: 857 | U22: 1312 | V22: -104 | W22: -45 | X22: 200 | Y22: 1616 | Z22: 1667 | AA22: 214 | AB22: -85 | AE22: 129
D23: Non-US | G23: 5182 | H23: 28 | I23: 9086 | J23: -14377 | K23: -81 | L23: -3511 | M23: 375 | N23: -1794 | O23: -820 | P23: -5750 | Q23: 468 | R23: 1377 | S23: 788 | T23: -194 | U23: 2439 | V23: -257 | W23: 460 | X23: 222 | Y23: 1945 | Z23: 2370 | AA23: 68 | AB23: 643 | AE23: 711
E24: =Footnotes!B49 -> a | G24: 5119 | H24: 343 | I24: 9196 | J24: -13291 | K24: 1367 | L24: -3891 | M24: -56 | N24: -1019 | O24: -392 | P24: -5358 | Q24: 622 | R24: 1717 | S24: 749 | T24: 663 | U24: 3751 | V24: -361 | W24: 415 | X24: 422 | Y24: 3561 | Z24: 4037 | AA24: 282 | AB24: 558 | AE24: 840
C25: Replacement cost profit (loss) before interest and tax
D26: US | E26: =Footnotes!B49 -> a | G26: 715 | H26: 175 | I26: 464 | J26: -1225 | K26: 129 | L26: 846 | M26: 782 | N26: -838 | O26: -114 | P26: 676 | Q26: 66 | R26: -262 | S26: 117 | T26: -980 | U26: -1059 | V26: 336 | W26: 205 | X26: -305 | Y26: -1606 | Z26: -1370 | AA26: -54 | AB26: 150 | AE26: 96
D27: Non-US | G27: -2239 | H27: 2562 | I27: -3420 | J27: 17664 | K27: 14567 | L27: 6501 | M27: 1507 | N27: 3113 | O27: 2283 | P27: 13404 | Q27: 970 | R27: -53 | S27: 890 | T27: 2304 | U27: 4111 | V27: 1022 | W27: 842 | X27: 1402 | Y27: -566 | Z27: 2700 | AA27: 1108 | AB27: 1414 | AE27: 2522
E28: =Footnotes!B49 -> a | G28: -1524 | H28: 2737 | I28: -2956 | J28: 16439 | K28: 14696 | L28: 7347 | M28: 2289 | N28: 2275 | O28: 2169 | P28: 14080 | Q28: 1036 | R28: -315 | S28: 1007 | T28: 1324 | U28: 3052 | V28: 1358 | W28: 1047 | X28: 1097 | Y28: -2172 | Z28: 1330 | AA28: 1054 | AB28: 1564 | AE28: 2618
C29: Depreciation, depletion and amortization
D30: US | G30: 18 | H30: 18 | I30: 19 | J30: 20 | K30: 75 | L30: 21 | M30: 21 | N30: 24 | O30: 30 | P30: 96 | Q30: 18 | R30: 31 | S30: 24 | T30: 22 | U30: 95 | V30: 53 | W30: 61 | X30: 62 | Y30: 59 | Z30: 235 | AA30: 49 | AB30: 43 | AE30: 92
D31: Non-US | G31: 1237 | H31: 1185 | I31: 1158 | J31: 1353 | K31: 4933 | L31: 1419 | M31: 1386 | N31: 1519 | O31: 1260 | P31: 5584 | Q31: 1275 | R31: 1178 | S31: 1156 | T31: 1131 | U31: 4740 | V31: 1113 | W31: 1346 | X31: 1161 | Y31: 1114 | Z31: 4734 | AA31: 1137 | AB31: 1096 | AE31: 2233
G32: 1255 | H32: 1203 | I32: 1177 | J32: 1373 | K32: 5008 | L32: 1440 | M32: 1407 | N32: 1543 | O32: 1290 | P32: 5680 | Q32: 1293 | R32: 1209 | S32: 1180 | T32: 1153 | U32: 4835 | V32: 1166 | W32: 1407 | X32: 1223 | Y32: 1173 | Z32: 4969 | AA32: 1186 | AB32: 1139 | AE32: 2325
C33: Exploration expenditure written off
D34: US | G34: 0 | H34: 0 | I34: 0 | J34: 0 | K34: 0 | L34: 0 | M34: 0 | N34: 0 | O34: 0 | P34: 0 | Q34: 0 | R34: 0 | S34: 0 | T34: 0 | U34: 0 | V34: 0 | W34: 0 | X34: 0 | Y34: 0 | Z34: 0 | AA34: 0 | AB34: 0 | AE34: 0
D35: Non-US | G35: -2 | H35: 0 | I35: 10 | J35: -6 | K35: 2 | L35: -1 | M35: -1 | N35: 15 | O35: 349 | P35: 362 | Q35: 203 | R35: 28 | S35: 1 | T35: -10 | U35: 222 | V35: 0 | W35: 1 | X35: 29 | Y35: 0 | Z35: 30 | AA35: 0 | AB35: 48 | AE35: 48
G36: -2 | H36: 0 | I36: 10 | J36: -6 | K36: 2 | L36: -1 | M36: -1 | N36: 15 | O36: 349 | P36: 362 | Q36: 203 | R36: 28 | S36: 1 | T36: -10 | U36: 222 | V36: 0 | W36: 1 | X36: 29 | Y36: 0 | Z36: 30 | AA36: 0 | AB36: 48 | AE36: 48
C37: Adjusted EBITDA
D38: US | G38: 670 | H38: 508 | I38: 593 | J38: -119 | K38: 1652 | L38: 487 | M38: 372 | N38: -39 | O38: 344 | P38: 1164 | Q38: 238 | R38: 109 | S38: 102 | T38: -101 | U38: 348 | V38: 285 | W38: 221 | X38: -43 | Y38: 69 | Z38: 532 | AA38: =IF(AND(AA18="",AA30="",AA34=""),"",AA18+AA30+AA34) -> 209 | AB38: =IF(AND(AB18="",AB30="",AB34=""),"",AB18+AB30+AB34) -> 108 | AC38: =IF(AND(AC18="",AC30="",AC34=""),"",AC18+AC30+AC34) | AD38: =IF(AND(AD18="",AD30="",AD34=""),"",AD18+AD30+AD34) | AE38: =IF(AND(AE18="",AE30="",AE34=""),"",AE18+AE30+AE34) -> 317
D39: Non-US | G39: 4178 | H39: 3775 | I39: 6834 | J39: 4634 | K39: 19421 | L39: 4408 | M39: 3267 | N39: 2853 | O39: 3072 | P39: 13600 | Q39: 2916 | R39: 2530 | S39: 2835 | T39: 3231 | U39: 11512 | V39: 1878 | W39: 2649 | X39: 2814 | Y39: 2493 | Z39: 9834 | AA39: =IF(AND(AA19="",AA31="",AA35=""),"",AA19+AA31+AA35) -> 2313 | AB39: =IF(AND(AB19="",AB31="",AB35=""),"",AB19+AB31+AB35) -> 3201 | AC39: =IF(AND(AC19="",AC31="",AC35=""),"",AC19+AC31+AC35) | AD39: =IF(AND(AD19="",AD31="",AD35=""),"",AD19+AD31+AD35) | AE39: =IF(AND(AE19="",AE31="",AE35=""),"",AE19+AE31+AE35) -> 5514
G40: 4848 | H40: 4283 | I40: 7427 | J40: 4515 | K40: 21073 | L40: 4895 | M40: 3639 | N40: 2814 | O40: 3416 | P40: 14764 | Q40: 3154 | R40: 2639 | S40: 2937 | T40: 3130 | U40: 11860 | V40: 2163 | W40: 2870 | X40: 2771 | Y40: 2562 | Z40: 10366 | AA40: =IF(AND(AA20="",AA32="",AA36=""),"",AA20+AA32+AA36) -> 2522 | AB40: =IF(AND(AB20="",AB32="",AB36=""),"",AB20+AB32+AB36) -> 3309 | AC40: =IF(AND(AC20="",AC32="",AC36=""),"",AC20+AC32+AC36) | AD40: =IF(AND(AD20="",AD32="",AD36=""),"",AD20+AD32+AD36) | AE40: =IF(AND(AE20="",AE32="",AE36=""),"",AE20+AE32+AE36) -> 5831
C41: Total Capital expenditure
D42: US | E42: =Footnotes!B50 -> b | G42: 144 | H42: 117 | I42: 69 | J42: 3537 | K42: 3867 | L42: 470 | M42: 238 | N42: 168 | O42: 434 | P42: 1310 | Q42: 183 | R42: 212 | S42: 117 | T42: 354 | U42: 866 | V42: 99 | W42: 58 | X42: 151 | Y42: 103 | Z42: 411 | AA42: 51 | AB42: 47 | AE42: 98
D43: Non-US | G43: 717 | H43: 706 | I43: 889 | J43: 1102 | K43: 3414 | L43: 756 | M43: 735 | N43: 924 | O43: 1048 | P43: 3463 | Q43: 1230 | R43: 940 | S43: 2039 | T43: 767 | U43: 4976 | V43: 804 | W43: 732 | X43: 677 | Y43: 786 | Z43: 2999 | AA43: 644 | AB43: 729 | AE43: 1373
E44: =Footnotes!B50 -> b | G44: 861 | H44: 823 | I44: 958 | J44: 4639 | K44: 7281 | L44: 1226 | M44: 973 | N44: 1092 | O44: 1482 | P44: 4773 | Q44: 1413 | R44: 1152 | S44: 2156 | T44: 1121 | U44: 5842 | V44: 903 | W44: 790 | X44: 828 | Y44: 889 | Z44: 3410 | AA44: 695 | AB44: 776 | AE44: 1471
D45: gas | E45: =Footnotes!B50 -> b | G45: 642 | H45: 681 | I45: 872 | J45: 4062 | K45: 6257 | L45: 860 | M45: 783 | N45: 870 | O45: 1004 | P45: 3517 | Q45: 754 | R45: 1016 | S45: 1248 | T45: 1228 | U45: 4246 | V45: 774 | W45: 688 | X45: 727 | Y45: 757 | Z45: 2946 | AA45: 635 | AB45: 717 | AE45: 1352
D46: low carbon energy | E46: =Footnotes!B51 -> c | G46: 219 | H46: 142 | I46: 86 | J46: 577 | K46: 1024 | L46: 366 | M46: 190 | N46: 222 | O46: 478 | P46: 1256 | Q46: 659 | R46: 136 | S46: 908 | T46: -107 | U46: 1596 | V46: 129 | W46: 102 | X46: 101 | Y46: 132 | Z46: 464 | AA46: 60 | AB46: 59 | AE46: 119
E47: =Footnotes!B50 -> b | G47: 861 | H47: 823 | I47: 958 | J47: 4639 | K47: 7281 | L47: 1226 | M47: 973 | N47: 1092 | O47: 1482 | P47: 4773 | Q47: 1413 | R47: 1152 | S47: 2156 | T47: 1121 | U47: 5842 | V47: 903 | W47: 790 | X47: 828 | Y47: 889 | Z47: 3410 | AA47: 695 | AB47: 776 | AE47: 1471
B49: gas
B51: Production (net of royalties)
C52: Liquids (mb/d)
D53: US | G53: 0 | H53: 0 | I53: 0 | J53: 0 | K53: 0 | L53: 0 | M53: 0 | N53: 0 | O53: 0 | P53: 0 | Q53: 0 | R53: 0 | S53: 0 | T53: 0 | U53: 0 | V53: 0 | W53: 0 | X53: 0 | Y53: 0 | Z53: 0 | AA53: 0 | AB53: 0 | AE53: 0
D54: Europe | G54: 0 | H54: 0 | I54: 0 | J54: 0 | K54: 0 | L54: 0 | M54: 0 | N54: 0 | O54: 0 | P54: 0 | Q54: 0 | R54: 0 | S54: 0 | T54: 0 | U54: 0 | V54: 0 | W54: 0 | X54: 0 | Y54: 0 | Z54: 0 | AA54: 0 | AB54: 0 | AE54: 0
D55: Rest of World | G55: 121 | H55: 112 | I55: 117 | J55: 121 | K55: 118 | L55: 114 | M55: 103 | N55: 106 | O55: 99 | P55: 105 | Q55: 102.4 | R55: 97.573656 | S55: 92.182 | T55: 91.252 | U55: 95.817 | V55: 82.603 | W55: 84.839 | X55: 87.331 | Y55: 85.941 | Z55: 85.194 | AA55: 86.952 | AB55: 88.038112 | AE55: 87.49783
G56: 121 | H56: 112 | I56: 117 | J56: 121 | K56: 118 | L56: 114 | M56: 103 | N56: 106 | O56: 99 | P56: 105 | Q56: 102.4 | R56: 97.573656 | S56: 92.182 | T56: 91.252 | U56: 95.817 | V56: 82.603 | W56: 84.839 | X56: 87.331 | Y56: 85.941 | Z56: 85.194 | AA56: 86.952 | AB56: 88.038112 | AE56: 87.49783
C58: Natural gas (mmcf/d)
D59: US | G59: 0 | H59: 0 | I59: 0 | J59: 0 | K59: 0 | L59: 0 | M59: 0 | N59: 0 | O59: 0 | P59: 0 | Q59: 0 | R59: 0 | S59: 0 | T59: 0 | U59: 0 | V59: 0 | W59: 0 | X59: 0 | Y59: 0 | Z59: 0 | AA59: 0 | AB59: 0 | AE59: 0
D60: Europe | G60: 0 | H60: 0 | I60: 0 | J60: 0 | K60: 0 | L60: 0 | M60: 0 | N60: 0 | O60: 0 | P60: 0 | Q60: 0 | R60: 0 | S60: 0 | T60: 0 | U60: 0 | V60: 0 | W60: 0 | X60: 0 | Y60: 0 | Z60: 0 | AA60: 0 | AB60: 0 | AE60: 0
D61: Rest of World | G61: 4897 | H61: 4709 | I61: 5011 | J61: 4844 | K61: 4866 | L61: 4962 | M61: 4641 | N61: 4875 | O61: 4637 | P61: 4778 | Q61: 4708.4 | R61: 4647.6968 | S61: 4626.908 | T61: 4401.731 | U61: 4595.726 | V61: 3949.67 | W61: 4042.874 | X61: 4167.211 | Y61: 4073.879 | Z61: 4059.047 | AA61: 4123.937 | AB61: 3927.6654 | AE61: 4025.2591
G62: 4897 | H62: 4709 | I62: 5011 | J62: 4844 | K62: 4866 | L62: 4962 | M62: 4641 | N62: 4875 | O62: 4637 | P62: 4778 | Q62: 4708.4 | R62: 4647.6968 | S62: 4626.908 | T62: 4401.731 | U62: 4595.726 | V62: 3949.67 | W62: 4042.874 | X62: 4167.211 | Y62: 4073.879 | Z62: 4059.047 | AA62: 4123.937 | AB62: 3927.6654 | AE62: 4025.2591
B63: Total hydrocarbons (mboe/d)
C64: US | G64: 0 | H64: 0 | I64: 0 | J64: 0 | K64: 0 | L64: 0 | M64: 0 | N64: 0 | O64: 0 | P64: 0 | Q64: 0 | R64: 0 | S64: 0 | T64: 0 | U64: 0 | V64: 0 | W64: 0 | X64: 0 | Y64: 0 | Z64: 0 | AA64: 0 | AB64: 0 | AE64: 0
C65: Europe | G65: 0 | H65: 0 | I65: 0 | J65: 0 | K65: 0 | L65: 0 | M65: 0 | N65: 0 | O65: 0 | P65: 0 | Q65: 0 | R65: 0 | S65: 0 | T65: 0 | U65: 0 | V65: 0 | W65: 0 | X65: 0 | Y65: 0 | Z65: 0 | AA65: 0 | AB65: 0 | AE65: 0
C66: Rest of World | G66: 966 | H66: 924 | I66: 981 | J66: 956 | K66: 957 | L66: 969 | M66: 903 | N66: 946 | O66: 899 | P66: 929 | Q66: 914.1 | R66: 898.90068 | S66: 889.925 | T66: 850.171 | U66: 888.184 | V66: 763.581 | W66: 781.886 | X66: 805.816 | Y66: 788.334 | Z66: 785.029 | AA66: 797.975 | AB66: 765.22181 | AE66: 781.50802
G67: 966 | H67: 924 | I67: 981 | J67: 956 | K67: 957 | L67: 969 | M67: 903 | N67: 946 | O67: 899 | P67: 929 | Q67: 914.1 | R67: 898.90068 | S67: 889.925 | T67: 850.171 | U67: 888.184 | V67: 763.581 | W67: 781.886 | X67: 805.816 | Y67: 788.334 | Z67: 785.029 | AA67: 797.975 | AB67: 765.22181 | AE67: 781.50802
B68: Average realizations
C69: Total liquids ($/bbl) | G69: 86.09 | H69: 105.5 | I69: 88.03 | J69: 80.5 | K69: 89.86 | L69: 79.44 | M69: 73.57 | N69: 76.69 | O69: 78.87 | P69: 77.03 | Q69: 76.92 | R69: 79.92 | S69: 74.8 | T69: 68.93 | U69: 75.37 | V69: 70.74 | W69: 64.15 | X69: 64.57 | Y69: 62.72 | Z69: 65.5 | AA69: 67.17 | AB69: 94.09 | AE69: 81.26
C70: Natural gas ($/mcf) | G70: 7.88 | H70: 8.42 | I70: 9.85 | J70: 9.4 | K70: 8.91 | L70: 7.41 | M70: 5.53 | N70: 5.38 | O70: 6.18 | P70: 6.13 | Q70: 5.45 | R70: 5.47 | S70: 5.8 | T70: 6.96 | U70: 5.9 | V70: 7.26 | W70: 6.5 | X70: 6.41 | Y70: 6.3 | Z70: 6.6 | AA70: 6.3 | AB70: 8.03 | AE70: 7.14
C71: Total hydrocarbons ($/boe) | G71: 50.91 | H71: 55.79 | I71: 60.8 | J71: 57.6 | K71: 56.34 | L71: 46.95 | M71: 36.96 | N71: 36.82 | O71: 40.17 | P71: 40.21 | Q71: 36.64 | R71: 36.85 | S71: 37.91 | T71: 43.21 | U71: 38.57 | V71: 45.38 | W71: 40.84 | X71: 40.3 | Y71: 39.18 | Z71: 41.34 | AA71: 40.08 | AB71: 52.82 | AE71: 46.33
B74: low carbon energy
B76: Low Carbon Energy | E76: =Footnotes!B52 -> d
C77: Installed renewables capacity bp net, GW | G77: 1.9 | H77: 2 | I77: 2 | J77: 2.2 | K77: 2.2 | L77: 2.2 | M77: 2.4 | N77: 2.5 | O77: 2.7 | P77: 2.7 | Q77: 2.7 | R77: 2.7 | S77: 2.8 | T77: 4 | U77: 4
C79: Developed renewables to FID bp net, GW | G79: 4.4 | H79: 4.4 | I79: 4.6 | J79: 5.8 | K79: 5.8 | L79: 5.9 | M79: 6.1 | N79: 6.1 | O79: 6.2 | P79: 6.2 | Q79: 6.2 | R79: 6.5 | S79: 6.6 | T79: 8.2 | U79: 8.2
C80: Renewables Pipeline bp net, GW | G80: 24.9 | H80: 25.8 | I80: 26.9 | J80: 37.2 | K80: 37.2 | L80: 38.8 | M80: 39.6 | N80: 43.9 | O80: 58.3 | P80: 58.3 | Q80: 58.5 | R80: 59 | S80: 46.8 | T80: 60.6 | U80: 60.6
C81: Of which by geographical area:
C82: Renewables Pipeline - Americas bp net, GW | G82: 16.3 | H82: 16.9 | I82: 17.5 | J82: 17 | K82: 17 | L82: 17.5 | M82: 17.8 | N82: 18.4 | O82: 18.8 | P82: 18.8 | Q82: 18.1 | R82: 18.4 | S82: 17.8 | T82: 21.2 | U82: 21.2
C83: Renewables Pipeline - Asia Pacific bp net, GW | E83: =Footnotes!B53 -> e | G83: 1.4 | H83: 1.4 | I83: 1.7 | J83: 11.8 | K83: 11.8 | L83: 12.2 | M83: 12.2 | N83: 12.1 | O83: 21.3 | P83: 21.3 | Q83: 21.3 | R83: 21.5 | S83: 12.9 | T83: 15.1 | U83: 15.1
C84: Renewables Pipeline - Europe bp net, GW | G84: 7 | H84: 7.2 | I84: 7.6 | J84: 8.3 | K84: 8.3 | L84: 8.9 | M84: 9.5 | N84: 13.4 | O84: 14.6 | P84: 14.6 | Q84: 15.7 | R84: 15.5 | S84: 15.4 | T84: 23.6 | U84: 23.6
C85: Renewables Pipeline - Other bp net, GW | G85: 0.2 | H85: 0.2 | I85: 0.1 | J85: 0.1 | K85: 0.1 | L85: 0.1 | M85: 0.1 | N85: 0 | O85: 3.5 | P85: 3.5 | Q85: 3.5 | R85: 3.5 | S85: 0.7 | T85: 0.7 | U85: 0.7
C86: Of which by technology:
C87: Renewables Pipeline - Offshore Wind bp net, GW | G87: 5.2 | H87: 5.2 | I87: 5.2 | J87: 5.2 | K87: 5.2 | L87: 5.3 | M87: 5.3 | N87: 9.3 | O87: 9.3 | P87: 9.3 | Q87: 9.6 | R87: 9.6 | S87: 9.6 | T87: 9.7 | U87: 9.7
C88: Renewables Pipeline - Onshore Wind bp net, GW | J88: 6.3 | K88: 6.3 | L88: 6.3 | M88: 6.3 | N88: 6.1 | O88: 12.7 | P88: 12.7 | Q88: 12.7 | R88: 12.7 | S88: 6.7 | T88: 6.6 | U88: 6.6
C89: Renewables Pipeline - Solar bp net, GW | G89: 19.7 | H89: 20.6 | I89: 21.7 | J89: 25.7 | K89: 25.7 | L89: 27.2 | M89: 28.1 | N89: 28.5 | O89: 36.3 | P89: 36.3 | Q89: 36.2 | R89: 36.7 | S89: 30.5 | T89: 44.3 | U89: 44.3
C91: Total Developed Renewables to FID and Renewables Pipeline bp net, GW | G91: 29.2 | H91: 30.1 | I91: 31.5 | J91: 43 | K91: 43 | L91: 44.7 | M91: 45.7 | N91: 50 | O91: 64.5 | P91: 64.5 | Q91: 64.7 | R91: 65.5 | S91: 53.4 | T91: 68.8 | U91: 68.8
C92: LNG Portfolio, Mtpa | K92: 19 | P92: 23 | U92: 23 | Z92: 27

Sheet Oil Production & Operations
B1: =Summary!$B$1 -> Financial and Operating Information 2022 - 2026
B2: oil production & operations | P2: Contents
B5: oil production & operations
AE6: $ million
E7: Footnotes | G7: Q1 | H7: Q2 | I7: Q3 | J7: Q4 | K7: 2022 | L7: Q1 | M7: Q2 | N7: Q3 | O7: Q4 | P7: 2023 | Q7: Q1 | R7: Q2 | S7: Q3 | T7: Q4 | U7: 2024 | V7: Q1 | W7: Q2 | X7: Q3 | Y7: Q4 | Z7: 2025 | AA7: Q1 | AB7: Q2 | AC7: Q3 | AD7: Q4 | AE7: 2026
B8: Profit (loss) before interest and tax | G8: 3832 | H8: 7230 | I8: 6966 | J8: 1686 | K8: 19714 | L8: 3318 | M8: 2568 | N8: 3426 | O8: 1879 | P8: 11191 | Q8: 3059 | R8: 3268 | S8: 1889 | T8: 2564 | U8: 10780 | V8: 2795 | W8: 1914 | X8: 2116 | Y8: 1735 | Z8: 8560 | AA8: 1662 | AB8: 3396 | AE8: 5058
B9: Inventory holding (gains) losses | G9: -1 | H9: 7 | I9: -1 | J9: 2 | K9: 7 | L9: -1 | M9: 0 | N9: 1 | O9: 0 | P9: 0 | Q9: 1 | R9: -1 | S9: 2 | T9: 7 | U9: 9 | V9: -7 | W9: 2 | X9: 3 | Y9: 0 | Z9: -2 | AA9: -7 | AB9: 1 | AE9: -6
B10: Replacement cost profit (loss) before interest and tax | G10: 3831 | H10: 7237 | I10: 6965 | J10: 1688 | K10: 19721 | L10: 3317 | M10: 2568 | N10: 3427 | O10: 1879 | P10: 11191 | Q10: 3060 | R10: 3267 | S10: 1891 | T10: 2571 | U10: 10789 | V10: 2788 | W10: 1916 | X10: 2119 | Y10: 1735 | Z10: 8558 | AA10: 1655 | AB10: 3397 | AE10: 5052
B11: Net (favourable) adverse impact of adjusting items | G11: 852 | H11: -1335 | I11: -1754 | J11: 2740 | K11: 503 | L11: 2 | M11: 209 | N11: -291 | O11: 1670 | P11: 1590 | Q11: 65 | R11: -173 | S11: 903 | T11: 353 | U11: 1148 | V11: 107 | W11: 346 | X11: 180 | Y11: 223 | Z11: 856 | AA11: 326 | AB11: 184 | AE11: 510
B12: Underlying replacement cost profit before interest and tax | G12: 4683 | H12: 5902 | I12: 5211 | J12: 4428 | K12: 20224 | L12: 3319 | M12: 2777 | N12: 3136 | O12: 3549 | P12: 12781 | Q12: 3125 | R12: 3094 | S12: 2794 | T12: 2924 | U12: 11937 | V12: 2895 | W12: 2262 | X12: 2299 | Y12: 1958 | Z12: 9414 | AA12: 1981 | AB12: 3581 | AE12: 5562
B13: Taxation on underlying replacement cost profit | G13: 1912 | H13: 2295 | I13: 2921 | J13: 2015 | K13: 9143 | L13: 1766 | M13: 1413 | N13: 1386 | O13: 1433 | P13: 5998 | Q13: 1509 | R13: 1171 | S13: 1259 | T13: 1226 | U13: 5165 | V13: 1375 | W13: 1062 | X13: 1054 | Y13: 918 | Z13: 4409 | AA13: 854 | AB13: 1659 | AE13: 2513
B14: Underlying replacement cost profit before interest | G14: 2771 | H14: 3607 | I14: 2290 | J14: 2413 | K14: 11081 | L14: 1553 | M14: 1364 | N14: 1750 | O14: 2116 | P14: 6783 | Q14: 1616 | R14: 1923 | S14: 1535 | T14: 1698 | U14: 6772 | V14: 1520 | W14: 1200 | X14: 1245 | Y14: 1040 | Z14: 5005 | AA14: 1127 | AB14: 1922 | AE14: 3049
B15: By region
C16: Underlying replacement cost profit (loss) before interest and tax
D17: US | G17: 1090 | H17: 1945 | I17: 1967 | J17: 1531 | K17: 6533 | L17: 995 | M17: 947 | N17: 1367 | O17: 1501 | P17: 4810 | Q17: 1262 | R17: 1319 | S17: 1072 | T17: 1201 | U17: 4854 | V17: 1254 | W17: 858 | X17: 936 | Y17: 816 | Z17: 3864 | AA17: 727 | AB17: 1818 | AE17: 2545
D18: Non-US | G18: 3593 | H18: 3957 | I18: 3244 | J18: 2897 | K18: 13691 | L18: 2324 | M18: 1830 | N18: 1769 | O18: 2048 | P18: 7971 | Q18: 1863 | R18: 1775 | S18: 1722 | T18: 1723 | U18: 7083 | V18: 1641 | W18: 1404 | X18: 1363 | Y18: 1142 | Z18: 5550 | AA18: 1254 | AB18: 1763 | AE18: 3017
G19: 4683 | H19: 5902 | I19: 5211 | J19: 4428 | K19: 20224 | L19: 3319 | M19: 2777 | N19: 3136 | O19: 3549 | P19: 12781 | Q19: 3125 | R19: 3094 | S19: 2794 | T19: 2924 | U19: 11937 | V19: 2895 | W19: 2262 | X19: 2299 | Y19: 1958 | Z19: 9414 | AA19: 1981 | AB19: 3581 | AE19: 5562
C20: Adjusting items
D21: US | G21: -166 | H21: 274 | I21: -85 | J21: -158 | K21: -135 | L21: 1 | M21: 39 | N21: -125 | O21: 631 | P21: 546 | Q21: 10 | R21: -165 | S21: 82 | T21: -338 | U21: -411 | V21: 18 | W21: -126 | X21: 103 | Y21: 44 | Z21: 39 | AA21: 93 | AB21: -2 | AE21: 91
D22: Non-US | G22: 1018 | H22: -1609 | I22: -1669 | J22: 2898 | K22: 638 | L22: 1 | M22: 170 | N22: -166 | O22: 1039 | P22: 1044 | Q22: 55 | R22: -8 | S22: 821 | T22: 691 | U22: 1559 | V22: 89 | W22: 472 | X22: 77 | Y22: 179 | Z22: 817 | AA22: 233 | AB22: 186 | AE22: 419
G23: 852 | H23: -1335 | I23: -1754 | J23: 2740 | K23: 503 | L23: 2 | M23: 209 | N23: -291 | O23: 1670 | P23: 1590 | Q23: 65 | R23: -173 | S23: 903 | T23: 353 | U23: 1148 | V23: 107 | W23: 346 | X23: 180 | Y23: 223 | Z23: 856 | AA23: 326 | AB23: 184 | AE23: 510
C24: Replacement cost profit (loss) before interest and tax
D25: US | G25: 1256 | H25: 1671 | I25: 2052 | J25: 1689 | K25: 6668 | L25: 994 | M25: 908 | N25: 1492 | O25: 870 | P25: 4264 | Q25: 1252 | R25: 1484 | S25: 990 | T25: 1539 | U25: 5265 | V25: 1236 | W25: 984 | X25: 833 | Y25: 772 | Z25: 3825 | AA25: 634 | AB25: 1820 | AE25: 2454
D26: Non-US | G26: 2575 | H26: 5566 | I26: 4913 | J26: -1 | K26: 13053 | L26: 2323 | M26: 1660 | N26: 1935 | O26: 1009 | P26: 6927 | Q26: 1808 | R26: 1783 | S26: 901 | T26: 1032 | U26: 5524 | V26: 1552 | W26: 932 | X26: 1286 | Y26: 963 | Z26: 4733 | AA26: 1021 | AB26: 1577 | AE26: 2598
G27: 3831 | H27: 7237 | I27: 6965 | J27: 1688 | K27: 19721 | L27: 3317 | M27: 2568 | N27: 3427 | O27: 1879 | P27: 11191 | Q27: 3060 | R27: 3267 | S27: 1891 | T27: 2571 | U27: 10789 | V27: 2788 | W27: 1916 | X27: 2119 | Y27: 1735 | Z27: 8558 | AA27: 1655 | AB27: 3397 | AE27: 5052
C29: Depreciation, depletion and amortization
D30: US | G30: 724 | H30: 787 | I30: 815 | J30: 815 | K30: 3141 | L30: 811 | M30: 830 | N30: 942 | O30: 971 | P30: 3554 | Q30: 992 | R30: 1127 | S30: 1156 | T30: 1146 | U30: 4421 | V30: 1162 | W30: 1321 | X30: 1314 | Y30: 1195 | Z30: 4992 | AA30: 1324 | AB30: 1174 | AE30: 2498
D31: Non-US | G31: 705 | H31: 584 | I31: 566 | J31: 568 | K31: 2423 | L31: 516 | M31: 540 | N31: 490 | O31: 592 | P31: 2138 | Q31: 665 | R31: 571 | S31: 552 | T31: 588 | U31: 2376 | V31: 625 | W31: 612 | X31: 647 | Y31: 843 | Z31: 2727 | AA31: 685 | AB31: 580 | AE31: 1265
G32: 1429 | H32: 1371 | I32: 1381 | J32: 1383 | K32: 5564 | L32: 1327 | M32: 1370 | N32: 1432 | O32: 1563 | P32: 5692 | Q32: 1657 | R32: 1698 | S32: 1708 | T32: 1734 | U32: 6797 | V32: 1787 | W32: 1933 | X32: 1961 | Y32: 2038 | Z32: 7719 | AA32: 2009 | AB32: 1754 | AE32: 3763
C33: Exploration expenditure written off
D34: US | G34: 4 | H34: 3 | I34: 22 | J34: 49 | K34: 78 | L34: 54 | M34: 150 | N34: 59 | O34: 14 | P34: 277 | Q34: 4 | R34: 100 | S34: 178 | T34: 73 | U34: 355 | V34: 53 | W34: 13 | X34: 126 | Y34: 5 | Z34: 197 | AA34: 2 | AB34: 8 | AE34: 10
D35: Non-US | G35: 47 | H35: 76 | I35: 158 | J35: 24 | K35: 305 | L35: -3 | M35: 92 | N35: 0 | O35: 18 | P35: 107 | Q35: -1 | R35: -1 | S35: 131 | T35: 60 | U35: 189 | V35: 0 | W35: 68 | X35: 28 | Y35: 20 | Z35: 116 | AA35: 0 | AB35: 470 | AE35: 470
G36: 51 | H36: 79 | I36: 180 | J36: 73 | K36: 383 | L36: 51 | M36: 242 | N36: 59 | O36: 32 | P36: 384 | Q36: 3 | R36: 99 | S36: 309 | T36: 133 | U36: 544 | V36: 53 | W36: 81 | X36: 154 | Y36: 25 | Z36: 313 | AA36: 2 | AB36: 478 | AE36: 480
C37: Adjusted EBITDA
D38: US | G38: 1818 | H38: 2735 | I38: 2804 | J38: 2395 | K38: 9752 | L38: 1860 | M38: 1927 | N38: 2368 | O38: 2486 | P38: 8641 | Q38: 2258 | R38: 2546 | S38: 2406 | T38: 2420 | U38: 9630 | V38: 2469 | W38: 2192 | X38: 2376 | Y38: 2016 | Z38: 9053 | AA38: =IF(AND(AA17="",AA30="",AA34=""),"",AA17+AA30+AA34) -> 2053 | AB38: =IF(AND(AB17="",AB30="",AB34=""),"",AB17+AB30+AB34) -> 3000 | AC38: =IF(AND(AC17="",AC30="",AC34=""),"",AC17+AC30+AC34) | AD38: =IF(AND(AD17="",AD30="",AD34=""),"",AD17+AD30+AD34) | AE38: =IF(AND(AE17="",AE30="",AE34=""),"",AE17+AE30+AE34) -> 5053
D39: Non-US | G39: 4345 | H39: 4617 | I39: 3968 | J39: 3489 | K39: 16419 | L39: 2837 | M39: 2462 | N39: 2259 | O39: 2658 | P39: 10216 | Q39: 2527 | R39: 2345 | S39: 2405 | T39: 2371 | U39: 9648 | V39: 2266 | W39: 2084 | X39: 2038 | Y39: 2005 | Z39: 8393 | AA39: =IF(AND(AA18="",AA31="",AA35=""),"",AA18+AA31+AA35) -> 1939 | AB39: =IF(AND(AB18="",AB31="",AB35=""),"",AB18+AB31+AB35) -> 2813 | AC39: =IF(AND(AC18="",AC31="",AC35=""),"",AC18+AC31+AC35) | AD39: =IF(AND(AD18="",AD31="",AD35=""),"",AD18+AD31+AD35) | AE39: =IF(AND(AE18="",AE31="",AE35=""),"",AE18+AE31+AE35) -> 4752
G40: 6163 | H40: 7352 | I40: 6772 | J40: 5884 | K40: 26171 | L40: 4697 | M40: 4389 | N40: 4627 | O40: 5144 | P40: 18857 | Q40: 4785 | R40: 4891 | S40: 4811 | T40: 4791 | U40: 19278 | V40: 4735 | W40: 4276 | X40: 4414 | Y40: 4021 | Z40: 17446 | AA40: =IF(AND(AA19="",AA32="",AA36=""),"",AA19+AA32+AA36) -> 3992 | AB40: =IF(AND(AB19="",AB32="",AB36=""),"",AB19+AB32+AB36) -> 5813 | AC40: =IF(AND(AC19="",AC32="",AC36=""),"",AC19+AC32+AC36) | AD40: =IF(AND(AD19="",AD32="",AD36=""),"",AD19+AD32+AD36) | AE40: =IF(AND(AE19="",AE32="",AE36=""),"",AE19+AE32+AE36) -> 9805
C41: Total Capital expenditure
D42: US | G42: 678 | H42: 869 | I42: 1014 | J42: 1024 | K42: 3585 | L42: 1013 | M42: 1100 | N42: 1187 | O42: 1176 | P42: 4476 | Q42: 1197 | R42: 1144 | S42: 935 | T42: 974 | U42: 4250 | V42: 1070 | W42: 1157 | X42: 1184 | Y42: 1127 | Z42: 4538 | AA42: 1363 | AB42: 1208 | AE42: 2571
D43: Non-US | G43: 576 | H43: 339 | I43: 372 | J43: 406 | K43: 1693 | L43: 507 | M43: 378 | N43: 457 | O43: 460 | P43: 1802 | Q43: 579 | R43: 390 | S43: 475 | T43: 504 | U43: 1948 | V43: 626 | W43: 549 | X43: 538 | Y43: 509 | Z43: 2222 | AA43: 528 | AB43: 525 | AE43: 1053
G44: 1254 | H44: 1208 | I44: 1386 | J44: 1430 | K44: 5278 | L44: 1520 | M44: 1478 | N44: 1644 | O44: 1636 | P44: 6278 | Q44: 1776 | R44: 1534 | S44: 1410 | T44: 1478 | U44: 6198 | V44: 1696 | W44: 1706 | X44: 1722 | Y44: 1636 | Z44: 6760 | AA44: 1891 | AB44: 1733 | AE44: 3624
B45: Production (net of royalties)
C46: Liquids (mb/d)
D47: US | G47: 346 | H47: 366 | I47: 378 | J47: 395 | K47: 371 | L47: 405 | M47: 402 | N47: 444 | O47: 440 | P47: 423 | Q47: 459 | R47: 492.57061 | S47: 495.593 | T47: 485.1 | U47: 482.992 | V47: 491.118 | W47: 522.021 | X47: 526.649 | Y47: 500.264 | Z47: 510.084 | AA47: 527.869 | AB47: 488.19261 | AE47: 507.9211
D48: Europe | G48: 139 | H48: 127 | I48: 131 | J48: 140 | K48: 134 | L48: 148 | M48: 149 | N48: 124 | O48: 143 | P48: 141 | Q48: 136 | R48: 135.55948 | S48: 121.971 | T48: 140.441 | U48: 133.511 | V48: 147.862 | W48: 139.197 | X48: 122.248 | Y48: 148.12 | Z48: 139.31 | AA48: 136.589 | AB48: 111.04409 | AE48: 123.74599
D49: Rest of World | G49: 463 | H49: 442 | I49: 450 | J49: 431 | K49: 446 | L49: 452 | M49: 449 | N49: 443 | O49: 440 | P49: 446 | Q49: 461 | R49: 457.16695 | S49: 465.948 | T49: 431.697 | U49: 453.974 | V49: 446.921 | W49: 453.886 | X49: 472.039 | Y49: 486.024 | Z49: 464.845 | AA49: 461.365 | AB49: 397.85462 | AE49: 429.43452
E50: =Footnotes!B54 -> a | G50: 948 | H50: 935 | I50: 959 | J50: 966 | K50: 952 | L50: 1005 | M50: 1000 | N50: 1011 | O50: 1024 | P50: 1010 | Q50: 1056 | R50: 1085.297 | S50: 1083.512 | T50: 1057.238 | U50: 1070.478 | V50: 1085.901 | W50: 1115.104 | X50: 1120.936 | Y50: 1134.408 | Z50: 1114.239 | AA50: 1125.823 | AB50: 997.09133 | AE50: 1061.1016
C52: Natural gas (mmcf/d)
D53: US | G53: 1231 | H53: 1279 | I53: 1361 | J53: 1292 | K53: 1292 | L53: 1356 | M53: 1448 | N53: 1475 | O53: 1663 | P53: 1486 | Q53: 1742 | R53: 1683.7274 | S53: 1720.048 | T53: 1614.241 | U53: 1689.949 | V53: 1605.639 | W53: 1690.136 | X53: 1853.578 | Y53: 1849.079 | Z53: 1750.56 | AA53: 1920.53 | AB53: 2035.0034 | AE53: 1978.0831
D54: Europe | G54: 349 | H54: 340 | I54: 328 | J54: 332 | K54: 337 | L54: 333 | M54: 321 | N54: 283 | O54: 286 | P54: 306 | Q54: 279 | R54: 221.84485 | S54: 227.482 | T54: 281.131 | U54: 252.41 | V54: 274.623 | W54: 257.14 | X54: 245.614 | Y54: 253.529 | Z54: 257.636 | AA54: 125.501 | AB54: 109.42184 | AE54: 117.41703
D55: Rest of World | G55: 384 | H55: 344 | I55: 387 | J55: 365 | K55: 370 | L55: 371 | M55: 371 | N55: 397 | O55: 355 | P55: 373 | Q55: 343 | R55: 386.89477 | S55: 400.34 | T55: 374.038 | U55: 376.073 | V55: 377.412 | W55: 390.261 | X55: 425.392 | Y55: 339.288 | Z55: 383.1 | AA55: 361.132 | AB55: 398.88289 | AE55: 380.11155
E56: =Footnotes!B54 -> a | G56: 1964 | H56: 1964 | I56: 2075 | J56: 1989 | K56: 1998 | L56: 2060 | M56: 2140 | N56: 2155 | O56: 2305 | P56: 2165 | Q56: 2364 | R56: 2292.467 | S56: 2347.87 | T56: 2269.41 | U56: 2318.432 | V56: 2257.674 | W56: 2337.538 | X56: 2524.584 | Y56: 2441.897 | Z56: 2391.295 | AA56: 2407.163 | AB56: 2543.3082 | AE56: 2475.6116
B57: Total hydrocarbons (mboe/d)
C58: US | G58: 558 | H58: 587 | I58: 613 | J58: 618 | K58: 594 | L58: 639 | M58: 652 | N58: 698 | O58: 727 | P58: 679 | Q58: 759 | R58: 782.86844 | S58: 792.153 | T58: 763.418 | U58: 774.363 | V58: 767.952 | W58: 813.424 | X58: 846.232 | Y58: 819.071 | Z58: 811.905 | AA58: 858.995 | AB58: 839.05527 | AE58: 848.9699
C59: Europe | G59: 199 | H59: 185 | I59: 188 | J59: 197 | K59: 192 | L59: 206 | M59: 204 | N59: 173 | O59: 193 | P59: 194 | Q59: 184 | R59: 173.80859 | S59: 161.192 | T59: 188.912 | U59: 177.03 | V59: 195.211 | W59: 183.531 | X59: 164.595 | Y59: 191.832 | Z59: 183.73 | AA59: 158.227 | AB59: 129.90993 | AE59: 143.99031
C60: Rest of World | G60: 529 | H60: 502 | I60: 517 | J60: 494 | K60: 510 | L60: 516 | M60: 513 | N60: 512 | O60: 501 | P60: 510 | Q60: 520 | R60: 523.87294 | S60: 534.972 | T60: 496.186 | U60: 518.814 | V60: 511.992 | W60: 521.173 | X60: 545.382 | Y60: 544.522 | Z60: 530.896 | AA60: 523.629 | AB60: 466.62753 | AE60: 494.971
E61: =Footnotes!B54 -> a | G61: 1286 | H61: 1274 | I61: 1317 | J61: 1309 | K61: 1297 | L61: 1360 | M61: 1369 | N61: 1382 | O61: 1421 | P61: 1383 | Q61: 1463 | R61: 1480.55 | S61: 1488.317 | T61: 1448.515 | U61: 1470.207 | V61: 1475.156 | W61: 1518.128 | X61: 1556.209 | Y61: 1555.424 | Z61: 1526.531 | AA61: 1540.851 | AB61: 1435.5927 | AE61: 1487.9312
B62: Average realizations
C63: Total liquids ($/bbl) | G63: 83.47 | H63: 100.34 | I63: 93.14 | J63: 80.43 | K63: 89.62 | L63: 71.63 | M63: 69.19 | N63: 71.1 | O63: 76.22 | P63: 72.09 | Q63: 70.53 | R63: 73.01 | S63: 70.22 | T63: 65.56 | U63: 69.85 | V63: 67.5 | W63: 59.74 | X63: 59.58 | Y63: 56.09 | Z63: 60.64 | AA63: 59.75 | AB63: 84.1 | AE63: 71.67
C64: Natural gas ($/mcf) | E64: =Footnotes!B55 -> b | G64: 9.55 | H64: 9.83 | I64: 12.12 | J64: 10.2 | K64: 10.46 | L64: 6.57 | M64: 3.23 | N64: 3.44 | O64: 3.65 | P64: 4.17 | Q64: 2.66 | R64: 2.02 | S64: 2.25 | T64: 3.29 | U64: 2.55 | V64: 4.74 | W64: 3.66 | X64: 3.32 | Y64: 3.19 | Z64: 3.69 | AA64: 3.57 | AB64: 2.16 | AE64: 2.85
C65: Total hydrocarbons ($/boe) | E65: =Footnotes!B55 -> b | G65: 76.85 | H65: 90.03 | I65: 86.83 | J65: 74.6 | K65: 82.23 | L65: 62.36 | M65: 54.57 | N65: 56.76 | O65: 59.69 | P65: 58.34 | Q65: 54.11 | R65: 55.78 | S65: 53.65 | T65: 52.28 | U65: 53.96 | V65: 56.45 | W65: 49.03 | X65: 47.89 | Y65: 44.98 | Z65: 49.45 | AA65: 48.51 | AB65: 62.18 | AE65: 55.29

Sheet Customers & Products
B1: =Summary!$B$1 -> Financial and Operating Information 2022 - 2026
B2: customers & products | P2: Contents
B5: customers & products
AE7: $ million
E8: Footnotes | G8: Q1 | H8: Q2 | I8: Q3 | J8: Q4 | K8: 2022 | L8: Q1 | M8: Q2 | N8: Q3 | O8: Q4 | P8: 2023 | Q8: Q1 | R8: Q2 | S8: Q3 | T8: Q4 | U8: 2024 | V8: Q1 | W8: Q2 | X8: Q3 | Y8: Q4 | Z8: 2025 | AA8: Q1 | AB8: Q2 | AC8: Q3 | AD8: Q4 | AE8: 2026
B9: Profit (loss) before interest and tax | E9: =Footnotes!B56 -> a | G9: 5456 | H9: 5693 | I9: -269 | J9: -645 | K9: 10235 | L9: 2078 | M9: -177 | N9: 3143 | O9: -2051 | P9: 2993 | Q9: 1840 | R9: -270 | S9: -1157 | T9: -1935 | U9: -1522 | V9: 255 | W9: 420 | X9: 1531 | Y9: 541 | Z9: 2747 | AA9: 6604 | AB9: 4231 | AE9: 10835
B10: Inventory holding (gains) losses | G10: -3475 | H10: -2162 | I10: 2855 | J10: 1416 | K10: -1366 | L10: 602 | M10: 732 | N10: -1594 | O10: 1497 | P10: 1237 | Q10: -852 | R10: 137 | S10: 1180 | T10: 14 | U10: 479 | V10: -152 | W10: 552 | X10: 79 | Y10: 874 | Z10: 1353 | AA10: -4152 | AB10: 869 | AE10: -3283
B11: Replacement cost profit (loss) before interest and tax | E11: =Footnotes!B56 -> a | G11: 1981 | H11: 3531 | I11: 2586 | J11: 771 | K11: 8869 | L11: 2680 | M11: 555 | N11: 1549 | O11: -554 | P11: 4230 | Q11: 988 | R11: -133 | S11: 23 | T11: -1921 | U11: -1043 | V11: 103 | W11: 972 | X11: 1610 | Y11: 1415 | Z11: 4100 | AA11: 2452 | AB11: 5100 | AE11: 7552
B12: Net (favourable) adverse impact of adjusting items | E12: =Footnotes!B56 -> a | G12: 175 | H12: 475 | I12: 139 | J12: 1131 | K12: 1920 | L12: 79 | M12: 241 | N12: 506 | O12: 1357 | P12: 2183 | Q12: 301 | R12: 1282 | S12: 358 | T12: 1619 | U12: 3560 | V12: 574 | W12: 561 | X12: 106 | Y12: -69 | Z12: 1172 | AA12: 751 | AB12: -146 | AE12: 605
B13: Underlying replacement cost profit before interest and tax | G13: 2156 | H13: 4006 | I13: 2725 | J13: 1902 | K13: 10789 | L13: 2759 | M13: 796 | N13: 2055 | O13: 803 | P13: 6413 | Q13: 1289 | R13: 1149 | S13: 381 | T13: -302 | U13: 2517 | V13: 677 | W13: 1533 | X13: 1716 | Y13: 1346 | Z13: 5272 | AA13: 3203 | AB13: 4954 | AE13: 8157
B14: Taxation on underlying replacement cost profit | G14: 400 | H14: 783 | I14: 725 | J14: 400 | K14: 2308 | L14: 777 | M14: 271 | N14: 167 | O14: 239 | P14: 1454 | Q14: 333 | R14: 125 | S14: 67 | T14: -73 | U14: 452 | V14: 76 | W14: 251 | X14: 360 | Y14: 379 | Z14: 1066 | AA14: 646 | AB14: 1034 | AE14: 1680
